Workbook
Name 账户内互转和还款项目: #REF!
Name 账户内互转和还款项目: '2月'!#REF!
Name 账户内互转和还款项目: '1月'!#REF!
Name 账户内互转和还款项目: '3月'!#REF!
Name 账户内互转和还款项目: '4月'!#REF!
Name 账户内互转和还款项目: '12月'!#REF!
Name 账户内互转和还款项目: '11月'!#REF!
Name 账户内互转和还款项目: '10月'!#REF!
Name 账户内互转和还款项目: '8月'!#REF!
Name 账户内互转和还款项目: '9月'!#REF!
Name 账户内互转和还款项目: '7月'!#REF!
Name 账户内互转和还款项目: '6月'!#REF!
Name 账户内互转和还款项目: '5月'!#REF!

Sheet 年度数据总览
B2: 年度数据总览
B4: 点击进入宝藏！
B5: 优昙钵の记账本
B8: 今天是 | C8: =TEXT(TODAY(),"yyyy年m月") -> 2026年10月
B10: =DAY(TODAY()) -> 25
B13: 距离 | C13: =TEXT(TODAY(),"yyyy年") -> 2026年 | D13: 结束
B15: ="还有"&DATEDIF(TODAY(),DATE((YEAR(TODAY())),12,31),"d")&"天" -> 还有67天 | F15: 每月收支关键数据汇总
F17: 分类 | G17: 1月 | H17: 2月 | I17: 3月 | J17: 4月 | K17: 5月 | L17: 6月 | M17: 7月 | N17: 8月 | O17: 9月 | P17: 10月 | Q17: 11月 | R17: 12月 | S17: 汇总
B18: 各月账单 | F18: 最大一笔收入细项 | G18: =IFERROR('1月'!$G$10,"") -> 工作薪资 | H18: =IFERROR('2月'!$G$10,"") -> 待填入 | I18: =IFERROR('3月'!$G$10,"") -> 待填入 | J18: =IFERROR('4月'!$G$10,"") -> 待填入 | K18: =IFERROR('5月'!$G$10,"") -> 待填入 | L18: =IFERROR('6月'!$G$10,"") -> 待填入 | M18: =IFERROR('7月'!$G$10,"") -> 待填入 | N18: =IFERROR('8月'!$G$10,"") -> 待填入 | O18: =IFERROR('9月'!$G$10,"") -> 待填入 | P18: =IFERROR('10月'!$G$10,"") -> 待填入 | Q18: =IFERROR('11月'!$G$10,"") -> 待填入 | R18: =IFERROR('12月'!$G$10,"") -> 待填入
F19: 最大一笔收入金额 | G19: =IFERROR('1月'!$H$10,"") -> 2000 | H19: =IFERROR('2月'!$H$10,"") -> 0 | I19: =IFERROR('3月'!$H$10,"") -> 0 | J19: =IFERROR('4月'!$H$10,"") -> 0 | K19: =IFERROR('5月'!$H$10,"") -> 0 | L19: =IFERROR('6月'!$H$10,"") -> 0 | M19: =IFERROR('7月'!$H$10,"") -> 0 | N19: =IFERROR('8月'!$H$10,"") -> 0 | O19: =IFERROR('9月'!$H$10,"") -> 0 | P19: =IFERROR('10月'!$H$10,"") -> 0 | Q19: =IFERROR('11月'!$H$10,"") -> 0 | R19: =IFERROR('12月'!$H$10,"") -> 0
F20: 最大一笔收入日期 | G20: =IFERROR('1月'!$J$10,"") -> 2 | H20: =IFERROR('2月'!$J$10,"") -> 待填入 | I20: =IFERROR('3月'!$J$10,"") -> 待填入 | J20: =IFERROR('4月'!$J$10,"") -> 待填入 | K20: =IFERROR('5月'!$J$10,"") -> 待填入 | L20: =IFERROR('6月'!$J$10,"") -> 待填入 | M20: =IFERROR('7月'!$J$10,"") -> 待填入 | N20: =IFERROR('8月'!$J$10,"") -> 待填入 | O20: =IFERROR('9月'!$J$10,"") -> 待填入 | P20: =IFERROR('10月'!$J$10,"") -> 待填入 | Q20: =IFERROR('11月'!$J$10,"") -> 待填入 | R20: =IFERROR('12月'!$J$10,"") -> 待填入
F21: 最大一笔支出细项 | G21: =IFERROR('1月'!$K$10,"") -> 影音会员 | H21: =IFERROR('2月'!$K$10,"") -> 待填入 | I21: =IFERROR('3月'!$K$10,"") -> 待填入 | J21: =IFERROR('4月'!$K$10,"") -> 待填入 | K21: =IFERROR('5月'!$K$10,"") -> 待填入 | L21: =IFERROR('6月'!$K$10,"") -> 待填入 | M21: =IFERROR('7月'!$K$10,"") -> 待填入 | N21: =IFERROR('8月'!$K$10,"") -> 待填入 | O21: =IFERROR('9月'!$K$10,"") -> 待填入 | P21: =IFERROR('10月'!$K$10,"") -> 待填入 | Q21: =IFERROR('11月'!$K$10,"") -> 待填入 | R21: =IFERROR('12月'!$K$10,"") -> 待填入
F22: 最大一笔支出金额 | G22: =IFERROR('1月'!$M$10,"") -> 600 | H22: =IFERROR('2月'!$M$10,"") -> 0 | I22: =IFERROR('3月'!$M$10,"") -> 0 | J22: =IFERROR('4月'!$M$10,"") -> 0 | K22: =IFERROR('5月'!$M$10,"") -> 0 | L22: =IFERROR('6月'!$M$10,"") -> 0 | M22: =IFERROR('7月'!$M$10,"") -> 0 | N22: =IFERROR('8月'!$M$10,"") -> 0 | O22: =IFERROR('9月'!$M$10,"") -> 0 | P22: =IFERROR('10月'!$M$10,"") -> 0 | Q22: =IFERROR('11月'!$M$10,"") -> 0 | R22: =IFERROR('12月'!$M$10,"") -> 0
F23: 最大一笔支出日期 | G23: =IFERROR('1月'!$O$10,"") -> 5 | H23: =IFERROR('2月'!$O$10,"") -> 待填入 | I23: =IFERROR('3月'!$O$10,"") -> 待填入 | J23: =IFERROR('4月'!$O$10,"") -> 待填入 | K23: =IFERROR('5月'!$O$10,"") -> 待填入 | L23: =IFERROR('6月'!$O$10,"") -> 待填入 | M23: =IFERROR('7月'!$O$10,"") -> 待填入 | N23: =IFERROR('8月'!$O$10,"") -> 待填入 | O23: =IFERROR('9月'!$O$10,"") -> 待填入 | P23: =IFERROR('10月'!$O$10,"") -> 待填入 | Q23: =IFERROR('11月'!$O$10,"") -> 待填入 | R23: =IFERROR('12月'!$O$10,"") -> 待填入
F24: 每月总支出 | G24: =IFERROR('1月'!$I$6,"") -> 2000 | H24: =IFERROR('2月'!$I$6,"") -> 0 | I24: =IFERROR('3月'!$I$6,"") -> 0 | J24: =IFERROR('4月'!$I$6,"") -> 0 | K24: =IFERROR('5月'!$I$6,"") -> 0 | L24: =IFERROR('6月'!$I$6,"") -> 0 | M24: =IFERROR('7月'!$I$6,"") -> 0 | N24: =IFERROR('8月'!$I$6,"") -> 0 | O24: =IFERROR('9月'!$I$6,"") -> 0 | P24: =IFERROR('10月'!$I$6,"") -> 0 | Q24: =IFERROR('11月'!$I$6,"") -> 0 | R24: =IFERROR('12月'!$I$6,"") -> 0 | S24: =SUM(G24:R24) -> 2000
F25: 每月总收入 | G25: =IFERROR('1月'!$G$6,"") -> 3000 | H25: =IFERROR('2月'!$G$6,"") -> 0 | I25: =IFERROR('3月'!$G$6,"") -> 0 | J25: =IFERROR('4月'!$G$6,"") -> 0 | K25: =IFERROR('5月'!$G$6,"") -> 0 | L25: =IFERROR('6月'!$G$6,"") -> 0 | M25: =IFERROR('7月'!$G$6,"") -> 0 | N25: =IFERROR('8月'!$G$6,"") -> 0 | O25: =IFERROR('9月'!$G$6,"") -> 0 | P25: =IFERROR('10月'!$G$6,"") -> 0 | Q25: =IFERROR('11月'!$G$6,"") -> 0 | R25: =IFERROR('12月'!$G$6,"") -> 0 | S25: =SUM(G25:R25) -> 3000
F26: 每月结余 | G26: =IFERROR('1月'!$K$6,"") -> 1000 | H26: =IFERROR('2月'!$K$6,"") -> 0 | I26: =IFERROR('3月'!$K$6,"") -> 0 | J26: =IFERROR('4月'!$K$6,"") -> 0 | K26: =IFERROR('5月'!$K$6,"") -> 0 | L26: =IFERROR('6月'!$K$6,"") -> 0 | M26: =IFERROR('7月'!$K$6,"") -> 0 | N26: =IFERROR('8月'!$K$6,"") -> 0 | O26: =IFERROR('9月'!$K$6,"") -> 0 | P26: =IFERROR('10月'!$K$6,"") -> 0 | Q26: =IFERROR('11月'!$K$6,"") -> 0 | R26: =IFERROR('12月'!$K$6,"") -> 0 | S26: =SUM(G26:R26) -> 1000
F27: 月末余额 | G27: =IFERROR('1月'!$M$6,"") -> 16000 | H27: =IFERROR('2月'!$M$6,"") -> 16000 | I27: =IFERROR('3月'!$M$6,"") -> 16000 | J27: =IFERROR('4月'!$M$6,"") -> 16000 | K27: =IFERROR('5月'!$M$6,"") -> 16000 | L27: =IFERROR('6月'!$M$6,"") -> 16000 | M27: =IFERROR('7月'!$M$6,"") -> 16000 | N27: =IFERROR('8月'!$M$6,"") -> 16000 | O27: =IFERROR('9月'!$M$6,"") -> 16000 | P27: =IFERROR('10月'!$M$6,"") -> 16000 | Q27: =IFERROR('11月'!$M$6,"") -> 16000 | R27: =IFERROR('12月'!$M$6,"") -> 16000
B29: 初始余额盘点 | H29: 收入分类 | N29: 支出分类
H32: 收入大类 | I32: 总金额 | J32: 收入细项 | K32: 总金额2 | N32: 支出大类 | O32: 总金额 | P32: 支出细项 | Q32: 总金额
B33: 具体账户 | C33: 账户分类 | D33: 初始金额 | E33: 记录日期 | H33: 固定收入 | I33: =SUM('1月'!H107,'2月'!H107,'3月'!H107,'4月'!H107,'5月'!H107,'6月'!H107,'7月'!H107,'8月'!H107,'9月'!H107,'10月'!H107,'11月'!H107,'12月'!H107,) -> 2000 | J33: 副业 | K33: =SUM('1月'!J107,'2月'!J107,'3月'!J107,'4月'!J107,'5月'!J107,'6月'!J107,'7月'!J107,'8月'!J107,'9月'!J107,'10月'!J107,'11月'!J107,'12月'!J107,) -> 1000 | N33: 食 | O33: =SUM('1月'!M107,'2月'!M107,'3月'!M107,'4月'!M107,'5月'!M107,'6月'!M107,'7月'!M107,'8月'!M107,'9月'!M107,'10月'!M107,'11月'!M107,'12月'!M107) -> 500 | P33: 买菜 | Q33: =SUM('1月'!O107,'2月'!O107,'3月'!O107,'4月'!O107,'5月'!O107,'6月'!O107,'7月'!O107,'8月'!O107,'9月'!O107,'10月'!O107,'11月'!O107,'12月'!O107) -> 0
B34: 余额宝 | C34: 活期 | D34: 1000 | E34: 46218 | H34: 其它收入 | I34: =SUM('1月'!H108,'2月'!H108,'3月'!H108,'4月'!H108,'5月'!H108,'6月'!H108,'7月'!H108,'8月'!H108,'9月'!H108,'10月'!H108,'11月'!H108,'12月'!H108,) -> 1000 | J34: 工作薪资 | K34: =SUM('1月'!J108,'2月'!J108,'3月'!J108,'4月'!J108,'5月'!J108,'6月'!J108,'7月'!J108,'8月'!J108,'9月'!J108,'10月'!J108,'11月'!J108,'12月'!J108,) -> 2000 | N34: 衣 | O34: =SUM('1月'!M108,'2月'!M108,'3月'!M108,'4月'!M108,'5月'!M108,'6月'!M108,'7月'!M108,'8月'!M108,'9月'!M108,'10月'!M108,'11月'!M108,'12月'!M108) -> 400 | P34: 外食 | Q34: =SUM('1月'!O108,'2月'!O108,'3月'!O108,'4月'!O108,'5月'!O108,'6月'!O108,'7月'!O108,'8月'!O108,'9月'!O108,'10月'!O108,'11月'!O108,'12月'!O108) -> 0
B35: 微信 | C35: 活期 | D35: 2000 | E35: 46218 | H35: 借款归还 | I35: =SUM('1月'!H109,'2月'!H109,'3月'!H109,'4月'!H109,'5月'!H109,'6月'!H109,'7月'!H109,'8月'!H109,'9月'!H109,'10月'!H109,'11月'!H109,'12月'!H109,) -> 0 | J35: 红包 | K35: =SUM('1月'!J109,'2月'!J109,'3月'!J109,'4月'!J109,'5月'!J109,'6月'!J109,'7月'!J109,'8月'!J109,'9月'!J109,'10月'!J109,'11月'!J109,'12月'!J109,) -> 0 | N35: 住 | O35: =SUM('1月'!M109,'2月'!M109,'3月'!M109,'4月'!M109,'5月'!M109,'6月'!M109,'7月'!M109,'8月'!M109,'9月'!M109,'10月'!M109,'11月'!M109,'12月'!M109) -> 0 | P35: 零食饮品 | Q35: =SUM('1月'!O109,'2月'!O109,'3月'!O109,'4月'!O109,'5月'!O109,'6月'!O109,'7月'!O109,'8月'!O109,'9月'!O109,'10月'!O109,'11月'!O109,'12月'!O109) -> 500
B36: 现金 | C36: 活期 | D36: 3000 | E36: 46218 | I36: =SUM('1月'!H110,'2月'!H110,'3月'!H110,'4月'!H110,'5月'!H110,'6月'!H110,'7月'!H110,'8月'!H110,'9月'!H110,'10月'!H110,'11月'!H110,'12月'!H110,) -> 0 | J36: 退费 | K36: =SUM('1月'!J110,'2月'!J110,'3月'!J110,'4月'!J110,'5月'!J110,'6月'!J110,'7月'!J110,'8月'!J110,'9月'!J110,'10月'!J110,'11月'!J110,'12月'!J110,) -> 0 | N36: 行 | O36: =SUM('1月'!M110,'2月'!M110,'3月'!M110,'4月'!M110,'5月'!M110,'6月'!M110,'7月'!M110,'8月'!M110,'9月'!M110,'10月'!M110,'11月'!M110,'12月'!M110) -> 300 | P36: 服饰鞋包 | Q36: =SUM('1月'!O110,'2月'!O110,'3月'!O110,'4月'!O110,'5月'!O110,'6月'!O110,'7月'!O110,'8月'!O110,'9月'!O110,'10月'!O110,'11月'!O110,'12月'!O110) -> 0
B37: XX未还债务 | C37: 待回收款项 | D37: 4000 | E37: 46218 | I37: =SUM('1月'!H111,'2月'!H111,'3月'!H111,'4月'!H111,'5月'!H111,'6月'!H111,'7月'!H111,'8月'!H111,'9月'!H111,'10月'!H111,'11月'!H111,'12月'!H111,) -> 0 | J37: 报销 | K37: =SUM('1月'!J111,'2月'!J111,'3月'!J111,'4月'!J111,'5月'!J111,'6月'!J111,'7月'!J111,'8月'!J111,'9月'!J111,'10月'!J111,'11月'!J111,'12月'!J111,) -> 0 | N37: 娱与学 | O37: =SUM('1月'!M111,'2月'!M111,'3月'!M111,'4月'!M111,'5月'!M111,'6月'!M111,'7月'!M111,'8月'!M111,'9月'!M111,'10月'!M111,'11月'!M111,'12月'!M111) -> 600 | P37: 个护美容 | Q37: =SUM('1月'!O111,'2月'!O111,'3月'!O111,'4月'!O111,'5月'!O111,'6月'!O111,'7月'!O111,'8月'!O111,'9月'!O111,'10月'!O111,'11月'!O111,'12月'!O111) -> 0
B38: 中国银行 | C38: 储蓄 | D38: 5000 | E38: 46218 | I38: =SUM('1月'!H112,'2月'!H112,'3月'!H112,'4月'!H112,'5月'!H112,'6月'!H112,'7月'!H112,'8月'!H112,'9月'!H112,'10月'!H112,'11月'!H112,'12月'!H112,) -> 0 | K38: =SUM('1月'!J112,'2月'!J112,'3月'!J112,'4月'!J112,'5月'!J112,'6月'!J112,'7月'!J112,'8月'!J112,'9月'!J112,'10月'!J112,'11月'!J112,'12月'!J112,) -> 0 | N38: 情感社交 | O38: =SUM('1月'!M112,'2月'!M112,'3月'!M112,'4月'!M112,'5月'!M112,'6月'!M112,'7月'!M112,'8月'!M112,'9月'!M112,'10月'!M112,'11月'!M112,'12月'!M112) -> 200 | P38: 房租/房贷 | Q38: =SUM('1月'!O112,'2月'!O112,'3月'!O112,'4月'!O112,'5月'!O112,'6月'!O112,'7月'!O112,'8月'!O112,'9月'!O112,'10月'!O112,'11月'!O112,'12月'!O112) -> 0
B39: 花呗负债 | C39: 负债 | D39: 0 | E39: 46218 | I39: =SUM('1月'!H113,'2月'!H113,'3月'!H113,'4月'!H113,'5月'!H113,'6月'!H113,'7月'!H113,'8月'!H113,'9月'!H113,'10月'!H113,'11月'!H113,'12月'!H113,) -> 0 | K39: =SUM('1月'!J113,'2月'!J113,'3月'!J113,'4月'!J113,'5月'!J113,'6月'!J113,'7月'!J113,'8月'!J113,'9月'!J113,'10月'!J113,'11月'!J113,'12月'!J113,) -> 0 | N39: 医疗 | O39: =SUM('1月'!M113,'2月'!M113,'3月'!M113,'4月'!M113,'5月'!M113,'6月'!M113,'7月'!M113,'8月'!M113,'9月'!M113,'10月'!M113,'11月'!M113,'12月'!M113) -> 0 | P39: 水电燃气 | Q39: =SUM('1月'!O113,'2月'!O113,'3月'!O113,'4月'!O113,'5月'!O113,'6月'!O113,'7月'!O113,'8月'!O113,'9月'!O113,'10月'!O113,'11月'!O113,'12月'!O113) -> 0
I40: =SUM('1月'!H114,'2月'!H114,'3月'!H114,'4月'!H114,'5月'!H114,'6月'!H114,'7月'!H114,'8月'!H114,'9月'!H114,'10月'!H114,'11月'!H114,'12月'!H114,) -> 0 | K40: =SUM('1月'!J114,'2月'!J114,'3月'!J114,'4月'!J114,'5月'!J114,'6月'!J114,'7月'!J114,'8月'!J114,'9月'!J114,'10月'!J114,'11月'!J114,'12月'!J114,) -> 0 | N40: 金融往来 | O40: =SUM('1月'!M114,'2月'!M114,'3月'!M114,'4月'!M114,'5月'!M114,'6月'!M114,'7月'!M114,'8月'!M114,'9月'!M114,'10月'!M114,'11月'!M114,'12月'!M114) -> 0 | P40: 网络通讯 | Q40: =SUM('1月'!O114,'2月'!O114,'3月'!O114,'4月'!O114,'5月'!O114,'6月'!O114,'7月'!O114,'8月'!O114,'9月'!O114,'10月'!O114,'11月'!O114,'12月'!O114) -> 0
I41: =SUM('1月'!H115,'2月'!H115,'3月'!H115,'4月'!H115,'5月'!H115,'6月'!H115,'7月'!H115,'8月'!H115,'9月'!H115,'10月'!H115,'11月'!H115,'12月'!H115,) -> 0 | K41: =SUM('1月'!J115,'2月'!J115,'3月'!J115,'4月'!J115,'5月'!J115,'6月'!J115,'7月'!J115,'8月'!J115,'9月'!J115,'10月'!J115,'11月'!J115,'12月'!J115,) -> 0 | N41: 其他杂项 | O41: =SUM('1月'!M115,'2月'!M115,'3月'!M115,'4月'!M115,'5月'!M115,'6月'!M115,'7月'!M115,'8月'!M115,'9月'!M115,'10月'!M115,'11月'!M115,'12月'!M115) -> 0 | P41: 家居日用 | Q41: =SUM('1月'!O115,'2月'!O115,'3月'!O115,'4月'!O115,'5月'!O115,'6月'!O115,'7月'!O115,'8月'!O115,'9月'!O115,'10月'!O115,'11月'!O115,'12月'!O115) -> 0
I42: =SUM('1月'!H116,'2月'!H116,'3月'!H116,'4月'!H116,'5月'!H116,'6月'!H116,'7月'!H116,'8月'!H116,'9月'!H116,'10月'!H116,'11月'!H116,'12月'!H116,) -> 0 | K42: =SUM('1月'!J116,'2月'!J116,'3月'!J116,'4月'!J116,'5月'!J116,'6月'!J116,'7月'!J116,'8月'!J116,'9月'!J116,'10月'!J116,'11月'!J116,'12月'!J116,) -> 0 | O42: =SUM('1月'!M116,'2月'!M116,'3月'!M116,'4月'!M116,'5月'!M116,'6月'!M116,'7月'!M116,'8月'!M116,'9月'!M116,'10月'!M116,'11月'!M116,'12月'!M116) -> 0 | P42: 住宿 | Q42: =SUM('1月'!O116,'2月'!O116,'3月'!O116,'4月'!O116,'5月'!O116,'6月'!O116,'7月'!O116,'8月'!O116,'9月'!O116,'10月'!O116,'11月'!O116,'12月'!O116) -> 0
I43: =SUM('1月'!H117,'2月'!H117,'3月'!H117,'4月'!H117,'5月'!H117,'6月'!H117,'7月'!H117,'8月'!H117,'9月'!H117,'10月'!H117,'11月'!H117,'12月'!H117,) -> 0 | K43: =SUM('1月'!J117,'2月'!J117,'3月'!J117,'4月'!J117,'5月'!J117,'6月'!J117,'7月'!J117,'8月'!J117,'9月'!J117,'10月'!J117,'11月'!J117,'12月'!J117,) -> 0 | O43: =SUM('1月'!M117,'2月'!M117,'3月'!M117,'4月'!M117,'5月'!M117,'6月'!M117,'7月'!M117,'8月'!M117,'9月'!M117,'10月'!M117,'11月'!M117,'12月'!M117) -> 0 | P43: 公共交通 | Q43: =SUM('1月'!O117,'2月'!O117,'3月'!O117,'4月'!O117,'5月'!O117,'6月'!O117,'7月'!O117,'8月'!O117,'9月'!O117,'10月'!O117,'11月'!O117,'12月'!O117) -> 0
I44: =SUM('1月'!H118,'2月'!H118,'3月'!H118,'4月'!H118,'5月'!H118,'6月'!H118,'7月'!H118,'8月'!H118,'9月'!H118,'10月'!H118,'11月'!H118,'12月'!H118,) -> 0 | K44: =SUM('1月'!J118,'2月'!J118,'3月'!J118,'4月'!J118,'5月'!J118,'6月'!J118,'7月'!J118,'8月'!J118,'9月'!J118,'10月'!J118,'11月'!J118,'12月'!J118,) -> 0 | O44: =SUM('1月'!M118,'2月'!M118,'3月'!M118,'4月'!M118,'5月'!M118,'6月'!M118,'7月'!M118,'8月'!M118,'9月'!M118,'10月'!M118,'11月'!M118,'12月'!M118) -> 0 | P44: 打车/租车 | Q44: =SUM('1月'!O118,'2月'!O118,'3月'!O118,'4月'!O118,'5月'!O118,'6月'!O118,'7月'!O118,'8月'!O118,'9月'!O118,'10月'!O118,'11月'!O118,'12月'!O118) -> 0
I45: =SUM('1月'!H119,'2月'!H119,'3月'!H119,'4月'!H119,'5月'!H119,'6月'!H119,'7月'!H119,'8月'!H119,'9月'!H119,'10月'!H119,'11月'!H119,'12月'!H119,) -> 0 | K45: =SUM('1月'!J119,'2月'!J119,'3月'!J119,'4月'!J119,'5月'!J119,'6月'!J119,'7月'!J119,'8月'!J119,'9月'!J119,'10月'!J119,'11月'!J119,'12月'!J119,) -> 0 | O45: =SUM('1月'!M119,'2月'!M119,'3月'!M119,'4月'!M119,'5月'!M119,'6月'!M119,'7月'!M119,'8月'!M119,'9月'!M119,'10月'!M119,'11月'!M119,'12月'!M119) -> 0 | P45: 游戏/娱乐 | Q45: =SUM('1月'!O119,'2月'!O119,'3月'!O119,'4月'!O119,'5月'!O119,'6月'!O119,'7月'!O119,'8月'!O119,'9月'!O119,'10月'!O119,'11月'!O119,'12月'!O119) -> 0
I46: =SUM('1月'!H120,'2月'!H120,'3月'!H120,'4月'!H120,'5月'!H120,'6月'!H120,'7月'!H120,'8月'!H120,'9月'!H120,'10月'!H120,'11月'!H120,'12月'!H120,) -> 0 | K46: =SUM('1月'!J120,'2月'!J120,'3月'!J120,'4月'!J120,'5月'!J120,'6月'!J120,'7月'!J120,'8月'!J120,'9月'!J120,'10月'!J120,'11月'!J120,'12月'!J120,) -> 0 | O46: =SUM('1月'!M120,'2月'!M120,'3月'!M120,'4月'!M120,'5月'!M120,'6月'!M120,'7月'!M120,'8月'!M120,'9月'!M120,'10月'!M120,'11月'!M120,'12月'!M120) -> 0 | P46: 书籍课程 | Q46: =SUM('1月'!O120,'2月'!O120,'3月'!O120,'4月'!O120,'5月'!O120,'6月'!O120,'7月'!O120,'8月'!O120,'9月'!O120,'10月'!O120,'11月'!O120,'12月'!O120) -> 0
I47: =SUM('1月'!H121,'2月'!H121,'3月'!H121,'4月'!H121,'5月'!H121,'6月'!H121,'7月'!H121,'8月'!H121,'9月'!H121,'10月'!H121,'11月'!H121,'12月'!H121,) -> 0 | K47: =SUM('1月'!J121,'2月'!J121,'3月'!J121,'4月'!J121,'5月'!J121,'6月'!J121,'7月'!J121,'8月'!J121,'9月'!J121,'10月'!J121,'11月'!J121,'12月'!J121,) -> 0 | O47: =SUM('1月'!M121,'2月'!M121,'3月'!M121,'4月'!M121,'5月'!M121,'6月'!M121,'7月'!M121,'8月'!M121,'9月'!M121,'10月'!M121,'11月'!M121,'12月'!M121) -> 0 | P47: 运动健身 | Q47: =SUM('1月'!O121,'2月'!O121,'3月'!O121,'4月'!O121,'5月'!O121,'6月'!O121,'7月'!O121,'8月'!O121,'9月'!O121,'10月'!O121,'11月'!O121,'12月'!O121) -> 0
I48: =SUM('1月'!H122,'2月'!H122,'3月'!H122,'4月'!H122,'5月'!H122,'6月'!H122,'7月'!H122,'8月'!H122,'9月'!H122,'10月'!H122,'11月'!H122,'12月'!H122,) -> 0 | K48: =SUM('1月'!J122,'2月'!J122,'3月'!J122,'4月'!J122,'5月'!J122,'6月'!J122,'7月'!J122,'8月'!J122,'9月'!J122,'10月'!J122,'11月'!J122,'12月'!J122,) -> 0 | O48: =SUM('1月'!M122,'2月'!M122,'3月'!M122,'4月'!M122,'5月'!M122,'6月'!M122,'7月'!M122,'8月'!M122,'9月'!M122,'10月'!M122,'11月'!M122,'12月'!M122) -> 0 | P48: 影音会员 | Q48: =SUM('1月'!O122,'2月'!O122,'3月'!O122,'4月'!O122,'5月'!O122,'6月'!O122,'7月'!O122,'8月'!O122,'9月'!O122,'10月'!O122,'11月'!O122,'12月'!O122) -> 600
I49: =SUM('1月'!H123,'2月'!H123,'3月'!H123,'4月'!H123,'5月'!H123,'6月'!H123,'7月'!H123,'8月'!H123,'9月'!H123,'10月'!H123,'11月'!H123,'12月'!H123,) -> 0 | K49: =SUM('1月'!J123,'2月'!J123,'3月'!J123,'4月'!J123,'5月'!J123,'6月'!J123,'7月'!J123,'8月'!J123,'9月'!J123,'10月'!J123,'11月'!J123,'12月'!J123,) -> 0 | O49: =SUM('1月'!M123,'2月'!M123,'3月'!M123,'4月'!M123,'5月'!M123,'6月'!M123,'7月'!M123,'8月'!M123,'9月'!M123,'10月'!M123,'11月'!M123,'12月'!M123) -> 0 | P49: 旅游 | Q49: =SUM('1月'!O123,'2月'!O123,'3月'!O123,'4月'!O123,'5月'!O123,'6月'!O123,'7月'!O123,'8月'!O123,'9月'!O123,'10月'!O123,'11月'!O123,'12月'!O123) -> 300
I50: =SUM('1月'!H124,'2月'!H124,'3月'!H124,'4月'!H124,'5月'!H124,'6月'!H124,'7月'!H124,'8月'!H124,'9月'!H124,'10月'!H124,'11月'!H124,'12月'!H124,) -> 0 | K50: =SUM('1月'!J124,'2月'!J124,'3月'!J124,'4月'!J124,'5月'!J124,'6月'!J124,'7月'!J124,'8月'!J124,'9月'!J124,'10月'!J124,'11月'!J124,'12月'!J124,) -> 0 | O50: =SUM('1月'!M124,'2月'!M124,'3月'!M124,'4月'!M124,'5月'!M124,'6月'!M124,'7月'!M124,'8月'!M124,'9月'!M124,'10月'!M124,'11月'!M124,'12月'!M124) -> 0 | P50: 亲友礼物 | Q50: =SUM('1月'!O124,'2月'!O124,'3月'!O124,'4月'!O124,'5月'!O124,'6月'!O124,'7月'!O124,'8月'!O124,'9月'!O124,'10月'!O124,'11月'!O124,'12月'!O124) -> 400
I51: =SUM('1月'!H125,'2月'!H125,'3月'!H125,'4月'!H125,'5月'!H125,'6月'!H125,'7月'!H125,'8月'!H125,'9月'!H125,'10月'!H125,'11月'!H125,'12月'!H125,) -> 0 | K51: =SUM('1月'!J125,'2月'!J125,'3月'!J125,'4月'!J125,'5月'!J125,'6月'!J125,'7月'!J125,'8月'!J125,'9月'!J125,'10月'!J125,'11月'!J125,'12月'!J125,) -> 0 | O51: =SUM('1月'!M125,'2月'!M125,'3月'!M125,'4月'!M125,'5月'!M125,'6月'!M125,'7月'!M125,'8月'!M125,'9月'!M125,'10月'!M125,'11月'!M125,'12月'!M125) -> 0 | P51: 聚餐请客 | Q51: =SUM('1月'!O125,'2月'!O125,'3月'!O125,'4月'!O125,'5月'!O125,'6月'!O125,'7月'!O125,'8月'!O125,'9月'!O125,'10月'!O125,'11月'!O125,'12月'!O125) -> 0
I52: =SUM('1月'!H126,'2月'!H126,'3月'!H126,'4月'!H126,'5月'!H126,'6月'!H126,'7月'!H126,'8月'!H126,'9月'!H126,'10月'!H126,'11月'!H126,'12月'!H126,) -> 0 | K52: =SUM('1月'!J126,'2月'!J126,'3月'!J126,'4月'!J126,'5月'!J126,'6月'!J126,'7月'!J126,'8月'!J126,'9月'!J126,'10月'!J126,'11月'!J126,'12月'!J126,) -> 0 | O52: =SUM('1月'!M126,'2月'!M126,'3月'!M126,'4月'!M126,'5月'!M126,'6月'!M126,'7月'!M126,'8月'!M126,'9月'!M126,'10月'!M126,'11月'!M126,'12月'!M126) -> 0 | P52: 红包/随礼 | Q52: =SUM('1月'!O126,'2月'!O126,'3月'!O126,'4月'!O126,'5月'!O126,'6月'!O126,'7月'!O126,'8月'!O126,'9月'!O126,'10月'!O126,'11月'!O126,'12月'!O126) -> 0
I53: =SUM('1月'!H127,'2月'!H127,'3月'!H127,'4月'!H127,'5月'!H127,'6月'!H127,'7月'!H127,'8月'!H127,'9月'!H127,'10月'!H127,'11月'!H127,'12月'!H127,) -> 0 | K53: =SUM('1月'!J127,'2月'!J127,'3月'!J127,'4月'!J127,'5月'!J127,'6月'!J127,'7月'!J127,'8月'!J127,'9月'!J127,'10月'!J127,'11月'!J127,'12月'!J127,) -> 0 | O53: =SUM('1月'!M127,'2月'!M127,'3月'!M127,'4月'!M127,'5月'!M127,'6月'!M127,'7月'!M127,'8月'!M127,'9月'!M127,'10月'!M127,'11月'!M127,'12月'!M127) -> 0 | P53: 宠物花销 | Q53: =SUM('1月'!O127,'2月'!O127,'3月'!O127,'4月'!O127,'5月'!O127,'6月'!O127,'7月'!O127,'8月'!O127,'9月'!O127,'10月'!O127,'11月'!O127,'12月'!O127) -> 200
I54: =SUM('1月'!H128,'2月'!H128,'3月'!H128,'4月'!H128,'5月'!H128,'6月'!H128,'7月'!H128,'8月'!H128,'9月'!H128,'10月'!H128,'11月'!H128,'12月'!H128,) -> 0 | K54: =SUM('1月'!J128,'2月'!J128,'3月'!J128,'4月'!J128,'5月'!J128,'6月'!J128,'7月'!J128,'8月'!J128,'9月'!J128,'10月'!J128,'11月'!J128,'12月'!J128,) -> 0 | O54: =SUM('1月'!M128,'2月'!M128,'3月'!M128,'4月'!M128,'5月'!M128,'6月'!M128,'7月'!M128,'8月'!M128,'9月'!M128,'10月'!M128,'11月'!M128,'12月'!M128) -> 0 | P54: 公益 | Q54: =SUM('1月'!O128,'2月'!O128,'3月'!O128,'4月'!O128,'5月'!O128,'6月'!O128,'7月'!O128,'8月'!O128,'9月'!O128,'10月'!O128,'11月'!O128,'12月'!O128) -> 0
O55: =SUM('1月'!M129,'2月'!M129,'3月'!M129,'4月'!M129,'5月'!M129,'6月'!M129,'7月'!M129,'8月'!M129,'9月'!M129,'10月'!M129,'11月'!M129,'12月'!M129) -> 0 | P55: 看病/买药 | Q55: =SUM('1月'!O129,'2月'!O129,'3月'!O129,'4月'!O129,'5月'!O129,'6月'!O129,'7月'!O129,'8月'!O129,'9月'!O129,'10月'!O129,'11月'!O129,'12月'!O129) -> 0
O56: =SUM('1月'!M130,'2月'!M130,'3月'!M130,'4月'!M130,'5月'!M130,'6月'!M130,'7月'!M130,'8月'!M130,'9月'!M130,'10月'!M130,'11月'!M130,'12月'!M130) -> 0 | P56: 体检 | Q56: =SUM('1月'!O130,'2月'!O130,'3月'!O130,'4月'!O130,'5月'!O130,'6月'!O130,'7月'!O130,'8月'!O130,'9月'!O130,'10月'!O130,'11月'!O130,'12月'!O130) -> 0
O57: =SUM('1月'!M131,'2月'!M131,'3月'!M131,'4月'!M131,'5月'!M131,'6月'!M131,'7月'!M131,'8月'!M131,'9月'!M131,'10月'!M131,'11月'!M131,'12月'!M131) -> 0 | P57: 还贷/还债 | Q57: =SUM('1月'!O131,'2月'!O131,'3月'!O131,'4月'!O131,'5月'!O131,'6月'!O131,'7月'!O131,'8月'!O131,'9月'!O131,'10月'!O131,'11月'!O131,'12月'!O131) -> 0
O58: =SUM('1月'!M132,'2月'!M132,'3月'!M132,'4月'!M132,'5月'!M132,'6月'!M132,'7月'!M132,'8月'!M132,'9月'!M132,'10月'!M132,'11月'!M132,'12月'!M132) -> 0 | P58: 借款给他人 | Q58: =SUM('1月'!O132,'2月'!O132,'3月'!O132,'4月'!O132,'5月'!O132,'6月'!O132,'7月'!O132,'8月'!O132,'9月'!O132,'10月'!O132,'11月'!O132,'12月'!O132) -> 0
O59: =SUM('1月'!M133,'2月'!M133,'3月'!M133,'4月'!M133,'5月'!M133,'6月'!M133,'7月'!M133,'8月'!M133,'9月'!M133,'10月'!M133,'11月'!M133,'12月'!M133) -> 0 | P59: 手续费 | Q59: =SUM('1月'!O133,'2月'!O133,'3月'!O133,'4月'!O133,'5月'!O133,'6月'!O133,'7月'!O133,'8月'!O133,'9月'!O133,'10月'!O133,'11月'!O133,'12月'!O133) -> 0
H60: 账户内互转/还款项目 | O60: =SUM('1月'!M134,'2月'!M134,'3月'!M134,'4月'!M134,'5月'!M134,'6月'!M134,'7月'!M134,'8月'!M134,'9月'!M134,'10月'!M134,'11月'!M134,'12月'!M134) -> 0 | P60: 罚款 | Q60: =SUM('1月'!O134,'2月'!O134,'3月'!O134,'4月'!O134,'5月'!O134,'6月'!O134,'7月'!O134,'8月'!O134,'9月'!O134,'10月'!O134,'11月'!O134,'12月'!O134) -> 0
H61: 注意事项：不用改动，直接使用默认设置即可。理财转入转出填写在账户内互转。 | O61: =SUM('1月'!M135,'2月'!M135,'3月'!M135,'4月'!M135,'5月'!M135,'6月'!M135,'7月'!M135,'8月'!M135,'9月'!M135,'10月'!M135,'11月'!M135,'12月'!M135) -> 0 | P61: 其他 | Q61: =SUM('1月'!O135,'2月'!O135,'3月'!O135,'4月'!O135,'5月'!O135,'6月'!O135,'7月'!O135,'8月'!O135,'9月'!O135,'10月'!O135,'11月'!O135,'12月'!O135) -> 0
O62: =SUM('1月'!M136,'2月'!M136,'3月'!M136,'4月'!M136,'5月'!M136,'6月'!M136,'7月'!M136,'8月'!M136,'9月'!M136,'10月'!M136,'11月'!M136,'12月'!M136) -> 0 | Q62: =SUM('1月'!O136,'2月'!O136,'3月'!O136,'4月'!O136,'5月'!O136,'6月'!O136,'7月'!O136,'8月'!O136,'9月'!O136,'10月'!O136,'11月'!O136,'12月'!O136) -> 0
O63: =SUM('1月'!M137,'2月'!M137,'3月'!M137,'4月'!M137,'5月'!M137,'6月'!M137,'7月'!M137,'8月'!M137,'9月'!M137,'10月'!M137,'11月'!M137,'12月'!M137) -> 0 | Q63: =SUM('1月'!O137,'2月'!O137,'3月'!O137,'4月'!O137,'5月'!O137,'6月'!O137,'7月'!O137,'8月'!O137,'9月'!O137,'10月'!O137,'11月'!O137,'12月'!O137) -> 0
H64: 项目大类 | I64: 备注 | O64: =SUM('1月'!M138,'2月'!M138,'3月'!M138,'4月'!M138,'5月'!M138,'6月'!M138,'7月'!M138,'8月'!M138,'9月'!M138,'10月'!M138,'11月'!M138,'12月'!M138) -> 0 | Q64: =SUM('1月'!O138,'2月'!O138,'3月'!O138,'4月'!O138,'5月'!O138,'6月'!O138,'7月'!O138,'8月'!O138,'9月'!O138,'10月'!O138,'11月'!O138,'12月'!O138) -> 0
H65: 账户内互转 | I65: 不改动，如果此模板仅记录自己账单，则为自己的各个账户之间金额互转。 | O65: =SUM('1月'!M139,'2月'!M139,'3月'!M139,'4月'!M139,'5月'!M139,'6月'!M139,'7月'!M139,'8月'!M139,'9月'!M139,'10月'!M139,'11月'!M139,'12月'!M139) -> 0 | Q65: =SUM('1月'!O139,'2月'!O139,'3月'!O139,'4月'!O139,'5月'!O139,'6月'!O139,'7月'!O139,'8月'!O139,'9月'!O139,'10月'!O139,'11月'!O139,'12月'!O139) -> 0
H66: 日常消费还款 | I66: 不改动，用于每月使用信用卡、花呗、app月付功能消费后产生的账单还款 | O66: =SUM('1月'!M140,'2月'!M140,'3月'!M140,'4月'!M140,'5月'!M140,'6月'!M140,'7月'!M140,'8月'!M140,'9月'!M140,'10月'!M140,'11月'!M140,'12月'!M140) -> 0 | Q66: =SUM('1月'!O140,'2月'!O140,'3月'!O140,'4月'!O140,'5月'!O140,'6月'!O140,'7月'!O140,'8月'!O140,'9月'!O140,'10月'!O140,'11月'!O140,'12月'!O140) -> 0
H67: 还贷/还债 | I67: 不改动，用于车贷、房贷、对外债务等大额项目的还款 | O67: =SUM('1月'!M141,'2月'!M141,'3月'!M141,'4月'!M141,'5月'!M141,'6月'!M141,'7月'!M141,'8月'!M141,'9月'!M141,'10月'!M141,'11月'!M141,'12月'!M141) -> 0 | Q67: =SUM('1月'!O141,'2月'!O141,'3月'!O141,'4月'!O141,'5月'!O141,'6月'!O141,'7月'!O141,'8月'!O141,'9月'!O141,'10月'!O141,'11月'!O141,'12月'!O141) -> 0
O68: =SUM('1月'!M142,'2月'!M142,'3月'!M142,'4月'!M142,'5月'!M142,'6月'!M142,'7月'!M142,'8月'!M142,'9月'!M142,'10月'!M142,'11月'!M142,'12月'!M142) -> 0 | Q68: =SUM('1月'!O142,'2月'!O142,'3月'!O142,'4月'!O142,'5月'!O142,'6月'!O142,'7月'!O142,'8月'!O142,'9月'!O142,'10月'!O142,'11月'!O142,'12月'!O142) -> 0
O69: =SUM('1月'!M143,'2月'!M143,'3月'!M143,'4月'!M143,'5月'!M143,'6月'!M143,'7月'!M143,'8月'!M143,'9月'!M143,'10月'!M143,'11月'!M143,'12月'!M143) -> 0 | Q69: =SUM('1月'!O143,'2月'!O143,'3月'!O143,'4月'!O143,'5月'!O143,'6月'!O143,'7月'!O143,'8月'!O143,'9月'!O143,'10月'!O143,'11月'!O143,'12月'!O143) -> 0
O70: =SUM('1月'!M144,'2月'!M144,'3月'!M144,'4月'!M144,'5月'!M144,'6月'!M144,'7月'!M144,'8月'!M144,'9月'!M144,'10月'!M144,'11月'!M144,'12月'!M144) -> 0 | Q70: =SUM('1月'!O144,'2月'!O144,'3月'!O144,'4月'!O144,'5月'!O144,'6月'!O144,'7月'!O144,'8月'!O144,'9月'!O144,'10月'!O144,'11月'!O144,'12月'!O144) -> 0
O71: =SUM('1月'!M145,'2月'!M145,'3月'!M145,'4月'!M145,'5月'!M145,'6月'!M145,'7月'!M145,'8月'!M145,'9月'!M145,'10月'!M145,'11月'!M145,'12月'!M145) -> 0 | Q71: =SUM('1月'!O145,'2月'!O145,'3月'!O145,'4月'!O145,'5月'!O145,'6月'!O145,'7月'!O145,'8月'!O145,'9月'!O145,'10月'!O145,'11月'!O145,'12月'!O145) -> 0
O72: =SUM('1月'!M146,'2月'!M146,'3月'!M146,'4月'!M146,'5月'!M146,'6月'!M146,'7月'!M146,'8月'!M146,'9月'!M146,'10月'!M146,'11月'!M146,'12月'!M146) -> 0 | Q72: =SUM('1月'!O146,'2月'!O146,'3月'!O146,'4月'!O146,'5月'!O146,'6月'!O146,'7月'!O146,'8月'!O146,'9月'!O146,'10月'!O146,'11月'!O146,'12月'!O146) -> 0
O73: =SUM('1月'!M147,'2月'!M147,'3月'!M147,'4月'!M147,'5月'!M147,'6月'!M147,'7月'!M147,'8月'!M147,'9月'!M147,'10月'!M147,'11月'!M147,'12月'!M147) -> 0 | Q73: =SUM('1月'!O147,'2月'!O147,'3月'!O147,'4月'!O147,'5月'!O147,'6月'!O147,'7月'!O147,'8月'!O147,'9月'!O147,'10月'!O147,'11月'!O147,'12月'!O147) -> 0
O74: =SUM('1月'!M148,'2月'!M148,'3月'!M148,'4月'!M148,'5月'!M148,'6月'!M148,'7月'!M148,'8月'!M148,'9月'!M148,'10月'!M148,'11月'!M148,'12月'!M148) -> 0 | Q74: =SUM('1月'!O148,'2月'!O148,'3月'!O148,'4月'!O148,'5月'!O148,'6月'!O148,'7月'!O148,'8月'!O148,'9月'!O148,'10月'!O148,'11月'!O148,'12月'!O148) -> 0
O75: =SUM('1月'!M149,'2月'!M149,'3月'!M149,'4月'!M149,'5月'!M149,'6月'!M149,'7月'!M149,'8月'!M149,'9月'!M149,'10月'!M149,'11月'!M149,'12月'!M149) -> 0 | Q75: =SUM('1月'!O149,'2月'!O149,'3月'!O149,'4月'!O149,'5月'!O149,'6月'!O149,'7月'!O149,'8月'!O149,'9月'!O149,'10月'!O149,'11月'!O149,'12月'!O149) -> 0
O76: =SUM('1月'!M150,'2月'!M150,'3月'!M150,'4月'!M150,'5月'!M150,'6月'!M150,'7月'!M150,'8月'!M150,'9月'!M150,'10月'!M150,'11月'!M150,'12月'!M150) -> 0 | Q76: =SUM('1月'!O150,'2月'!O150,'3月'!O150,'4月'!O150,'5月'!O150,'6月'!O150,'7月'!O150,'8月'!O150,'9月'!O150,'10月'!O150,'11月'!O150,'12月'!O150) -> 0
O77: =SUM('1月'!M151,'2月'!M151,'3月'!M151,'4月'!M151,'5月'!M151,'6月'!M151,'7月'!M151,'8月'!M151,'9月'!M151,'10月'!M151,'11月'!M151,'12月'!M151) -> 0 | Q77: =SUM('1月'!O151,'2月'!O151,'3月'!O151,'4月'!O151,'5月'!O151,'6月'!O151,'7月'!O151,'8月'!O151,'9月'!O151,'10月'!O151,'11月'!O151,'12月'!O151) -> 0
O78: =SUM('1月'!M152,'2月'!M152,'3月'!M152,'4月'!M152,'5月'!M152,'6月'!M152,'7月'!M152,'8月'!M152,'9月'!M152,'10月'!M152,'11月'!M152,'12月'!M152) -> 0 | Q78: =SUM('1月'!O152,'2月'!O152,'3月'!O152,'4月'!O152,'5月'!O152,'6月'!O152,'7月'!O152,'8月'!O152,'9月'!O152,'10月'!O152,'11月'!O152,'12月'!O152) -> 0
B79: 汇总 | D79: =SUBTOTAL(109,D34:D78) -> 15000 | E79: =SUBTOTAL(103,E34:E51) -> 6 | O79: =SUM('1月'!M153,'2月'!M153,'3月'!M153,'4月'!M153,'5月'!M153,'6月'!M153,'7月'!M153,'8月'!M153,'9月'!M153,'10月'!M153,'11月'!M153,'12月'!M153) -> 0 | Q79: =SUM('1月'!O153,'2月'!O153,'3月'!O153,'4月'!O153,'5月'!O153,'6月'!O153,'7月'!O153,'8月'!O153,'9月'!O153,'10月'!O153,'11月'!O153,'12月'!O153) -> 0

Sheet 1月
B2: =$B$5&"月账单" -> 1月账单
B5: 1 | G5: 本月总收入 | I5: 本月总支出 | K5: 本月结余 | M5: 月末余额
G6: =I25 -> 3000 | I6: =S25 -> 2000 | K6: =G6-I6 -> 1000 | M6: =SUM(K6,年度数据总览!D79) -> 16000
B7: ="今日是"&TEXT(TODAY(),"yyyy年m月d日") -> 今日是2026年10月25日
B8: 距离 | C8: =TEXT(TODAY(),"yyyy年") -> 2026年
B9: 结束还有 | C9: =DATEDIF(TODAY(),DATE((YEAR(TODAY())),12,31),"d") -> 67 | G9: 最大一笔收入细项 | H9: ="最大一笔"&G10&"金额" -> 最大一笔工作薪资金额 | J9: 对应日期 | K9: 最大一笔日常支出细项 | M9: ="最大一笔"&K10&"金额" -> 最大一笔影音会员金额 | O9: 对应日期 | Q9: 最大支出使用人 | S9: =S6&"支出总额" -> 支出总额
G10: =IFERROR(INDEX(表6_1026[收入细项],MATCH(MAX(表6_1026[金额]),表6_1026[金额],0)),"待填入") -> 工作薪资 | H10: =IFERROR(MAX(表6_1026[金额]),0) -> 2000 | J10: =IFERROR(INDEX(表6_1026[日期],MATCH(MAX(表6_1026[金额]),表6_1026[金额],0)),"待填入") -> 2 | K10: =IFERROR(INDEX(表6_35[支出细项],MATCH(MAX(表6_35[金额]),表6_35[金额],0)),"待填入") -> 影音会员 | M10: =IFERROR(MAX(表6_35[金额]),0) -> 600 | O10: =IFERROR(INDEX(表6_35[日期],MATCH(MAX(表6_35[金额]),表6_35[金额],0)),"待填入") -> 5 | Q10: =IFERROR(INDEX(AD30:AD73,MATCH(MAX(AE30:AE73),AE30:AE73,0)),"待填入") -> 自己 | S10: =IFERROR(MAX(AE30:AE73),0) -> 1400
G25: 本月总收入 | I25: =SUM(表6_1026[金额]) -> 3000 | Q25: 本月总支出 | S25: =SUM(U30:U250) -> 2000
AA26: 如需空白处新增内容，请在此行之上进行新增编辑，以免与其它数据产生冲突
I27: 1 | S27: 1
G28: 手动填写 | H28: 下拉筛选 | I28: 下拉筛选 | J28: 手动填写 | K28: 手动填写 | L28: 下拉筛选 | M28: 自动生成 | N28: 手动填写 | O28: 手动填写 | Q28: 手动填写 | R28: 下拉筛选 | S28: 下拉筛选 | T28: 手动填写 | U28: 手动填写 | V28: 下拉筛选 | W28: 自动生成 | X28: 手动填写 | Y28: 手动填写 | AA28: 收入大类筛选 | AD28: 支出使用人 | AG28: 支出大类 | AJ28: 支出细项
B29: 对账账户 | C29: 本月实时金额 | G29: 日期 | H29: 收入大类 | I29: 收入细项 | J29: 具体项目 | K29: 金额 | L29: 收入账户 | M29: 账户大类 | N29: 归属方 | O29: 备注 | Q29: 日期 | R29: 支出大类 | S29: 支出细项 | T29: 具体项目 | U29: 金额 | V29: 支出账户 | W29: 账户大类 | X29: 支出使用人 | Y29: 备注 | AA29: 收入大类 | AB29: 求和项:金额 | AD29: 支出使用人 | AE29: 求和项:金额 | AG29: 支出大类 | AH29: 求和项:金额 | AJ29: 支出细项 | AK29: 求和项:金额
B30: =IF(AND(年度数据总览!B34<>0),年度数据总览!B34,"") -> 余额宝 | C30: =IFERROR(IF(年度数据总览!D34-SUMIF('1月'!$V$30:$V$250,'1月'!$B30,'1月'!$U$30:$U$250)+SUMIF('1月'!$L$30:$L$75,'1月'!$B30,'1月'!$K$30:$K$75)-SUMIF('1月'!$J$85:$J$99,'1月'!$B30,'1月'!$K$85:$K$99)+SUMIF('1月'!$L$85:$L$99,'1月'!$B30,'1月'!$N$85:$N$99)=0,0,年度数据总览!D34-SUMIF('1月'!$V$30:$V$250,'1月'!$B30,'1月'!$U$30:$U$250)+SUMIF('1月'!$L$30:$L$75,'1月'!$B30,'1月'!$K$30:$K$75)-SUMIF('1月'!$J$85:$J$99,'1月'!$B30,'1月'!$K$85:$K$99)+SUMIF('1月'!$L$85:$L$99,'1月'!$B30,'1月'!$N$85:$N$99)),0) -> 701 | G30: 1 | H30: 其它收入 | I30: 副业 | K30: 1000 | L30: 余额宝 | M30: =IFERROR(VLOOKUP(L30,年度数据总览!$B$34:$C$51,2,FALSE),"") -> 活期 | N30: 自己 | Q30: 1 | R30: 食 | S30: 零食饮品 | T30: 甜点 | U30: 500 | V30: 花呗负债 | W30: =IFERROR(VLOOKUP(V30,年度数据总览!$B$34:$C$51,2,FALSE),"") -> 负债 | X30: 自己 | AA30: 固定收入 | AB30: 2000 | AD30: 自己 | AE30: 1400 | AG30: 情感社交 | AH30: 200 | AJ30: 亲友礼物 | AK30: 400
B31: =IF(AND(年度数据总览!B35<>0),年度数据总览!B35,"") -> 微信 | C31: =IFERROR(IF(年度数据总览!D35-SUMIF('1月'!$V$30:$V$250,'1月'!$B31,'1月'!$U$30:$U$250)+SUMIF('1月'!$L$30:$L$75,'1月'!$B31,'1月'!$K$30:$K$75)-SUMIF('1月'!$J$85:$J$99,'1月'!$B31,'1月'!$K$85:$K$99)+SUMIF('1月'!$L$85:$L$99,'1月'!$B31,'1月'!$N$85:$N$99)=0,0,年度数据总览!D35-SUMIF('1月'!$V$30:$V$250,'1月'!$B31,'1月'!$U$30:$U$250)+SUMIF('1月'!$L$30:$L$75,'1月'!$B31,'1月'!$K$30:$K$75)-SUMIF('1月'!$J$85:$J$99,'1月'!$B31,'1月'!$K$85:$K$99)+SUMIF('1月'!$L$85:$L$99,'1月'!$B31,'1月'!$N$85:$N$99)),0) -> 2300 | G31: 2 | H31: 固定收入 | I31: 工作薪资 | J31: 1月薪资 | K31: 2000 | L31: 中国银行 | M31: =IFERROR(VLOOKUP(L31,年度数据总览!$B$34:$C$51,2,FALSE),"") -> 储蓄 | N31: 自己 | Q31: 2 | R31: 情感社交 | S31: 宠物花销 | T31: 玩具 | U31: 200 | V31: 余额宝 | W31: =IFERROR(VLOOKUP(V31,年度数据总览!$B$34:$C$51,2,FALSE),"") -> 活期 | X31: 多多 | AA31: 其它收入 | AB31: 1000 | AD31: 多多 | AE31: 200 | AG31: 食 | AH31: 500 | AJ31: 零食饮品 | AK31: 500
B32: =IF(AND(年度数据总览!B36<>0),年度数据总览!B36,"") -> 现金 | C32: =IFERROR(IF(年度数据总览!D36-SUMIF('1月'!$V$30:$V$250,'1月'!$B32,'1月'!$U$30:$U$250)+SUMIF('1月'!$L$30:$L$75,'1月'!$B32,'1月'!$K$30:$K$75)-SUMIF('1月'!$J$85:$J$99,'1月'!$B32,'1月'!$K$85:$K$99)+SUMIF('1月'!$L$85:$L$99,'1月'!$B32,'1月'!$N$85:$N$99)=0,0,年度数据总览!D36-SUMIF('1月'!$V$30:$V$250,'1月'!$B32,'1月'!$U$30:$U$250)+SUMIF('1月'!$L$30:$L$75,'1月'!$B32,'1月'!$K$30:$K$75)-SUMIF('1月'!$J$85:$J$99,'1月'!$B32,'1月'!$K$85:$K$99)+SUMIF('1月'!$L$85:$L$99,'1月'!$B32,'1月'!$N$85:$N$99)),0) -> 3000 | M32: =IFERROR(VLOOKUP(L32,年度数据总览!$B$34:$C$51,2,FALSE),"") | Q32: 3 | R32: 行 | S32: 旅游 | T32: 过路费 | U32: 300 | V32: 微信 | W32: =IFERROR(VLOOKUP(V32,年度数据总览!$B$34:$C$51,2,FALSE),"") -> 活期 | X32: 自己 | AA32: 总计 | AB32: 3000 | AD32: 家人 | AE32: 400 | AG32: 行 | AH32: 300 | AJ32: 宠物花销 | AK32: 200
B33: =IF(AND(年度数据总览!B37<>0),年度数据总览!B37,"") -> XX未还债务 | C33: =IFERROR(IF(年度数据总览!D37-SUMIF('1月'!$V$30:$V$250,'1月'!$B33,'1月'!$U$30:$U$250)+SUMIF('1月'!$L$30:$L$75,'1月'!$B33,'1月'!$K$30:$K$75)-SUMIF('1月'!$J$85:$J$99,'1月'!$B33,'1月'!$K$85:$K$99)+SUMIF('1月'!$L$85:$L$99,'1月'!$B33,'1月'!$N$85:$N$99)=0,0,年度数据总览!D37-SUMIF('1月'!$V$30:$V$250,'1月'!$B33,'1月'!$U$30:$U$250)+SUMIF('1月'!$L$30:$L$75,'1月'!$B33,'1月'!$K$30:$K$75)-SUMIF('1月'!$J$85:$J$99,'1月'!$B33,'1月'!$K$85:$K$99)+SUMIF('1月'!$L$85:$L$99,'1月'!$B33,'1月'!$N$85:$N$99)),0) -> 3000 | M33: =IFERROR(VLOOKUP(L33,年度数据总览!$B$34:$C$51,2,FALSE),"") | Q33: 4 | R33: 衣 | S33: 亲友礼物 | U33: 400 | V33: 微信 | W33: =IFERROR(VLOOKUP(V33,年度数据总览!$B$34:$C$51,2,FALSE),"") -> 活期 | X33: 家人 | AG33: 娱与学 | AH33: 600 | AJ33: 旅游 | AK33: 300
B34: =IF(AND(年度数据总览!B38<>0),年度数据总览!B38,"") -> 中国银行 | C34: =IFERROR(IF(年度数据总览!D38-SUMIF('1月'!$V$30:$V$250,'1月'!$B34,'1月'!$U$30:$U$250)+SUMIF('1月'!$L$30:$L$75,'1月'!$B34,'1月'!$K$30:$K$75)-SUMIF('1月'!$J$85:$J$99,'1月'!$B34,'1月'!$K$85:$K$99)+SUMIF('1月'!$L$85:$L$99,'1月'!$B34,'1月'!$N$85:$N$99)=0,0,年度数据总览!D38-SUMIF('1月'!$V$30:$V$250,'1月'!$B34,'1月'!$U$30:$U$250)+SUMIF('1月'!$L$30:$L$75,'1月'!$B34,'1月'!$K$30:$K$75)-SUMIF('1月'!$J$85:$J$99,'1月'!$B34,'1月'!$K$85:$K$99)+SUMIF('1月'!$L$85:$L$99,'1月'!$B34,'1月'!$N$85:$N$99)),0) -> 7000 | M34: =IFERROR(VLOOKUP(L34,年度数据总览!$B$34:$C$51,2,FALSE),"") | Q34: 5 | R34: 娱与学 | S34: 影音会员 | T34: 地铁跑酷 | U34: 600 | V34: 余额宝 | W34: =IFERROR(VLOOKUP(V34,年度数据总览!$B$34:$C$51,2,FALSE),"") -> 活期 | X34: 自己 | AG34: 衣 | AH34: 400 | AJ34: 影音会员 | AK34: 600
B35: =IF(AND(年度数据总览!B39<>0),年度数据总览!B39,"") -> 花呗负债 | C35: =IFERROR(IF(年度数据总览!D39-SUMIF('1月'!$V$30:$V$250,'1月'!$B35,'1月'!$U$30:$U$250)+SUMIF('1月'!$L$30:$L$75,'1月'!$B35,'1月'!$K$30:$K$75)-SUMIF('1月'!$J$85:$J$99,'1月'!$B35,'1月'!$K$85:$K$99)+SUMIF('1月'!$L$85:$L$99,'1月'!$B35,'1月'!$N$85:$N$99)=0,0,年度数据总览!D39-SUMIF('1月'!$V$30:$V$250,'1月'!$B35,'1月'!$U$30:$U$250)+SUMIF('1月'!$L$30:$L$75,'1月'!$B35,'1月'!$K$30:$K$75)-SUMIF('1月'!$J$85:$J$99,'1月'!$B35,'1月'!$K$85:$K$99)+SUMIF('1月'!$L$85:$L$99,'1月'!$B35,'1月'!$N$85:$N$99)),0) -> -1 | M35: =IFERROR(VLOOKUP(L35,年度数据总览!$B$34:$C$51,2,FALSE),"") | W35: =IFERROR(VLOOKUP(V35,年度数据总览!$B$34:$C$51,2,FALSE),"") | AG35: 总计 | AH35: 2000 | AJ35: 总计 | AK35: 2000
B36: =IF(AND(年度数据总览!B40<>0),年度数据总览!B40,"") | C36: =IFERROR(IF(年度数据总览!D40-SUMIF('1月'!$V$30:$V$250,'1月'!$B36,'1月'!$U$30:$U$250)+SUMIF('1月'!$L$30:$L$75,'1月'!$B36,'1月'!$K$30:$K$75)-SUMIF('1月'!$J$85:$J$99,'1月'!$B36,'1月'!$K$85:$K$99)+SUMIF('1月'!$L$85:$L$99,'1月'!$B36,'1月'!$N$85:$N$99)=0,0,年度数据总览!D40-SUMIF('1月'!$V$30:$V$250,'1月'!$B36,'1月'!$U$30:$U$250)+SUMIF('1月'!$L$30:$L$75,'1月'!$B36,'1月'!$K$30:$K$75)-SUMIF('1月'!$J$85:$J$99,'1月'!$B36,'1月'!$K$85:$K$99)+SUMIF('1月'!$L$85:$L$99,'1月'!$B36,'1月'!$N$85:$N$99)),0) -> 0 | M36: =IFERROR(VLOOKUP(L36,年度数据总览!$B$34:$C$51,2,FALSE),"") | W36: =IFERROR(VLOOKUP(V36,年度数据总览!$B$34:$C$51,2,FALSE),"")
B37: =IF(AND(年度数据总览!B41<>0),年度数据总览!B41,"") | C37: =IFERROR(IF(年度数据总览!D41-SUMIF('1月'!$V$30:$V$250,'1月'!$B37,'1月'!$U$30:$U$250)+SUMIF('1月'!$L$30:$L$75,'1月'!$B37,'1月'!$K$30:$K$75)-SUMIF('1月'!$J$85:$J$99,'1月'!$B37,'1月'!$K$85:$K$99)+SUMIF('1月'!$L$85:$L$99,'1月'!$B37,'1月'!$N$85:$N$99)=0,0,年度数据总览!D41-SUMIF('1月'!$V$30:$V$250,'1月'!$B37,'1月'!$U$30:$U$250)+SUMIF('1月'!$L$30:$L$75,'1月'!$B37,'1月'!$K$30:$K$75)-SUMIF('1月'!$J$85:$J$99,'1月'!$B37,'1月'!$K$85:$K$99)+SUMIF('1月'!$L$85:$L$99,'1月'!$B37,'1月'!$N$85:$N$99)),0) -> 0 | M37: =IFERROR(VLOOKUP(L37,年度数据总览!$B$34:$C$51,2,FALSE),"") | W37: =IFERROR(VLOOKUP(V37,年度数据总览!$B$34:$C$51,2,FALSE),"")
B38: =IF(AND(年度数据总览!B42<>0),年度数据总览!B42,"") | C38: =IFERROR(IF(年度数据总览!D42-SUMIF('1月'!$V$30:$V$250,'1月'!$B38,'1月'!$U$30:$U$250)+SUMIF('1月'!$L$30:$L$75,'1月'!$B38,'1月'!$K$30:$K$75)-SUMIF('1月'!$J$85:$J$99,'1月'!$B38,'1月'!$K$85:$K$99)+SUMIF('1月'!$L$85:$L$99,'1月'!$B38,'1月'!$N$85:$N$99)=0,0,年度数据总览!D42-SUMIF('1月'!$V$30:$V$250,'1月'!$B38,'1月'!$U$30:$U$250)+SUMIF('1月'!$L$30:$L$75,'1月'!$B38,'1月'!$K$30:$K$75)-SUMIF('1月'!$J$85:$J$99,'1月'!$B38,'1月'!$K$85:$K$99)+SUMIF('1月'!$L$85:$L$99,'1月'!$B38,'1月'!$N$85:$N$99)),0) -> 0 | M38: =IFERROR(VLOOKUP(L38,年度数据总览!$B$34:$C$51,2,FALSE),"") | W38: =IFERROR(VLOOKUP(V38,年度数据总览!$B$34:$C$51,2,FALSE),"")
B39: =IF(AND(年度数据总览!B43<>0),年度数据总览!B43,"") | C39: =IFERROR(IF(年度数据总览!D43-SUMIF('1月'!$V$30:$V$250,'1月'!$B39,'1月'!$U$30:$U$250)+SUMIF('1月'!$L$30:$L$75,'1月'!$B39,'1月'!$K$30:$K$75)-SUMIF('1月'!$J$85:$J$99,'1月'!$B39,'1月'!$K$85:$K$99)+SUMIF('1月'!$L$85:$L$99,'1月'!$B39,'1月'!$N$85:$N$99)=0,0,年度数据总览!D43-SUMIF('1月'!$V$30:$V$250,'1月'!$B39,'1月'!$U$30:$U$250)+SUMIF('1月'!$L$30:$L$75,'1月'!$B39,'1月'!$K$30:$K$75)-SUMIF('1月'!$J$85:$J$99,'1月'!$B39,'1月'!$K$85:$K$99)+SUMIF('1月'!$L$85:$L$99,'1月'!$B39,'1月'!$N$85:$N$99)),0) -> 0 | M39: =IFERROR(VLOOKUP(L39,年度数据总览!$B$34:$C$51,2,FALSE),"") | W39: =IFERROR(VLOOKUP(V39,年度数据总览!$B$34:$C$51,2,FALSE),"")
B40: =IF(AND(年度数据总览!B44<>0),年度数据总览!B44,"") | C40: =IFERROR(IF(年度数据总览!D44-SUMIF('1月'!$V$30:$V$250,'1月'!$B40,'1月'!$U$30:$U$250)+SUMIF('1月'!$L$30:$L$75,'1月'!$B40,'1月'!$K$30:$K$75)-SUMIF('1月'!$J$85:$J$99,'1月'!$B40,'1月'!$K$85:$K$99)+SUMIF('1月'!$L$85:$L$99,'1月'!$B40,'1月'!$N$85:$N$99)=0,0,年度数据总览!D44-SUMIF('1月'!$V$30:$V$250,'1月'!$B40,'1月'!$U$30:$U$250)+SUMIF('1月'!$L$30:$L$75,'1月'!$B40,'1月'!$K$30:$K$75)-SUMIF('1月'!$J$85:$J$99,'1月'!$B40,'1月'!$K$85:$K$99)+SUMIF('1月'!$L$85:$L$99,'1月'!$B40,'1月'!$N$85:$N$99)),0) -> 0 | M40: =IFERROR(VLOOKUP(L40,年度数据总览!$B$34:$C$51,2,FALSE),"") | W40: =IFERROR(VLOOKUP(V40,年度数据总览!$B$34:$C$51,2,FALSE),"")
B41: =IF(AND(年度数据总览!B45<>0),年度数据总览!B45,"") | C41: =IFERROR(IF(年度数据总览!D45-SUMIF('1月'!$V$30:$V$250,'1月'!$B41,'1月'!$U$30:$U$250)+SUMIF('1月'!$L$30:$L$75,'1月'!$B41,'1月'!$K$30:$K$75)-SUMIF('1月'!$J$85:$J$99,'1月'!$B41,'1月'!$K$85:$K$99)+SUMIF('1月'!$L$85:$L$99,'1月'!$B41,'1月'!$N$85:$N$99)=0,0,年度数据总览!D45-SUMIF('1月'!$V$30:$V$250,'1月'!$B41,'1月'!$U$30:$U$250)+SUMIF('1月'!$L$30:$L$75,'1月'!$B41,'1月'!$K$30:$K$75)-SUMIF('1月'!$J$85:$J$99,'1月'!$B41,'1月'!$K$85:$K$99)+SUMIF('1月'!$L$85:$L$99,'1月'!$B41,'1月'!$N$85:$N$99)),0) -> 0 | M41: =IFERROR(VLOOKUP(L41,年度数据总览!$B$34:$C$51,2,FALSE),"") | W41: =IFERROR(VLOOKUP(V41,年度数据总览!$B$34:$C$51,2,FALSE),"")
B42: =IF(AND(年度数据总览!B46<>0),年度数据总览!B46,"") | C42: =IFERROR(IF(年度数据总览!D46-SUMIF('1月'!$V$30:$V$250,'1月'!$B42,'1月'!$U$30:$U$250)+SUMIF('1月'!$L$30:$L$75,'1月'!$B42,'1月'!$K$30:$K$75)-SUMIF('1月'!$J$85:$J$99,'1月'!$B42,'1月'!$K$85:$K$99)+SUMIF('1月'!$L$85:$L$99,'1月'!$B42,'1月'!$N$85:$N$99)=0,0,年度数据总览!D46-SUMIF('1月'!$V$30:$V$250,'1月'!$B42,'1月'!$U$30:$U$250)+SUMIF('1月'!$L$30:$L$75,'1月'!$B42,'1月'!$K$30:$K$75)-SUMIF('1月'!$J$85:$J$99,'1月'!$B42,'1月'!$K$85:$K$99)+SUMIF('1月'!$L$85:$L$99,'1月'!$B42,'1月'!$N$85:$N$99)),0) -> 0 | M42: =IFERROR(VLOOKUP(L42,年度数据总览!$B$34:$C$51,2,FALSE),"") | W42: =IFERROR(VLOOKUP(V42,年度数据总览!$B$34:$C$51,2,FALSE),"")
B43: =IF(AND(年度数据总览!B47<>0),年度数据总览!B47,"") | C43: =IFERROR(IF(年度数据总览!D47-SUMIF('1月'!$V$30:$V$250,'1月'!$B43,'1月'!$U$30:$U$250)+SUMIF('1月'!$L$30:$L$75,'1月'!$B43,'1月'!$K$30:$K$75)-SUMIF('1月'!$J$85:$J$99,'1月'!$B43,'1月'!$K$85:$K$99)+SUMIF('1月'!$L$85:$L$99,'1月'!$B43,'1月'!$N$85:$N$99)=0,0,年度数据总览!D47-SUMIF('1月'!$V$30:$V$250,'1月'!$B43,'1月'!$U$30:$U$250)+SUMIF('1月'!$L$30:$L$75,'1月'!$B43,'1月'!$K$30:$K$75)-SUMIF('1月'!$J$85:$J$99,'1月'!$B43,'1月'!$K$85:$K$99)+SUMIF('1月'!$L$85:$L$99,'1月'!$B43,'1月'!$N$85:$N$99)),0) -> 0 | M43: =IFERROR(VLOOKUP(L43,年度数据总览!$B$34:$C$51,2,FALSE),"") | W43: =IFERROR(VLOOKUP(V43,年度数据总览!$B$34:$C$51,2,FALSE),"")
B44: =IF(AND(年度数据总览!B48<>0),年度数据总览!B48,"") | C44: =IFERROR(IF(年度数据总览!D48-SUMIF('1月'!$V$30:$V$250,'1月'!$B44,'1月'!$U$30:$U$250)+SUMIF('1月'!$L$30:$L$75,'1月'!$B44,'1月'!$K$30:$K$75)-SUMIF('1月'!$J$85:$J$99,'1月'!$B44,'1月'!$K$85:$K$99)+SUMIF('1月'!$L$85:$L$99,'1月'!$B44,'1月'!$N$85:$N$99)=0,0,年度数据总览!D48-SUMIF('1月'!$V$30:$V$250,'1月'!$B44,'1月'!$U$30:$U$250)+SUMIF('1月'!$L$30:$L$75,'1月'!$B44,'1月'!$K$30:$K$75)-SUMIF('1月'!$J$85:$J$99,'1月'!$B44,'1月'!$K$85:$K$99)+SUMIF('1月'!$L$85:$L$99,'1月'!$B44,'1月'!$N$85:$N$99)),0) -> 0 | M44: =IFERROR(VLOOKUP(L44,年度数据总览!$B$34:$C$51,2,FALSE),"") | W44: =IFERROR(VLOOKUP(V44,年度数据总览!$B$34:$C$51,2,FALSE),"")
B45: =IF(AND(年度数据总览!B49<>0),年度数据总览!B49,"") | C45: =IFERROR(IF(年度数据总览!D49-SUMIF('1月'!$V$30:$V$250,'1月'!$B45,'1月'!$U$30:$U$250)+SUMIF('1月'!$L$30:$L$75,'1月'!$B45,'1月'!$K$30:$K$75)-SUMIF('1月'!$J$85:$J$99,'1月'!$B45,'1月'!$K$85:$K$99)+SUMIF('1月'!$L$85:$L$99,'1月'!$B45,'1月'!$N$85:$N$99)=0,0,年度数据总览!D49-SUMIF('1月'!$V$30:$V$250,'1月'!$B45,'1月'!$U$30:$U$250)+SUMIF('1月'!$L$30:$L$75,'1月'!$B45,'1月'!$K$30:$K$75)-SUMIF('1月'!$J$85:$J$99,'1月'!$B45,'1月'!$K$85:$K$99)+SUMIF('1月'!$L$85:$L$99,'1月'!$B45,'1月'!$N$85:$N$99)),0) -> 0 | M45: =IFERROR(VLOOKUP(L45,年度数据总览!$B$34:$C$51,2,FALSE),"") | W45: =IFERROR(VLOOKUP(V45,年度数据总览!$B$34:$C$51,2,FALSE),"")
B46: =IF(AND(年度数据总览!B50<>0),年度数据总览!B50,"") | C46: =IFERROR(IF(年度数据总览!D50-SUMIF('1月'!$V$30:$V$250,'1月'!$B46,'1月'!$U$30:$U$250)+SUMIF('1月'!$L$30:$L$75,'1月'!$B46,'1月'!$K$30:$K$75)-SUMIF('1月'!$J$85:$J$99,'1月'!$B46,'1月'!$K$85:$K$99)+SUMIF('1月'!$L$85:$L$99,'1月'!$B46,'1月'!$N$85:$N$99)=0,0,年度数据总览!D50-SUMIF('1月'!$V$30:$V$250,'1月'!$B46,'1月'!$U$30:$U$250)+SUMIF('1月'!$L$30:$L$75,'1月'!$B46,'1月'!$K$30:$K$75)-SUMIF('1月'!$J$85:$J$99,'1月'!$B46,'1月'!$K$85:$K$99)+SUMIF('1月'!$L$85:$L$99,'1月'!$B46,'1月'!$N$85:$N$99)),0) -> 0 | M46: =IFERROR(VLOOKUP(L46,年度数据总览!$B$34:$C$51,2,FALSE),"") | W46: =IFERROR(VLOOKUP(V46,年度数据总览!$B$34:$C$51,2,FALSE),"")
B47: =IF(AND(年度数据总览!B51<>0),年度数据总览!B51,"") | C47: =IFERROR(IF(年度数据总览!D51-SUMIF('1月'!$V$30:$V$250,'1月'!$B47,'1月'!$U$30:$U$250)+SUMIF('1月'!$L$30:$L$75,'1月'!$B47,'1月'!$K$30:$K$75)-SUMIF('1月'!$J$85:$J$99,'1月'!$B47,'1月'!$K$85:$K$99)+SUMIF('1月'!$L$85:$L$99,'1月'!$B47,'1月'!$N$85:$N$99)=0,0,年度数据总览!D51-SUMIF('1月'!$V$30:$V$250,'1月'!$B47,'1月'!$U$30:$U$250)+SUMIF('1月'!$L$30:$L$75,'1月'!$B47,'1月'!$K$30:$K$75)-SUMIF('1月'!$J$85:$J$99,'1月'!$B47,'1月'!$K$85:$K$99)+SUMIF('1月'!$L$85:$L$99,'1月'!$B47,'1月'!$N$85:$N$99)),0) -> 0 | M47: =IFERROR(VLOOKUP(L47,年度数据总览!$B$34:$C$51,2,FALSE),"") | W47: =IFERROR(VLOOKUP(V47,年度数据总览!$B$34:$C$51,2,FALSE),"")
... B73: =IF(AND(年度数据总览!B77<>0),年度数据总览!B77,"") | C73: =IFERROR(IF(年度数据总览!D77-SUMIF('1月'!$V$30:$V$250,'1月'!$B73,'1月'!$U$30:$U$250)+SUMIF('1月'!$L$30:$L$75,'1月'!$B73,'1月'!$K$30:$K$75)-SUMIF('1月'!$J$85:$J$99,'1月'!$B73,'1月'!$K$85:$K$99)+SUMIF('1月'!$L$85:$L$99,'1月'!$B73,'1月'!$N$85:$N$99)=0,0,年度数据总览!D77-SUMIF('1月'!$V$30:$V$250,'1月'!$B73,'1月'!$U$30:$U$250)+SUMIF('1月'!$L$30:$L$75,'1月'!$B73,'1月'!$K$30:$K$75)-SUMIF('1月'!$J$85:$J$99,'1月'!$B73,'1月'!$K$85:$K$99)+SUMIF('1月'!$L$85:$L$99,'1月'!$B73,'1月'!$N$85:$N$99)),0) -> 0 | M73: =IFERROR(VLOOKUP(L73,年度数据总览!$B$34:$C$51,2,FALSE),"") | W73: =IFERROR(VLOOKUP(V73,年度数据总览!$B$34:$C$51,2,FALSE),"")
B74: =IF(AND(年度数据总览!B78<>0),年度数据总览!B78,"") | C74: =IFERROR(IF(年度数据总览!D78-SUMIF('1月'!$V$30:$V$250,'1月'!$B74,'1月'!$U$30:$U$250)+SUMIF('1月'!$L$30:$L$75,'1月'!$B74,'1月'!$K$30:$K$75)-SUMIF('1月'!$J$85:$J$99,'1月'!$B74,'1月'!$K$85:$K$99)+SUMIF('1月'!$L$85:$L$99,'1月'!$B74,'1月'!$N$85:$N$99)=0,0,年度数据总览!D78-SUMIF('1月'!$V$30:$V$250,'1月'!$B74,'1月'!$U$30:$U$250)+SUMIF('1月'!$L$30:$L$75,'1月'!$B74,'1月'!$K$30:$K$75)-SUMIF('1月'!$J$85:$J$99,'1月'!$B74,'1月'!$K$85:$K$99)+SUMIF('1月'!$L$85:$L$99,'1月'!$B74,'1月'!$N$85:$N$99)),0) -> 0 | M74: =IFERROR(VLOOKUP(L74,年度数据总览!$B$34:$C$51,2,FALSE),"") | W74: =IFERROR(VLOOKUP(V74,年度数据总览!$B$34:$C$51,2,FALSE),"") | AA74: 如需空白处新增内容，请在此行之下进行新增编辑，以免与其它数据产生冲突
B75: 汇总 | C75: =SUBTOTAL(109,C30:C74) -> 16000 | M75: =IFERROR(VLOOKUP(L75,年度数据总览!$B$34:$C$51,2,FALSE),"") | W75: =IFERROR(VLOOKUP(V75,年度数据总览!$B$34:$C$51,2,FALSE),"")
W76: =IFERROR(VLOOKUP(V76,年度数据总览!$B$34:$C$51,2,FALSE),"")
W77: =IFERROR(VLOOKUP(V77,年度数据总览!$B$34:$C$51,2,FALSE),"")
W78: =IFERROR(VLOOKUP(V78,年度数据总览!$B$34:$C$51,2,FALSE),"")
W79: =IFERROR(VLOOKUP(V79,年度数据总览!$B$34:$C$51,2,FALSE),"")
W80: =IFERROR(VLOOKUP(V80,年度数据总览!$B$34:$C$51,2,FALSE),"")
G81: 账户内互转/还款记录 | J81: 账户内互转 | L81: 日常消费还款 | N81: 还贷/还债 | W81: =IFERROR(VLOOKUP(V81,年度数据总览!$B$34:$C$51,2,FALSE),"")
J82: =SUMIF(表8_7[项目大类],J81,表8_7[转出金额]) -> 1000 | L82: =SUMIF(表8_7[项目大类],L81,表8_7[转出金额]) -> 499 | N82: =SUMIF(表8_7[项目大类],N81,表8_7[转出金额]) -> 0 | W82: =IFERROR(VLOOKUP(V82,年度数据总览!$B$34:$C$51,2,FALSE),"")
G83: 手动填写 | H83: 下拉筛选 | I83: 手动填写 | J83: 下拉筛选 | K83: 手动填写 | L83: 下拉筛选 | M83: 自动生成 | N83: 自动生成 | O83: 手动填写 | W83: =IFERROR(VLOOKUP(V83,年度数据总览!$B$34:$C$51,2,FALSE),"")
G84: 日期 | H84: 项目大类 | I84: 项目细项 | J84: 转出账户 | K84: 转出金额 | L84: 转入账户 | M84: 账户大类 | N84: 转入金额 | O84: 归属方 | W84: =IFERROR(VLOOKUP(V84,年度数据总览!$B$34:$C$51,2,FALSE),"")
G85: 1 | H85: 账户内互转 | I85: XX归还 | J85: XX未还债务 | K85: 1000 | L85: 微信 | M85: =IFERROR(VLOOKUP(L85,年度数据总览!$B$34:$C$51,2,FALSE),"") -> 活期 | N85: =IF(表8_7[[#This Row],[转出金额]]=0,"",表8_7[[#This Row],[转出金额]]) -> 1000 | O85: 自己 | W85: =IFERROR(VLOOKUP(V85,年度数据总览!$B$34:$C$51,2,FALSE),"")
G86: 2 | H86: 日常消费还款 | J86: 余额宝 | K86: 499 | L86: 花呗负债 | M86: =IFERROR(VLOOKUP(L86,年度数据总览!$B$34:$C$51,2,FALSE),"") -> 负债 | N86: =IF(表8_7[[#This Row],[转出金额]]=0,"",表8_7[[#This Row],[转出金额]]) -> 499 | O86: 自己 | W86: =IFERROR(VLOOKUP(V86,年度数据总览!$B$34:$C$51,2,FALSE),"")
M87: =IFERROR(VLOOKUP(L87,年度数据总览!$B$34:$C$51,2,FALSE),"") | N87: =IF(表8_7[[#This Row],[转出金额]]=0,"",表8_7[[#This Row],[转出金额]]) | W87: =IFERROR(VLOOKUP(V87,年度数据总览!$B$34:$C$51,2,FALSE),"")
M88: =IFERROR(VLOOKUP(L88,年度数据总览!$B$34:$C$51,2,FALSE),"") | N88: =IF(表8_7[[#This Row],[转出金额]]=0,"",表8_7[[#This Row],[转出金额]]) | W88: =IFERROR(VLOOKUP(V88,年度数据总览!$B$34:$C$51,2,FALSE),"")
M89: =IFERROR(VLOOKUP(L89,年度数据总览!$B$34:$C$51,2,FALSE),"") | N89: =IF(表8_7[[#This Row],[转出金额]]=0,"",表8_7[[#This Row],[转出金额]]) | W89: =IFERROR(VLOOKUP(V89,年度数据总览!$B$34:$C$51,2,FALSE),"")
M90: =IFERROR(VLOOKUP(L90,年度数据总览!$B$34:$C$51,2,FALSE),"") | N90: =IF(表8_7[[#This Row],[转出金额]]=0,"",表8_7[[#This Row],[转出金额]]) | W90: =IFERROR(VLOOKUP(V90,年度数据总览!$B$34:$C$51,2,FALSE),"")
M91: =IFERROR(VLOOKUP(L91,年度数据总览!$B$34:$C$51,2,FALSE),"") | N91: =IF(表8_7[[#This Row],[转出金额]]=0,"",表8_7[[#This Row],[转出金额]]) | W91: =IFERROR(VLOOKUP(V91,年度数据总览!$B$34:$C$51,2,FALSE),"")
M92: =IFERROR(VLOOKUP(L92,年度数据总览!$B$34:$C$51,2,FALSE),"") | N92: =IF(表8_7[[#This Row],[转出金额]]=0,"",表8_7[[#This Row],[转出金额]]) | W92: =IFERROR(VLOOKUP(V92,年度数据总览!$B$34:$C$51,2,FALSE),"")
M93: =IFERROR(VLOOKUP(L93,年度数据总览!$B$34:$C$51,2,FALSE),"") | N93: =IF(表8_7[[#This Row],[转出金额]]=0,"",表8_7[[#This Row],[转出金额]]) | W93: =IFERROR(VLOOKUP(V93,年度数据总览!$B$34:$C$51,2,FALSE),"")
M94: =IFERROR(VLOOKUP(L94,年度数据总览!$B$34:$C$51,2,FALSE),"") | N94: =IF(表8_7[[#This Row],[转出金额]]=0,"",表8_7[[#This Row],[转出金额]]) | W94: =IFERROR(VLOOKUP(V94,年度数据总览!$B$34:$C$51,2,FALSE),"")
M95: =IFERROR(VLOOKUP(L95,年度数据总览!$B$34:$C$51,2,FALSE),"") | N95: =IF(表8_7[[#This Row],[转出金额]]=0,"",表8_7[[#This Row],[转出金额]]) | W95: =IFERROR(VLOOKUP(V95,年度数据总览!$B$34:$C$51,2,FALSE),"")
M96: =IFERROR(VLOOKUP(L96,年度数据总览!$B$34:$C$51,2,FALSE),"") | N96: =IF(表8_7[[#This Row],[转出金额]]=0,"",表8_7[[#This Row],[转出金额]]) | W96: =IFERROR(VLOOKUP(V96,年度数据总览!$B$34:$C$51,2,FALSE),"")
M97: =IFERROR(VLOOKUP(L97,年度数据总览!$B$34:$C$51,2,FALSE),"") | N97: =IF(表8_7[[#This Row],[转出金额]]=0,"",表8_7[[#This Row],[转出金额]]) | W97: =IFERROR(VLOOKUP(V97,年度数据总览!$B$34:$C$51,2,FALSE),"")
M98: =IFERROR(VLOOKUP(L98,年度数据总览!$B$34:$C$51,2,FALSE),"") | N98: =IF(表8_7[[#This Row],[转出金额]]=0,"",表8_7[[#This Row],[转出金额]]) | W98: =IFERROR(VLOOKUP(V98,年度数据总览!$B$34:$C$51,2,FALSE),"")
M99: =IFERROR(VLOOKUP(L99,年度数据总览!$B$34:$C$51,2,FALSE),"") | N99: =IF(表8_7[[#This Row],[转出金额]]=0,"",表8_7[[#This Row],[转出金额]]) | W99: =IFERROR(VLOOKUP(V99,年度数据总览!$B$34:$C$51,2,FALSE),"")
W100: =IFERROR(VLOOKUP(V100,年度数据总览!$B$34:$C$51,2,FALSE),"")
W101: =IFERROR(VLOOKUP(V101,年度数据总览!$B$34:$C$51,2,FALSE),"")
W102: =IFERROR(VLOOKUP(V102,年度数据总览!$B$34:$C$51,2,FALSE),"")
W103: =IFERROR(VLOOKUP(V103,年度数据总览!$B$34:$C$51,2,FALSE),"")
W104: =IFERROR(VLOOKUP(V104,年度数据总览!$B$34:$C$51,2,FALSE),"")
W105: =IFERROR(VLOOKUP(V105,年度数据总览!$B$34:$C$51,2,FALSE),"")
G106: 收入大类 | H106: 金额 | I106: 收入细项 | J106: 金额2 | L106: 支出大类 | M106: 金额 | N106: 支出细项 | O106: 金额 | W106: =IFERROR(VLOOKUP(V106,年度数据总览!$B$34:$C$51,2,FALSE),"")
G107: =IF(AND(年度数据总览!H33<>0),年度数据总览!H33,"") -> 固定收入 | H107: =IF(SUMIF($H$30:$H$75,G107,$K$30:$K$75)=0,"",SUMIF($H$30:$H$75,G107,$K$30:$K$75)) -> 2000 | I107: =IF(AND(年度数据总览!J33<>0),年度数据总览!J33,"") -> 副业 | J107: =IF(SUMIF($I$30:$I$75,I107,$K$30:$K$75)=0,"",SUMIF($I$30:$I$75,I107,$K$30:$K$75)) -> 1000 | L107: =IF(AND(年度数据总览!N33<>0),年度数据总览!N33,"") -> 食 | M107: =IF(SUMIF($R$30:$R$251,L107,$U$30:$U$251)=0,"",SUMIF($R$30:$R$251,L107,$U$30:$U$251)) -> 500 | N107: =IF(AND(年度数据总览!P33<>0),年度数据总览!P33,"") -> 买菜 | O107: =IF(SUMIF($S$30:$S$251,N107,$U$30:$U$251)=0,"",SUMIF($S$30:$S$251,N107,$U$30:$U$251)) | W107: =IFERROR(VLOOKUP(V107,年度数据总览!$B$34:$C$51,2,FALSE),"")
G108: =IF(AND(年度数据总览!H34<>0),年度数据总览!H34,"") -> 其它收入 | H108: =IF(SUMIF($H$30:$H$75,G108,$K$30:$K$75)=0,"",SUMIF($H$30:$H$75,G108,$K$30:$K$75)) -> 1000 | I108: =IF(AND(年度数据总览!J34<>0),年度数据总览!J34,"") -> 工作薪资 | J108: =IF(SUMIF($I$30:$I$75,I108,$K$30:$K$75)=0,"",SUMIF($I$30:$I$75,I108,$K$30:$K$75)) -> 2000 | L108: =IF(AND(年度数据总览!N34<>0),年度数据总览!N34,"") -> 衣 | M108: =IF(SUMIF($R$30:$R$251,L108,$U$30:$U$251)=0,"",SUMIF($R$30:$R$251,L108,$U$30:$U$251)) -> 400 | N108: =IF(AND(年度数据总览!P34<>0),年度数据总览!P34,"") -> 外食 | O108: =IF(SUMIF($S$30:$S$251,N108,$U$30:$U$251)=0,"",SUMIF($S$30:$S$251,N108,$U$30:$U$251)) | W108: =IFERROR(VLOOKUP(V108,年度数据总览!$B$34:$C$51,2,FALSE),"")
G109: =IF(AND(年度数据总览!H35<>0),年度数据总览!H35,"") -> 借款归还 | H109: =IF(SUMIF($H$30:$H$75,G109,$K$30:$K$75)=0,"",SUMIF($H$30:$H$75,G109,$K$30:$K$75)) | I109: =IF(AND(年度数据总览!J35<>0),年度数据总览!J35,"") -> 红包 | J109: =IF(SUMIF($I$30:$I$75,I109,$K$30:$K$75)=0,"",SUMIF($I$30:$I$75,I109,$K$30:$K$75)) | L109: =IF(AND(年度数据总览!N35<>0),年度数据总览!N35,"") -> 住 | M109: =IF(SUMIF($R$30:$R$251,L109,$U$30:$U$251)=0,"",SUMIF($R$30:$R$251,L109,$U$30:$U$251)) | N109: =IF(AND(年度数据总览!P35<>0),年度数据总览!P35,"") -> 零食饮品 | O109: =IF(SUMIF($S$30:$S$251,N109,$U$30:$U$251)=0,"",SUMIF($S$30:$S$251,N109,$U$30:$U$251)) -> 500 | W109: =IFERROR(VLOOKUP(V109,年度数据总览!$B$34:$C$51,2,FALSE),"")
G110: =IF(AND(年度数据总览!H36<>0),年度数据总览!H36,"") | H110: =IF(SUMIF($H$30:$H$75,G110,$K$30:$K$75)=0,"",SUMIF($H$30:$H$75,G110,$K$30:$K$75)) | I110: =IF(AND(年度数据总览!J36<>0),年度数据总览!J36,"") -> 退费 | J110: =IF(SUMIF($I$30:$I$75,I110,$K$30:$K$75)=0,"",SUMIF($I$30:$I$75,I110,$K$30:$K$75)) | L110: =IF(AND(年度数据总览!N36<>0),年度数据总览!N36,"") -> 行 | M110: =IF(SUMIF($R$30:$R$251,L110,$U$30:$U$251)=0,"",SUMIF($R$30:$R$251,L110,$U$30:$U$251)) -> 300 | N110: =IF(AND(年度数据总览!P36<>0),年度数据总览!P36,"") -> 服饰鞋包 | O110: =IF(SUMIF($S$30:$S$251,N110,$U$30:$U$251)=0,"",SUMIF($S$30:$S$251,N110,$U$30:$U$251)) | W110: =IFERROR(VLOOKUP(V110,年度数据总览!$B$34:$C$51,2,FALSE),"")
G111: =IF(AND(年度数据总览!H37<>0),年度数据总览!H37,"") | H111: =IF(SUMIF($H$30:$H$75,G111,$K$30:$K$75)=0,"",SUMIF($H$30:$H$75,G111,$K$30:$K$75)) | I111: =IF(AND(年度数据总览!J37<>0),年度数据总览!J37,"") -> 报销 | J111: =IF(SUMIF($I$30:$I$75,I111,$K$30:$K$75)=0,"",SUMIF($I$30:$I$75,I111,$K$30:$K$75)) | L111: =IF(AND(年度数据总览!N37<>0),年度数据总览!N37,"") -> 娱与学 | M111: =IF(SUMIF($R$30:$R$251,L111,$U$30:$U$251)=0,"",SUMIF($R$30:$R$251,L111,$U$30:$U$251)) -> 600 | N111: =IF(AND(年度数据总览!P37<>0),年度数据总览!P37,"") -> 个护美容 | O111: =IF(SUMIF($S$30:$S$251,N111,$U$30:$U$251)=0,"",SUMIF($S$30:$S$251,N111,$U$30:$U$251)) | W111: =IFERROR(VLOOKUP(V111,年度数据总览!$B$34:$C$51,2,FALSE),"")
G112: =IF(AND(年度数据总览!H38<>0),年度数据总览!H38,"") | H112: =IF(SUMIF($H$30:$H$75,G112,$K$30:$K$75)=0,"",SUMIF($H$30:$H$75,G112,$K$30:$K$75)) | I112: =IF(AND(年度数据总览!J38<>0),年度数据总览!J38,"") | J112: =IF(SUMIF($I$30:$I$75,I112,$K$30:$K$75)=0,"",SUMIF($I$30:$I$75,I112,$K$30:$K$75)) | L112: =IF(AND(年度数据总览!N38<>0),年度数据总览!N38,"") -> 情感社交 | M112: =IF(SUMIF($R$30:$R$251,L112,$U$30:$U$251)=0,"",SUMIF($R$30:$R$251,L112,$U$30:$U$251)) -> 200 | N112: =IF(AND(年度数据总览!P38<>0),年度数据总览!P38,"") -> 房租/房贷 | O112: =IF(SUMIF($S$30:$S$251,N112,$U$30:$U$251)=0,"",SUMIF($S$30:$S$251,N112,$U$30:$U$251)) | W112: =IFERROR(VLOOKUP(V112,年度数据总览!$B$34:$C$51,2,FALSE),"")
G113: =IF(AND(年度数据总览!H39<>0),年度数据总览!H39,"") | H113: =IF(SUMIF($H$30:$H$75,G113,$K$30:$K$75)=0,"",SUMIF($H$30:$H$75,G113,$K$30:$K$75)) | I113: =IF(AND(年度数据总览!J39<>0),年度数据总览!J39,"") | J113: =IF(SUMIF($I$30:$I$75,I113,$K$30:$K$75)=0,"",SUMIF($I$30:$I$75,I113,$K$30:$K$75)) | L113: =IF(AND(年度数据总览!N39<>0),年度数据总览!N39,"") -> 医疗 | M113: =IF(SUMIF($R$30:$R$251,L113,$U$30:$U$251)=0,"",SUMIF($R$30:$R$251,L113,$U$30:$U$251)) | N113: =IF(AND(年度数据总览!P39<>0),年度数据总览!P39,"") -> 水电燃气 | O113: =IF(SUMIF($S$30:$S$251,N113,$U$30:$U$251)=0,"",SUMIF($S$30:$S$251,N113,$U$30:$U$251)) | W113: =IFERROR(VLOOKUP(V113,年度数据总览!$B$34:$C$51,2,FALSE),"")
G114: =IF(AND(年度数据总览!H40<>0),年度数据总览!H40,"") | H114: =IF(SUMIF($H$30:$H$75,G114,$K$30:$K$75)=0,"",SUMIF($H$30:$H$75,G114,$K$30:$K$75)) | I114: =IF(AND(年度数据总览!J40<>0),年度数据总览!J40,"") | J114: =IF(SUMIF($I$30:$I$75,I114,$K$30:$K$75)=0,"",SUMIF($I$30:$I$75,I114,$K$30:$K$75)) | L114: =IF(AND(年度数据总览!N40<>0),年度数据总览!N40,"") -> 金融往来 | M114: =IF(SUMIF($R$30:$R$251,L114,$U$30:$U$251)=0,"",SUMIF($R$30:$R$251,L114,$U$30:$U$251)) | N114: =IF(AND(年度数据总览!P40<>0),年度数据总览!P40,"") -> 网络通讯 | O114: =IF(SUMIF($S$30:$S$251,N114,$U$30:$U$251)=0,"",SUMIF($S$30:$S$251,N114,$U$30:$U$251)) | W114: =IFERROR(VLOOKUP(V114,年度数据总览!$B$34:$C$51,2,FALSE),"")
G115: =IF(AND(年度数据总览!H41<>0),年度数据总览!H41,"") | H115: =IF(SUMIF($H$30:$H$75,G115,$K$30:$K$75)=0,"",SUMIF($H$30:$H$75,G115,$K$30:$K$75)) | I115: =IF(AND(年度数据总览!J41<>0),年度数据总览!J41,"") | J115: =IF(SUMIF($I$30:$I$75,I115,$K$30:$K$75)=0,"",SUMIF($I$30:$I$75,I115,$K$30:$K$75)) | L115: =IF(AND(年度数据总览!N41<>0),年度数据总览!N41,"") -> 其他杂项 | M115: =IF(SUMIF($R$30:$R$251,L115,$U$30:$U$251)=0,"",SUMIF($R$30:$R$251,L115,$U$30:$U$251)) | N115: =IF(AND(年度数据总览!P41<>0),年度数据总览!P41,"") -> 家居日用 | O115: =IF(SUMIF($S$30:$S$251,N115,$U$30:$U$251)=0,"",SUMIF($S$30:$S$251,N115,$U$30:$U$251)) | W115: =IFERROR(VLOOKUP(V115,年度数据总览!$B$34:$C$51,2,FALSE),"")
G116: =IF(AND(年度数据总览!H42<>0),年度数据总览!H42,"") | H116: =IF(SUMIF($H$30:$H$75,G116,$K$30:$K$75)=0,"",SUMIF($H$30:$H$75,G116,$K$30:$K$75)) | I116: =IF(AND(年度数据总览!J42<>0),年度数据总览!J42,"") | J116: =IF(SUMIF($I$30:$I$75,I116,$K$30:$K$75)=0,"",SUMIF($I$30:$I$75,I116,$K$30:$K$75)) | L116: =IF(AND(年度数据总览!N42<>0),年度数据总览!N42,"") | M116: =IF(SUMIF($R$30:$R$251,L116,$U$30:$U$251)=0,"",SUMIF($R$30:$R$251,L116,$U$30:$U$251)) | N116: =IF(AND(年度数据总览!P42<>0),年度数据总览!P42,"") -> 住宿 | O116: =IF(SUMIF($S$30:$S$251,N116,$U$30:$U$251)=0,"",SUMIF($S$30:$S$251,N116,$U$30:$U$251)) | W116: =IFERROR(VLOOKUP(V116,年度数据总览!$B$34:$C$51,2,FALSE),"")
G117: =IF(AND(年度数据总览!H43<>0),年度数据总览!H43,"") | H117: =IF(SUMIF($H$30:$H$75,G117,$K$30:$K$75)=0,"",SUMIF($H$30:$H$75,G117,$K$30:$K$75)) | I117: =IF(AND(年度数据总览!J43<>0),年度数据总览!J43,"") | J117: =IF(SUMIF($I$30:$I$75,I117,$K$30:$K$75)=0,"",SUMIF($I$30:$I$75,I117,$K$30:$K$75)) | L117: =IF(AND(年度数据总览!N43<>0),年度数据总览!N43,"") | M117: =IF(SUMIF($R$30:$R$251,L117,$U$30:$U$251)=0,"",SUMIF($R$30:$R$251,L117,$U$30:$U$251)) | N117: =IF(AND(年度数据总览!P43<>0),年度数据总览!P43,"") -> 公共交通 | O117: =IF(SUMIF($S$30:$S$251,N117,$U$30:$U$251)=0,"",SUMIF($S$30:$S$251,N117,$U$30:$U$251)) | W117: =IFERROR(VLOOKUP(V117,年度数据总览!$B$34:$C$51,2,FALSE),"")
G118: =IF(AND(年度数据总览!H44<>0),年度数据总览!H44,"") | H118: =IF(SUMIF($H$30:$H$75,G118,$K$30:$K$75)=0,"",SUMIF($H$30:$H$75,G118,$K$30:$K$75)) | I118: =IF(AND(年度数据总览!J44<>0),年度数据总览!J44,"") | J118: =IF(SUMIF($I$30:$I$75,I118,$K$30:$K$75)=0,"",SUMIF($I$30:$I$75,I118,$K$30:$K$75)) | L118: =IF(AND(年度数据总览!N44<>0),年度数据总览!N44,"") | M118: =IF(SUMIF($R$30:$R$251,L118,$U$30:$U$251)=0,"",SUMIF($R$30:$R$251,L118,$U$30:$U$251)) | N118: =IF(AND(年度数据总览!P44<>0),年度数据总览!P44,"") -> 打车/租车 | O118: =IF(SUMIF($S$30:$S$251,N118,$U$30:$U$251)=0,"",SUMIF($S$30:$S$251,N118,$U$30:$U$251)) | W118: =IFERROR(VLOOKUP(V118,年度数据总览!$B$34:$C$51,2,FALSE),"")
G119: =IF(AND(年度数据总览!H45<>0),年度数据总览!H45,"") | H119: =IF(SUMIF($H$30:$H$75,G119,$K$30:$K$75)=0,"",SUMIF($H$30:$H$75,G119,$K$30:$K$75)) | I119: =IF(AND(年度数据总览!J45<>0),年度数据总览!J45,"") | J119: =IF(SUMIF($I$30:$I$75,I119,$K$30:$K$75)=0,"",SUMIF($I$30:$I$75,I119,$K$30:$K$75)) | L119: =IF(AND(年度数据总览!N45<>0),年度数据总览!N45,"") | M119: =IF(SUMIF($R$30:$R$251,L119,$U$30:$U$251)=0,"",SUMIF($R$30:$R$251,L119,$U$30:$U$251)) | N119: =IF(AND(年度数据总览!P45<>0),年度数据总览!P45,"") -> 游戏/娱乐 | O119: =IF(SUMIF($S$30:$S$251,N119,$U$30:$U$251)=0,"",SUMIF($S$30:$S$251,N119,$U$30:$U$251)) | W119: =IFERROR(VLOOKUP(V119,年度数据总览!$B$34:$C$51,2,FALSE),"")
G120: =IF(AND(年度数据总览!H46<>0),年度数据总览!H46,"") | H120: =IF(SUMIF($H$30:$H$75,G120,$K$30:$K$75)=0,"",SUMIF($H$30:$H$75,G120,$K$30:$K$75)) | I120: =IF(AND(年度数据总览!J46<>0),年度数据总览!J46,"") | J120: =IF(SUMIF($I$30:$I$75,I120,$K$30:$K$75)=0,"",SUMIF($I$30:$I$75,I120,$K$30:$K$75)) | L120: =IF(AND(年度数据总览!N46<>0),年度数据总览!N46,"") | M120: =IF(SUMIF($R$30:$R$251,L120,$U$30:$U$251)=0,"",SUMIF($R$30:$R$251,L120,$U$30:$U$251)) | N120: =IF(AND(年度数据总览!P46<>0),年度数据总览!P46,"") -> 书籍课程 | O120: =IF(SUMIF($S$30:$S$251,N120,$U$30:$U$251)=0,"",SUMIF($S$30:$S$251,N120,$U$30:$U$251))
G121: =IF(AND(年度数据总览!H47<>0),年度数据总览!H47,"") | H121: =IF(SUMIF($H$30:$H$75,G121,$K$30:$K$75)=0,"",SUMIF($H$30:$H$75,G121,$K$30:$K$75)) | I121: =IF(AND(年度数据总览!J47<>0),年度数据总览!J47,"") | J121: =IF(SUMIF($I$30:$I$75,I121,$K$30:$K$75)=0,"",SUMIF($I$30:$I$75,I121,$K$30:$K$75)) | L121: =IF(AND(年度数据总览!N47<>0),年度数据总览!N47,"") | M121: =IF(SUMIF($R$30:$R$251,L121,$U$30:$U$251)=0,"",SUMIF($R$30:$R$251,L121,$U$30:$U$251)) | N121: =IF(AND(年度数据总览!P47<>0),年度数据总览!P47,"") -> 运动健身 | O121: =IF(SUMIF($S$30:$S$251,N121,$U$30:$U$251)=0,"",SUMIF($S$30:$S$251,N121,$U$30:$U$251)) | W121: =IFERROR(VLOOKUP(V121,年度数据总览!$B$34:$C$51,2,FALSE),"")
G122: =IF(AND(年度数据总览!H48<>0),年度数据总览!H48,"") | H122: =IF(SUMIF($H$30:$H$75,G122,$K$30:$K$75)=0,"",SUMIF($H$30:$H$75,G122,$K$30:$K$75)) | I122: =IF(AND(年度数据总览!J48<>0),年度数据总览!J48,"") | J122: =IF(SUMIF($I$30:$I$75,I122,$K$30:$K$75)=0,"",SUMIF($I$30:$I$75,I122,$K$30:$K$75)) | L122: =IF(AND(年度数据总览!N48<>0),年度数据总览!N48,"") | M122: =IF(SUMIF($R$30:$R$251,L122,$U$30:$U$251)=0,"",SUMIF($R$30:$R$251,L122,$U$30:$U$251)) | N122: =IF(AND(年度数据总览!P48<>0),年度数据总览!P48,"") -> 影音会员 | O122: =IF(SUMIF($S$30:$S$251,N122,$U$30:$U$251)=0,"",SUMIF($S$30:$S$251,N122,$U$30:$U$251)) -> 600 | W122: =IFERROR(VLOOKUP(V122,年度数据总览!$B$34:$C$51,2,FALSE),"")
G123: =IF(AND(年度数据总览!H49<>0),年度数据总览!H49,"") | H123: =IF(SUMIF($H$30:$H$75,G123,$K$30:$K$75)=0,"",SUMIF($H$30:$H$75,G123,$K$30:$K$75)) | I123: =IF(AND(年度数据总览!J49<>0),年度数据总览!J49,"") | J123: =IF(SUMIF($I$30:$I$75,I123,$K$30:$K$75)=0,"",SUMIF($I$30:$I$75,I123,$K$30:$K$75)) | L123: =IF(AND(年度数据总览!N49<>0),年度数据总览!N49,"") | M123: =IF(SUMIF($R$30:$R$251,L123,$U$30:$U$251)=0,"",SUMIF($R$30:$R$251,L123,$U$30:$U$251)) | N123: =IF(AND(年度数据总览!P49<>0),年度数据总览!P49,"") -> 旅游 | O123: =IF(SUMIF($S$30:$S$251,N123,$U$30:$U$251)=0,"",SUMIF($S$30:$S$251,N123,$U$30:$U$251)) -> 300 | W123: =IFERROR(VLOOKUP(V123,年度数据总览!$B$34:$C$51,2,FALSE),"")
G124: =IF(AND(年度数据总览!H50<>0),年度数据总览!H50,"") | H124: =IF(SUMIF($H$30:$H$75,G124,$K$30:$K$75)=0,"",SUMIF($H$30:$H$75,G124,$K$30:$K$75)) | I124: =IF(AND(年度数据总览!J50<>0),年度数据总览!J50,"") | J124: =IF(SUMIF($I$30:$I$75,I124,$K$30:$K$75)=0,"",SUMIF($I$30:$I$75,I124,$K$30:$K$75)) | L124: =IF(AND(年度数据总览!N50<>0),年度数据总览!N50,"") | M124: =IF(SUMIF($R$30:$R$251,L124,$U$30:$U$251)=0,"",SUMIF($R$30:$R$251,L124,$U$30:$U$251)) | N124: =IF(AND(年度数据总览!P50<>0),年度数据总览!P50,"") -> 亲友礼物 | O124: =IF(SUMIF($S$30:$S$251,N124,$U$30:$U$251)=0,"",SUMIF($S$30:$S$251,N124,$U$30:$U$251)) -> 400 | W124: =IFERROR(VLOOKUP(V124,年度数据总览!$B$34:$C$51,2,FALSE),"")
G125: =IF(AND(年度数据总览!H51<>0),年度数据总览!H51,"") | H125: =IF(SUMIF($H$30:$H$75,G125,$K$30:$K$75)=0,"",SUMIF($H$30:$H$75,G125,$K$30:$K$75)) | I125: =IF(AND(年度数据总览!J51<>0),年度数据总览!J51,"") | J125: =IF(SUMIF($I$30:$I$75,I125,$K$30:$K$75)=0,"",SUMIF($I$30:$I$75,I125,$K$30:$K$75)) | L125: =IF(AND(年度数据总览!N51<>0),年度数据总览!N51,"") | M125: =IF(SUMIF($R$30:$R$251,L125,$U$30:$U$251)=0,"",SUMIF($R$30:$R$251,L125,$U$30:$U$251)) | N125: =IF(AND(年度数据总览!P51<>0),年度数据总览!P51,"") -> 聚餐请客 | O125: =IF(SUMIF($S$30:$S$251,N125,$U$30:$U$251)=0,"",SUMIF($S$30:$S$251,N125,$U$30:$U$251)) | W125: =IFERROR(VLOOKUP(V125,年度数据总览!$B$34:$C$51,2,FALSE),"")
G126: =IF(AND(年度数据总览!H52<>0),年度数据总览!H52,"") | H126: =IF(SUMIF($H$30:$H$75,G126,$K$30:$K$75)=0,"",SUMIF($H$30:$H$75,G126,$K$30:$K$75)) | I126: =IF(AND(年度数据总览!J52<>0),年度数据总览!J52,"") | J126: =IF(SUMIF($I$30:$I$75,I126,$K$30:$K$75)=0,"",SUMIF($I$30:$I$75,I126,$K$30:$K$75)) | L126: =IF(AND(年度数据总览!N52<>0),年度数据总览!N52,"") | M126: =IF(SUMIF($R$30:$R$251,L126,$U$30:$U$251)=0,"",SUMIF($R$30:$R$251,L126,$U$30:$U$251)) | N126: =IF(AND(年度数据总览!P52<>0),年度数据总览!P52,"") -> 红包/随礼 | O126: =IF(SUMIF($S$30:$S$251,N126,$U$30:$U$251)=0,"",SUMIF($S$30:$S$251,N126,$U$30:$U$251)) | W126: =IFERROR(VLOOKUP(V126,年度数据总览!$B$34:$C$51,2,FALSE),"")
G127: =IF(AND(年度数据总览!H53<>0),年度数据总览!H53,"") | H127: =IF(SUMIF($H$30:$H$75,G127,$K$30:$K$75)=0,"",SUMIF($H$30:$H$75,G127,$K$30:$K$75)) | I127: =IF(AND(年度数据总览!J53<>0),年度数据总览!J53,"") | J127: =IF(SUMIF($I$30:$I$75,I127,$K$30:$K$75)=0,"",SUMIF($I$30:$I$75,I127,$K$30:$K$75)) | L127: =IF(AND(年度数据总览!N53<>0),年度数据总览!N53,"") | M127: =IF(SUMIF($R$30:$R$251,L127,$U$30:$U$251)=0,"",SUMIF($R$30:$R$251,L127,$U$30:$U$251)) | N127: =IF(AND(年度数据总览!P53<>0),年度数据总览!P53,"") -> 宠物花销 | O127: =IF(SUMIF($S$30:$S$251,N127,$U$30:$U$251)=0,"",SUMIF($S$30:$S$251,N127,$U$30:$U$251)) -> 200 | W127: =IFERROR(VLOOKUP(V127,年度数据总览!$B$34:$C$51,2,FALSE),"")
G128: =IF(AND(年度数据总览!H54<>0),年度数据总览!H54,"") | H128: =IF(SUMIF($H$30:$H$75,G128,$K$30:$K$75)=0,"",SUMIF($H$30:$H$75,G128,$K$30:$K$75)) | I128: =IF(AND(年度数据总览!J54<>0),年度数据总览!J54,"") | J128: =IF(SUMIF($I$30:$I$75,I128,$K$30:$K$75)=0,"",SUMIF($I$30:$I$75,I128,$K$30:$K$75)) | L128: =IF(AND(年度数据总览!N54<>0),年度数据总览!N54,"") | M128: =IF(SUMIF($R$30:$R$251,L128,$U$30:$U$251)=0,"",SUMIF($R$30:$R$251,L128,$U$30:$U$251)) | N128: =IF(AND(年度数据总览!P54<>0),年度数据总览!P54,"") -> 公益 | O128: =IF(SUMIF($S$30:$S$251,N128,$U$30:$U$251)=0,"",SUMIF($S$30:$S$251,N128,$U$30:$U$251)) | W128: =IFERROR(VLOOKUP(V128,年度数据总览!$B$34:$C$51,2,FALSE),"")
L129: =IF(AND(年度数据总览!N55<>0),年度数据总览!N55,"") | M129: =IF(SUMIF($R$30:$R$251,L129,$U$30:$U$251)=0,"",SUMIF($R$30:$R$251,L129,$U$30:$U$251)) | N129: =IF(AND(年度数据总览!P55<>0),年度数据总览!P55,"") -> 看病/买药 | O129: =IF(SUMIF($S$30:$S$251,N129,$U$30:$U$251)=0,"",SUMIF($S$30:$S$251,N129,$U$30:$U$251)) | W129: =IFERROR(VLOOKUP(V129,年度数据总览!$B$34:$C$51,2,FALSE),"")
L130: =IF(AND(年度数据总览!N56<>0),年度数据总览!N56,"") | M130: =IF(SUMIF($R$30:$R$251,L130,$U$30:$U$251)=0,"",SUMIF($R$30:$R$251,L130,$U$30:$U$251)) | N130: =IF(AND(年度数据总览!P56<>0),年度数据总览!P56,"") -> 体检 | O130: =IF(SUMIF($S$30:$S$251,N130,$U$30:$U$251)=0,"",SUMIF($S$30:$S$251,N130,$U$30:$U$251)) | W130: =IFERROR(VLOOKUP(V130,年度数据总览!$B$34:$C$51,2,FALSE),"")
L131: =IF(AND(年度数据总览!N57<>0),年度数据总览!N57,"") | M131: =IF(SUMIF($R$30:$R$251,L131,$U$30:$U$251)=0,"",SUMIF($R$30:$R$251,L131,$U$30:$U$251)) | N131: =IF(AND(年度数据总览!P57<>0),年度数据总览!P57,"") -> 还贷/还债 | O131: =IF(SUMIF($S$30:$S$251,N131,$U$30:$U$251)=0,"",SUMIF($S$30:$S$251,N131,$U$30:$U$251)) | W131: =IFERROR(VLOOKUP(V131,年度数据总览!$B$34:$C$51,2,FALSE),"")
L132: =IF(AND(年度数据总览!N58<>0),年度数据总览!N58,"") | M132: =IF(SUMIF($R$30:$R$251,L132,$U$30:$U$251)=0,"",SUMIF($R$30:$R$251,L132,$U$30:$U$251)) | N132: =IF(AND(年度数据总览!P58<>0),年度数据总览!P58,"") -> 借款给他人 | O132: =IF(SUMIF($S$30:$S$251,N132,$U$30:$U$251)=0,"",SUMIF($S$30:$S$251,N132,$U$30:$U$251)) | W132: =IFERROR(VLOOKUP(V132,年度数据总览!$B$34:$C$51,2,FALSE),"")
L133: =IF(AND(年度数据总览!N59<>0),年度数据总览!N59,"") | M133: =IF(SUMIF($R$30:$R$251,L133,$U$30:$U$251)=0,"",SUMIF($R$30:$R$251,L133,$U$30:$U$251)) | N133: =IF(AND(年度数据总览!P59<>0),年度数据总览!P59,"") -> 手续费 | O133: =IF(SUMIF($S$30:$S$251,N133,$U$30:$U$251)=0,"",SUMIF($S$30:$S$251,N133,$U$30:$U$251)) | W133: =IFERROR(VLOOKUP(V133,年度数据总览!$B$34:$C$51,2,FALSE),"")
L134: =IF(AND(年度数据总览!N60<>0),年度数据总览!N60,"") | M134: =IF(SUMIF($R$30:$R$251,L134,$U$30:$U$251)=0,"",SUMIF($R$30:$R$251,L134,$U$30:$U$251)) | N134: =IF(AND(年度数据总览!P60<>0),年度数据总览!P60,"") -> 罚款 | O134: =IF(SUMIF($S$30:$S$251,N134,$U$30:$U$251)=0,"",SUMIF($S$30:$S$251,N134,$U$30:$U$251)) | W134: =IFERROR(VLOOKUP(V134,年度数据总览!$B$34:$C$51,2,FALSE),"")
L135: =IF(AND(年度数据总览!N61<>0),年度数据总览!N61,"") | M135: =IF(SUMIF($R$30:$R$251,L135,$U$30:$U$251)=0,"",SUMIF($R$30:$R$251,L135,$U$30:$U$251)) | N135: =IF(AND(年度数据总览!P61<>0),年度数据总览!P61,"") -> 其他 | O135: =IF(SUMIF($S$30:$S$251,N135,$U$30:$U$251)=0,"",SUMIF($S$30:$S$251,N135,$U$30:$U$251)) | W135: =IFERROR(VLOOKUP(V135,年度数据总览!$B$34:$C$51,2,FALSE),"")
L136: =IF(AND(年度数据总览!N62<>0),年度数据总览!N62,"") | M136: =IF(SUMIF($R$30:$R$251,L136,$U$30:$U$251)=0,"",SUMIF($R$30:$R$251,L136,$U$30:$U$251)) | N136: =IF(AND(年度数据总览!P62<>0),年度数据总览!P62,"") | O136: =IF(SUMIF($S$30:$S$251,N136,$U$30:$U$251)=0,"",SUMIF($S$30:$S$251,N136,$U$30:$U$251)) | W136: =IFERROR(VLOOKUP(V136,年度数据总览!$B$34:$C$51,2,FALSE),"")
L137: =IF(AND(年度数据总览!N63<>0),年度数据总览!N63,"") | M137: =IF(SUMIF($R$30:$R$251,L137,$U$30:$U$251)=0,"",SUMIF($R$30:$R$251,L137,$U$30:$U$251)) | N137: =IF(AND(年度数据总览!P63<>0),年度数据总览!P63,"") | O137: =IF(SUMIF($S$30:$S$251,N137,$U$30:$U$251)=0,"",SUMIF($S$30:$S$251,N137,$U$30:$U$251)) | W137: =IFERROR(VLOOKUP(V137,年度数据总览!$B$34:$C$51,2,FALSE),"")
L138: =IF(AND(年度数据总览!N64<>0),年度数据总览!N64,"") | M138: =IF(SUMIF($R$30:$R$251,L138,$U$30:$U$251)=0,"",SUMIF($R$30:$R$251,L138,$U$30:$U$251)) | N138: =IF(AND(年度数据总览!P64<>0),年度数据总览!P64,"") | O138: =IF(SUMIF($S$30:$S$251,N138,$U$30:$U$251)=0,"",SUMIF($S$30:$S$251,N138,$U$30:$U$251)) | W138: =IFERROR(VLOOKUP(V138,年度数据总览!$B$34:$C$51,2,FALSE),"")
L139: =IF(AND(年度数据总览!N65<>0),年度数据总览!N65,"") | M139: =IF(SUMIF($R$30:$R$251,L139,$U$30:$U$251)=0,"",SUMIF($R$30:$R$251,L139,$U$30:$U$251)) | N139: =IF(AND(年度数据总览!P65<>0),年度数据总览!P65,"") | O139: =IF(SUMIF($S$30:$S$251,N139,$U$30:$U$251)=0,"",SUMIF($S$30:$S$251,N139,$U$30:$U$251)) | W139: =IFERROR(VLOOKUP(V139,年度数据总览!$B$34:$C$51,2,FALSE),"")
L140: =IF(AND(年度数据总览!N66<>0),年度数据总览!N66,"") | M140: =IF(SUMIF($R$30:$R$251,L140,$U$30:$U$251)=0,"",SUMIF($R$30:$R$251,L140,$U$30:$U$251)) | N140: =IF(AND(年度数据总览!P66<>0),年度数据总览!P66,"") | O140: =IF(SUMIF($S$30:$S$251,N140,$U$30:$U$251)=0,"",SUMIF($S$30:$S$251,N140,$U$30:$U$251)) | W140: =IFERROR(VLOOKUP(V140,年度数据总览!$B$34:$C$51,2,FALSE),"")
... L153: =IF(AND(年度数据总览!N79<>0),年度数据总览!N79,"") | M153: =IF(SUMIF($R$30:$R$251,L153,$U$30:$U$251)=0,"",SUMIF($R$30:$R$251,L153,$U$30:$U$251)) | N153: =IF(AND(年度数据总览!P79<>0),年度数据总览!P79,"") | O153: =IF(SUMIF($S$30:$S$251,N153,$U$30:$U$251)=0,"",SUMIF($S$30:$S$251,N153,$U$30:$U$251)) | W153: =IFERROR(VLOOKUP(V153,年度数据总览!$B$34:$C$51,2,FALSE),"")
W154: =IFERROR(VLOOKUP(V154,年度数据总览!$B$34:$C$51,2,FALSE),"")
...

Sheet 2月
B2: =$B$5&"月账单" -> 2月账单
B5: 2 | G5: 本月总收入 | I5: 本月总支出 | K5: 本月结余 | M5: 月末余额
G6: =I25 -> 0 | I6: =S25 -> 0 | K6: =G6-I6 -> 0 | M6: =SUM(K6,'1月'!M6) -> 16000
B7: ="今日是"&TEXT(TODAY(),"yyyy年m月d日") -> 今日是2026年10月25日
B8: 距离 | C8: =TEXT(TODAY(),"yyyy年") -> 2026年
B9: 结束还有 | C9: =DATEDIF(TODAY(),DATE((YEAR(TODAY())),12,31),"d") -> 67 | G9: 最大一笔收入细项 | H9: ="最大一笔"&G10&"金额" -> 最大一笔待填入金额 | J9: 对应日期 | K9: 最大一笔日常支出细项 | M9: ="最大一笔"&K10&"金额" -> 最大一笔待填入金额 | O9: 对应日期 | Q9: 最大支出使用人 | S9: =S6&"支出总额" -> 支出总额
G10: =IFERROR(INDEX(表6_102[收入细项],MATCH(MAX(表6_102[金额]),表6_102[金额],0)),"待填入") -> 待填入 | H10: =IFERROR(MAX(表6_102[金额]),0) -> 0 | J10: =IFERROR(INDEX(表6_102[日期],MATCH(MAX(表6_102[金额]),表6_102[金额],0)),"待填入") -> 待填入 | K10: =IFERROR(INDEX(表6_3[支出细项],MATCH(MAX(表6_3[金额]),表6_3[金额],0)),"待填入") -> 待填入 | M10: =IFERROR(MAX(表6_3[金额]),0) -> 0 | O10: =IFERROR(INDEX(表6_3[日期],MATCH(MAX(表6_3[金额]),表6_3[金额],0)),"待填入") -> 待填入 | Q10: =IFERROR(INDEX(AD30:AD73,MATCH(MAX(AE30:AE73),AE30:AE73,0)),"待填入") -> 待填入 | S10: =IFERROR(MAX(AE30:AE73),0) -> 0
G25: 本月总收入 | I25: =SUM(表6_102[金额]) -> 0 | Q25: 本月总支出 | S25: =SUM(U30:U250) -> 0
AA26: 如需空白处新增内容，请在此行之上进行新增编辑，以免与其它数据产生冲突
I27: 1 | S27: 1
G28: 手动填写 | H28: 下拉筛选 | I28: 下拉筛选 | J28: 手动填写 | K28: 手动填写 | L28: 下拉筛选 | M28: 自动生成 | N28: 手动填写 | O28: 手动填写 | Q28: 手动填写 | R28: 下拉筛选 | S28: 下拉筛选 | T28: 手动填写 | U28: 手动填写 | V28: 下拉筛选 | W28: 自动生成 | X28: 手动填写 | Y28: 手动填写 | AA28: 收入大类筛选 | AD28: 支出使用人 | AG28: 支出大类 | AJ28: 支出细项
B29: 对账账户 | C29: 本月实时金额 | G29: 日期 | H29: 收入大类 | I29: 收入细项 | J29: 具体项目 | K29: 金额 | L29: 收入账户 | M29: 账户大类 | N29: 归属方 | O29: 备注 | Q29: 日期 | R29: 支出大类 | S29: 支出细项 | T29: 具体项目 | U29: 金额 | V29: 支出账户 | W29: 账户大类 | X29: 支出使用人 | Y29: 备注 | AA29: 收入大类 | AB29: 求和项:金额 | AD29: 支出使用人 | AE29: 求和项:金额 | AG29: 支出大类 | AH29: 求和项:金额 | AJ29: 支出细项 | AK29: 求和项:金额
B30: =IF(AND(年度数据总览!B34<>0),年度数据总览!B34,"") -> 余额宝 | C30: =IFERROR(IF('1月'!C30-SUMIF('2月'!$V$30:$V$216,'2月'!$B30,'2月'!$U$30:$U$216)+SUMIF('2月'!$L$30:$L$75,'2月'!$B30,'2月'!$K$30:$K$75)-SUMIF('2月'!$J$85:$J$99,'2月'!$B30,'2月'!$K$85:$K$99)+SUMIF('2月'!$L$85:$L$99,'2月'!$B30,'2月'!$N$85:$N$99)=0,0,'1月'!C30-SUMIF('2月'!$V$30:$V$216,'2月'!$B30,'2月'!$U$30:$U$216)+SUMIF('2月'!$L$30:$L$75,'2月'!$B30,'2月'!$K$30:$K$75)-SUMIF('2月'!$J$85:$J$99,'2月'!$B30,'2月'!$K$85:$K$99)+SUMIF('2月'!$L$85:$L$99,'2月'!$B30,'2月'!$N$85:$N$99)),0) -> 701 | M30: =IFERROR(VLOOKUP(L30,年度数据总览!$B$34:$C$51,2,FALSE),"") | W30: =IFERROR(VLOOKUP(V30,年度数据总览!$B$34:$C$51,2,FALSE),"") | AA30: (空白) | AD30: (空白) | AG30: (空白) | AJ30: (空白)
B31: =IF(AND(年度数据总览!B35<>0),年度数据总览!B35,"") -> 微信 | C31: =IFERROR(IF('1月'!C31-SUMIF('2月'!$V$30:$V$216,'2月'!$B31,'2月'!$U$30:$U$216)+SUMIF('2月'!$L$30:$L$75,'2月'!$B31,'2月'!$K$30:$K$75)-SUMIF('2月'!$J$85:$J$99,'2月'!$B31,'2月'!$K$85:$K$99)+SUMIF('2月'!$L$85:$L$99,'2月'!$B31,'2月'!$N$85:$N$99)=0,0,'1月'!C31-SUMIF('2月'!$V$30:$V$216,'2月'!$B31,'2月'!$U$30:$U$216)+SUMIF('2月'!$L$30:$L$75,'2月'!$B31,'2月'!$K$30:$K$75)-SUMIF('2月'!$J$85:$J$99,'2月'!$B31,'2月'!$K$85:$K$99)+SUMIF('2月'!$L$85:$L$99,'2月'!$B31,'2月'!$N$85:$N$99)),0) -> 2300 | M31: =IFERROR(VLOOKUP(L31,年度数据总览!$B$34:$C$51,2,FALSE),"") | W31: =IFERROR(VLOOKUP(V31,年度数据总览!$B$34:$C$51,2,FALSE),"") | AA31: 总计 | AG31: 总计 | AJ31: 总计
B32: =IF(AND(年度数据总览!B36<>0),年度数据总览!B36,"") -> 现金 | C32: =IFERROR(IF('1月'!C32-SUMIF('2月'!$V$30:$V$216,'2月'!$B32,'2月'!$U$30:$U$216)+SUMIF('2月'!$L$30:$L$75,'2月'!$B32,'2月'!$K$30:$K$75)-SUMIF('2月'!$J$85:$J$99,'2月'!$B32,'2月'!$K$85:$K$99)+SUMIF('2月'!$L$85:$L$99,'2月'!$B32,'2月'!$N$85:$N$99)=0,0,'1月'!C32-SUMIF('2月'!$V$30:$V$216,'2月'!$B32,'2月'!$U$30:$U$216)+SUMIF('2月'!$L$30:$L$75,'2月'!$B32,'2月'!$K$30:$K$75)-SUMIF('2月'!$J$85:$J$99,'2月'!$B32,'2月'!$K$85:$K$99)+SUMIF('2月'!$L$85:$L$99,'2月'!$B32,'2月'!$N$85:$N$99)),0) -> 3000 | M32: =IFERROR(VLOOKUP(L32,年度数据总览!$B$34:$C$51,2,FALSE),"") | W32: =IFERROR(VLOOKUP(V32,年度数据总览!$B$34:$C$51,2,FALSE),"")
B33: =IF(AND(年度数据总览!B37<>0),年度数据总览!B37,"") -> XX未还债务 | C33: =IFERROR(IF('1月'!C33-SUMIF('2月'!$V$30:$V$216,'2月'!$B33,'2月'!$U$30:$U$216)+SUMIF('2月'!$L$30:$L$75,'2月'!$B33,'2月'!$K$30:$K$75)-SUMIF('2月'!$J$85:$J$99,'2月'!$B33,'2月'!$K$85:$K$99)+SUMIF('2月'!$L$85:$L$99,'2月'!$B33,'2月'!$N$85:$N$99)=0,0,'1月'!C33-SUMIF('2月'!$V$30:$V$216,'2月'!$B33,'2月'!$U$30:$U$216)+SUMIF('2月'!$L$30:$L$75,'2月'!$B33,'2月'!$K$30:$K$75)-SUMIF('2月'!$J$85:$J$99,'2月'!$B33,'2月'!$K$85:$K$99)+SUMIF('2月'!$L$85:$L$99,'2月'!$B33,'2月'!$N$85:$N$99)),0) -> 3000 | M33: =IFERROR(VLOOKUP(L33,年度数据总览!$B$34:$C$51,2,FALSE),"") | W33: =IFERROR(VLOOKUP(V33,年度数据总览!$B$34:$C$51,2,FALSE),"")
B34: =IF(AND(年度数据总览!B38<>0),年度数据总览!B38,"") -> 中国银行 | C34: =IFERROR(IF('1月'!C34-SUMIF('2月'!$V$30:$V$216,'2月'!$B34,'2月'!$U$30:$U$216)+SUMIF('2月'!$L$30:$L$75,'2月'!$B34,'2月'!$K$30:$K$75)-SUMIF('2月'!$J$85:$J$99,'2月'!$B34,'2月'!$K$85:$K$99)+SUMIF('2月'!$L$85:$L$99,'2月'!$B34,'2月'!$N$85:$N$99)=0,0,'1月'!C34-SUMIF('2月'!$V$30:$V$216,'2月'!$B34,'2月'!$U$30:$U$216)+SUMIF('2月'!$L$30:$L$75,'2月'!$B34,'2月'!$K$30:$K$75)-SUMIF('2月'!$J$85:$J$99,'2月'!$B34,'2月'!$K$85:$K$99)+SUMIF('2月'!$L$85:$L$99,'2月'!$B34,'2月'!$N$85:$N$99)),0) -> 7000 | M34: =IFERROR(VLOOKUP(L34,年度数据总览!$B$34:$C$51,2,FALSE),"") | W34: =IFERROR(VLOOKUP(V34,年度数据总览!$B$34:$C$51,2,FALSE),"")
B35: =IF(AND(年度数据总览!B39<>0),年度数据总览!B39,"") -> 花呗负债 | C35: =IFERROR(IF('1月'!C35-SUMIF('2月'!$V$30:$V$216,'2月'!$B35,'2月'!$U$30:$U$216)+SUMIF('2月'!$L$30:$L$75,'2月'!$B35,'2月'!$K$30:$K$75)-SUMIF('2月'!$J$85:$J$99,'2月'!$B35,'2月'!$K$85:$K$99)+SUMIF('2月'!$L$85:$L$99,'2月'!$B35,'2月'!$N$85:$N$99)=0,0,'1月'!C35-SUMIF('2月'!$V$30:$V$216,'2月'!$B35,'2月'!$U$30:$U$216)+SUMIF('2月'!$L$30:$L$75,'2月'!$B35,'2月'!$K$30:$K$75)-SUMIF('2月'!$J$85:$J$99,'2月'!$B35,'2月'!$K$85:$K$99)+SUMIF('2月'!$L$85:$L$99,'2月'!$B35,'2月'!$N$85:$N$99)),0) -> -1 | M35: =IFERROR(VLOOKUP(L35,年度数据总览!$B$34:$C$51,2,FALSE),"") | W35: =IFERROR(VLOOKUP(V35,年度数据总览!$B$34:$C$51,2,FALSE),"")
B36: =IF(AND(年度数据总览!B40<>0),年度数据总览!B40,"") | C36: =IFERROR(IF('1月'!C36-SUMIF('2月'!$V$30:$V$216,'2月'!$B36,'2月'!$U$30:$U$216)+SUMIF('2月'!$L$30:$L$75,'2月'!$B36,'2月'!$K$30:$K$75)-SUMIF('2月'!$J$85:$J$99,'2月'!$B36,'2月'!$K$85:$K$99)+SUMIF('2月'!$L$85:$L$99,'2月'!$B36,'2月'!$N$85:$N$99)=0,0,'1月'!C36-SUMIF('2月'!$V$30:$V$216,'2月'!$B36,'2月'!$U$30:$U$216)+SUMIF('2月'!$L$30:$L$75,'2月'!$B36,'2月'!$K$30:$K$75)-SUMIF('2月'!$J$85:$J$99,'2月'!$B36,'2月'!$K$85:$K$99)+SUMIF('2月'!$L$85:$L$99,'2月'!$B36,'2月'!$N$85:$N$99)),0) -> 0 | M36: =IFERROR(VLOOKUP(L36,年度数据总览!$B$34:$C$51,2,FALSE),"") | W36: =IFERROR(VLOOKUP(V36,年度数据总览!$B$34:$C$51,2,FALSE),"")
B37: =IF(AND(年度数据总览!B41<>0),年度数据总览!B41,"") | C37: =IFERROR(IF('1月'!C37-SUMIF('2月'!$V$30:$V$216,'2月'!$B37,'2月'!$U$30:$U$216)+SUMIF('2月'!$L$30:$L$75,'2月'!$B37,'2月'!$K$30:$K$75)-SUMIF('2月'!$J$85:$J$99,'2月'!$B37,'2月'!$K$85:$K$99)+SUMIF('2月'!$L$85:$L$99,'2月'!$B37,'2月'!$N$85:$N$99)=0,0,'1月'!C37-SUMIF('2月'!$V$30:$V$216,'2月'!$B37,'2月'!$U$30:$U$216)+SUMIF('2月'!$L$30:$L$75,'2月'!$B37,'2月'!$K$30:$K$75)-SUMIF('2月'!$J$85:$J$99,'2月'!$B37,'2月'!$K$85:$K$99)+SUMIF('2月'!$L$85:$L$99,'2月'!$B37,'2月'!$N$85:$N$99)),0) -> 0 | M37: =IFERROR(VLOOKUP(L37,年度数据总览!$B$34:$C$51,2,FALSE),"") | W37: =IFERROR(VLOOKUP(V37,年度数据总览!$B$34:$C$51,2,FALSE),"")
B38: =IF(AND(年度数据总览!B42<>0),年度数据总览!B42,"") | C38: =IFERROR(IF('1月'!C38-SUMIF('2月'!$V$30:$V$216,'2月'!$B38,'2月'!$U$30:$U$216)+SUMIF('2月'!$L$30:$L$75,'2月'!$B38,'2月'!$K$30:$K$75)-SUMIF('2月'!$J$85:$J$99,'2月'!$B38,'2月'!$K$85:$K$99)+SUMIF('2月'!$L$85:$L$99,'2月'!$B38,'2月'!$N$85:$N$99)=0,0,'1月'!C38-SUMIF('2月'!$V$30:$V$216,'2月'!$B38,'2月'!$U$30:$U$216)+SUMIF('2月'!$L$30:$L$75,'2月'!$B38,'2月'!$K$30:$K$75)-SUMIF('2月'!$J$85:$J$99,'2月'!$B38,'2月'!$K$85:$K$99)+SUMIF('2月'!$L$85:$L$99,'2月'!$B38,'2月'!$N$85:$N$99)),0) -> 0 | M38: =IFERROR(VLOOKUP(L38,年度数据总览!$B$34:$C$51,2,FALSE),"") | W38: =IFERROR(VLOOKUP(V38,年度数据总览!$B$34:$C$51,2,FALSE),"")
B39: =IF(AND(年度数据总览!B43<>0),年度数据总览!B43,"") | C39: =IFERROR(IF('1月'!C39-SUMIF('2月'!$V$30:$V$216,'2月'!$B39,'2月'!$U$30:$U$216)+SUMIF('2月'!$L$30:$L$75,'2月'!$B39,'2月'!$K$30:$K$75)-SUMIF('2月'!$J$85:$J$99,'2月'!$B39,'2月'!$K$85:$K$99)+SUMIF('2月'!$L$85:$L$99,'2月'!$B39,'2月'!$N$85:$N$99)=0,0,'1月'!C39-SUMIF('2月'!$V$30:$V$216,'2月'!$B39,'2月'!$U$30:$U$216)+SUMIF('2月'!$L$30:$L$75,'2月'!$B39,'2月'!$K$30:$K$75)-SUMIF('2月'!$J$85:$J$99,'2月'!$B39,'2月'!$K$85:$K$99)+SUMIF('2月'!$L$85:$L$99,'2月'!$B39,'2月'!$N$85:$N$99)),0) -> 0 | M39: =IFERROR(VLOOKUP(L39,年度数据总览!$B$34:$C$51,2,FALSE),"") | W39: =IFERROR(VLOOKUP(V39,年度数据总览!$B$34:$C$51,2,FALSE),"")
B40: =IF(AND(年度数据总览!B44<>0),年度数据总览!B44,"") | C40: =IFERROR(IF('1月'!C40-SUMIF('2月'!$V$30:$V$216,'2月'!$B40,'2月'!$U$30:$U$216)+SUMIF('2月'!$L$30:$L$75,'2月'!$B40,'2月'!$K$30:$K$75)-SUMIF('2月'!$J$85:$J$99,'2月'!$B40,'2月'!$K$85:$K$99)+SUMIF('2月'!$L$85:$L$99,'2月'!$B40,'2月'!$N$85:$N$99)=0,0,'1月'!C40-SUMIF('2月'!$V$30:$V$216,'2月'!$B40,'2月'!$U$30:$U$216)+SUMIF('2月'!$L$30:$L$75,'2月'!$B40,'2月'!$K$30:$K$75)-SUMIF('2月'!$J$85:$J$99,'2月'!$B40,'2月'!$K$85:$K$99)+SUMIF('2月'!$L$85:$L$99,'2月'!$B40,'2月'!$N$85:$N$99)),0) -> 0 | M40: =IFERROR(VLOOKUP(L40,年度数据总览!$B$34:$C$51,2,FALSE),"") | W40: =IFERROR(VLOOKUP(V40,年度数据总览!$B$34:$C$51,2,FALSE),"")
B41: =IF(AND(年度数据总览!B45<>0),年度数据总览!B45,"") | C41: =IFERROR(IF('1月'!C41-SUMIF('2月'!$V$30:$V$216,'2月'!$B41,'2月'!$U$30:$U$216)+SUMIF('2月'!$L$30:$L$75,'2月'!$B41,'2月'!$K$30:$K$75)-SUMIF('2月'!$J$85:$J$99,'2月'!$B41,'2月'!$K$85:$K$99)+SUMIF('2月'!$L$85:$L$99,'2月'!$B41,'2月'!$N$85:$N$99)=0,0,'1月'!C41-SUMIF('2月'!$V$30:$V$216,'2月'!$B41,'2月'!$U$30:$U$216)+SUMIF('2月'!$L$30:$L$75,'2月'!$B41,'2月'!$K$30:$K$75)-SUMIF('2月'!$J$85:$J$99,'2月'!$B41,'2月'!$K$85:$K$99)+SUMIF('2月'!$L$85:$L$99,'2月'!$B41,'2月'!$N$85:$N$99)),0) -> 0 | M41: =IFERROR(VLOOKUP(L41,年度数据总览!$B$34:$C$51,2,FALSE),"") | W41: =IFERROR(VLOOKUP(V41,年度数据总览!$B$34:$C$51,2,FALSE),"")
B42: =IF(AND(年度数据总览!B46<>0),年度数据总览!B46,"") | C42: =IFERROR(IF('1月'!C42-SUMIF('2月'!$V$30:$V$216,'2月'!$B42,'2月'!$U$30:$U$216)+SUMIF('2月'!$L$30:$L$75,'2月'!$B42,'2月'!$K$30:$K$75)-SUMIF('2月'!$J$85:$J$99,'2月'!$B42,'2月'!$K$85:$K$99)+SUMIF('2月'!$L$85:$L$99,'2月'!$B42,'2月'!$N$85:$N$99)=0,0,'1月'!C42-SUMIF('2月'!$V$30:$V$216,'2月'!$B42,'2月'!$U$30:$U$216)+SUMIF('2月'!$L$30:$L$75,'2月'!$B42,'2月'!$K$30:$K$75)-SUMIF('2月'!$J$85:$J$99,'2月'!$B42,'2月'!$K$85:$K$99)+SUMIF('2月'!$L$85:$L$99,'2月'!$B42,'2月'!$N$85:$N$99)),0) -> 0 | M42: =IFERROR(VLOOKUP(L42,年度数据总览!$B$34:$C$51,2,FALSE),"") | W42: =IFERROR(VLOOKUP(V42,年度数据总览!$B$34:$C$51,2,FALSE),"")
B43: =IF(AND(年度数据总览!B47<>0),年度数据总览!B47,"") | C43: =IFERROR(IF('1月'!C43-SUMIF('2月'!$V$30:$V$216,'2月'!$B43,'2月'!$U$30:$U$216)+SUMIF('2月'!$L$30:$L$75,'2月'!$B43,'2月'!$K$30:$K$75)-SUMIF('2月'!$J$85:$J$99,'2月'!$B43,'2月'!$K$85:$K$99)+SUMIF('2月'!$L$85:$L$99,'2月'!$B43,'2月'!$N$85:$N$99)=0,0,'1月'!C43-SUMIF('2月'!$V$30:$V$216,'2月'!$B43,'2月'!$U$30:$U$216)+SUMIF('2月'!$L$30:$L$75,'2月'!$B43,'2月'!$K$30:$K$75)-SUMIF('2月'!$J$85:$J$99,'2月'!$B43,'2月'!$K$85:$K$99)+SUMIF('2月'!$L$85:$L$99,'2月'!$B43,'2月'!$N$85:$N$99)),0) -> 0 | M43: =IFERROR(VLOOKUP(L43,年度数据总览!$B$34:$C$51,2,FALSE),"") | W43: =IFERROR(VLOOKUP(V43,年度数据总览!$B$34:$C$51,2,FALSE),"")
... B45: =IF(AND(年度数据总览!B49<>0),年度数据总览!B49,"") | C45: =IFERROR(IF('1月'!C45-SUMIF('2月'!$V$30:$V$216,'2月'!$B45,'2月'!$U$30:$U$216)+SUMIF('2月'!$L$30:$L$75,'2月'!$B45,'2月'!$K$30:$K$75)-SUMIF('2月'!$J$85:$J$99,'2月'!$B45,'2月'!$K$85:$K$99)+SUMIF('2月'!$L$85:$L$99,'2月'!$B45,'2月'!$N$85:$N$99)=0,0,'1月'!C45-SUMIF('2月'!$V$30:$V$216,'2月'!$B45,'2月'!$U$30:$U$216)+SUMIF('2月'!$L$30:$L$75,'2月'!$B45,'2月'!$K$30:$K$75)-SUMIF('2月'!$J$85:$J$99,'2月'!$B45,'2月'!$K$85:$K$99)+SUMIF('2月'!$L$85:$L$99,'2月'!$B45,'2月'!$N$85:$N$99)),0) -> 0 | M45: =IFERROR(VLOOKUP(L45,年度数据总览!$B$34:$C$51,2,FALSE),"") | W45: =IFERROR(VLOOKUP(V45,年度数据总览!$B$34:$C$51,2,FALSE),"")
B46: =IF(AND(年度数据总览!B50<>0),年度数据总览!B50,"") | C46: =IFERROR(IF('1月'!C46-SUMIF('2月'!$V$30:$V$216,'2月'!$B46,'2月'!$U$30:$U$216)+SUMIF('2月'!$L$30:$L$75,'2月'!$B46,'2月'!$K$30:$K$75)-SUMIF('2月'!$J$85:$J$99,'2月'!$B46,'2月'!$K$85:$K$99)+SUMIF('2月'!$L$85:$L$99,'2月'!$B46,'2月'!$N$85:$N$99)=0,0,'1月'!C46-SUMIF('2月'!$V$30:$V$216,'2月'!$B46,'2月'!$U$30:$U$216)+SUMIF('2月'!$L$30:$L$75,'2月'!$B46,'2月'!$K$30:$K$75)-SUMIF('2月'!$J$85:$J$99,'2月'!$B46,'2月'!$K$85:$K$99)+SUMIF('2月'!$L$85:$L$99,'2月'!$B46,'2月'!$N$85:$N$99)),0) -> 0 | W46: =IFERROR(VLOOKUP(V46,年度数据总览!$B$34:$C$51,2,FALSE),"")
B47: =IF(AND(年度数据总览!B51<>0),年度数据总览!B51,"") | C47: =IFERROR(IF('1月'!C47-SUMIF('2月'!$V$30:$V$216,'2月'!$B47,'2月'!$U$30:$U$216)+SUMIF('2月'!$L$30:$L$75,'2月'!$B47,'2月'!$K$30:$K$75)-SUMIF('2月'!$J$85:$J$99,'2月'!$B47,'2月'!$K$85:$K$99)+SUMIF('2月'!$L$85:$L$99,'2月'!$B47,'2月'!$N$85:$N$99)=0,0,'1月'!C47-SUMIF('2月'!$V$30:$V$216,'2月'!$B47,'2月'!$U$30:$U$216)+SUMIF('2月'!$L$30:$L$75,'2月'!$B47,'2月'!$K$30:$K$75)-SUMIF('2月'!$J$85:$J$99,'2月'!$B47,'2月'!$K$85:$K$99)+SUMIF('2月'!$L$85:$L$99,'2月'!$B47,'2月'!$N$85:$N$99)),0) -> 0 | M47: =IFERROR(VLOOKUP(L47,年度数据总览!$B$34:$C$51,2,FALSE),"") | W47: =IFERROR(VLOOKUP(V47,年度数据总览!$B$34:$C$51,2,FALSE),"")
B48: =IF(AND(年度数据总览!B52<>0),年度数据总览!B52,"") | C48: =IFERROR(IF('1月'!C48-SUMIF('2月'!$V$30:$V$216,'2月'!$B48,'2月'!$U$30:$U$216)+SUMIF('2月'!$L$30:$L$75,'2月'!$B48,'2月'!$K$30:$K$75)-SUMIF('2月'!$J$85:$J$99,'2月'!$B48,'2月'!$K$85:$K$99)+SUMIF('2月'!$L$85:$L$99,'2月'!$B48,'2月'!$N$85:$N$99)=0,0,'1月'!C48-SUMIF('2月'!$V$30:$V$216,'2月'!$B48,'2月'!$U$30:$U$216)+SUMIF('2月'!$L$30:$L$75,'2月'!$B48,'2月'!$K$30:$K$75)-SUMIF('2月'!$J$85:$J$99,'2月'!$B48,'2月'!$K$85:$K$99)+SUMIF('2月'!$L$85:$L$99,'2月'!$B48,'2月'!$N$85:$N$99)),0) -> 0 | M48: =IFERROR(VLOOKUP(L48,年度数据总览!$B$34:$C$51,2,FALSE),"") | W48: =IFERROR(VLOOKUP(V48,年度数据总览!$B$34:$C$51,2,FALSE),"")
B49: =IF(AND(年度数据总览!B53<>0),年度数据总览!B53,"") | C49: =IFERROR(IF('1月'!C49-SUMIF('2月'!$V$30:$V$216,'2月'!$B49,'2月'!$U$30:$U$216)+SUMIF('2月'!$L$30:$L$75,'2月'!$B49,'2月'!$K$30:$K$75)-SUMIF('2月'!$J$85:$J$99,'2月'!$B49,'2月'!$K$85:$K$99)+SUMIF('2月'!$L$85:$L$99,'2月'!$B49,'2月'!$N$85:$N$99)=0,0,'1月'!C49-SUMIF('2月'!$V$30:$V$216,'2月'!$B49,'2月'!$U$30:$U$216)+SUMIF('2月'!$L$30:$L$75,'2月'!$B49,'2月'!$K$30:$K$75)-SUMIF('2月'!$J$85:$J$99,'2月'!$B49,'2月'!$K$85:$K$99)+SUMIF('2月'!$L$85:$L$99,'2月'!$B49,'2月'!$N$85:$N$99)),0) -> 0 | M49: =IFERROR(VLOOKUP(L49,年度数据总览!$B$34:$C$51,2,FALSE),"") | W49: =IFERROR(VLOOKUP(V49,年度数据总览!$B$34:$C$51,2,FALSE),"")
B50: =IF(AND(年度数据总览!B54<>0),年度数据总览!B54,"") | C50: =IFERROR(IF('1月'!C50-SUMIF('2月'!$V$30:$V$216,'2月'!$B50,'2月'!$U$30:$U$216)+SUMIF('2月'!$L$30:$L$75,'2月'!$B50,'2月'!$K$30:$K$75)-SUMIF('2月'!$J$85:$J$99,'2月'!$B50,'2月'!$K$85:$K$99)+SUMIF('2月'!$L$85:$L$99,'2月'!$B50,'2月'!$N$85:$N$99)=0,0,'1月'!C50-SUMIF('2月'!$V$30:$V$216,'2月'!$B50,'2月'!$U$30:$U$216)+SUMIF('2月'!$L$30:$L$75,'2月'!$B50,'2月'!$K$30:$K$75)-SUMIF('2月'!$J$85:$J$99,'2月'!$B50,'2月'!$K$85:$K$99)+SUMIF('2月'!$L$85:$L$99,'2月'!$B50,'2月'!$N$85:$N$99)),0) -> 0 | M50: =IFERROR(VLOOKUP(L50,年度数据总览!$B$34:$C$51,2,FALSE),"") | W50: =IFERROR(VLOOKUP(V50,年度数据总览!$B$34:$C$51,2,FALSE),"")
B51: =IF(AND(年度数据总览!B55<>0),年度数据总览!B55,"") | C51: =IFERROR(IF('1月'!C51-SUMIF('2月'!$V$30:$V$216,'2月'!$B51,'2月'!$U$30:$U$216)+SUMIF('2月'!$L$30:$L$75,'2月'!$B51,'2月'!$K$30:$K$75)-SUMIF('2月'!$J$85:$J$99,'2月'!$B51,'2月'!$K$85:$K$99)+SUMIF('2月'!$L$85:$L$99,'2月'!$B51,'2月'!$N$85:$N$99)=0,0,'1月'!C51-SUMIF('2月'!$V$30:$V$216,'2月'!$B51,'2月'!$U$30:$U$216)+SUMIF('2月'!$L$30:$L$75,'2月'!$B51,'2月'!$K$30:$K$75)-SUMIF('2月'!$J$85:$J$99,'2月'!$B51,'2月'!$K$85:$K$99)+SUMIF('2月'!$L$85:$L$99,'2月'!$B51,'2月'!$N$85:$N$99)),0) -> 0 | M51: =IFERROR(VLOOKUP(L51,年度数据总览!$B$34:$C$51,2,FALSE),"") | W51: =IFERROR(VLOOKUP(V51,年度数据总览!$B$34:$C$51,2,FALSE),"")
B52: =IF(AND(年度数据总览!B56<>0),年度数据总览!B56,"") | C52: =IFERROR(IF('1月'!C52-SUMIF('2月'!$V$30:$V$216,'2月'!$B52,'2月'!$U$30:$U$216)+SUMIF('2月'!$L$30:$L$75,'2月'!$B52,'2月'!$K$30:$K$75)-SUMIF('2月'!$J$85:$J$99,'2月'!$B52,'2月'!$K$85:$K$99)+SUMIF('2月'!$L$85:$L$99,'2月'!$B52,'2月'!$N$85:$N$99)=0,0,'1月'!C52-SUMIF('2月'!$V$30:$V$216,'2月'!$B52,'2月'!$U$30:$U$216)+SUMIF('2月'!$L$30:$L$75,'2月'!$B52,'2月'!$K$30:$K$75)-SUMIF('2月'!$J$85:$J$99,'2月'!$B52,'2月'!$K$85:$K$99)+SUMIF('2月'!$L$85:$L$99,'2月'!$B52,'2月'!$N$85:$N$99)),0) -> 0 | M52: =IFERROR(VLOOKUP(L52,年度数据总览!$B$34:$C$51,2,FALSE),"") | W52: =IFERROR(VLOOKUP(V52,年度数据总览!$B$34:$C$51,2,FALSE),"")
B53: =IF(AND(年度数据总览!B57<>0),年度数据总览!B57,"") | C53: =IFERROR(IF('1月'!C53-SUMIF('2月'!$V$30:$V$216,'2月'!$B53,'2月'!$U$30:$U$216)+SUMIF('2月'!$L$30:$L$75,'2月'!$B53,'2月'!$K$30:$K$75)-SUMIF('2月'!$J$85:$J$99,'2月'!$B53,'2月'!$K$85:$K$99)+SUMIF('2月'!$L$85:$L$99,'2月'!$B53,'2月'!$N$85:$N$99)=0,0,'1月'!C53-SUMIF('2月'!$V$30:$V$216,'2月'!$B53,'2月'!$U$30:$U$216)+SUMIF('2月'!$L$30:$L$75,'2月'!$B53,'2月'!$K$30:$K$75)-SUMIF('2月'!$J$85:$J$99,'2月'!$B53,'2月'!$K$85:$K$99)+SUMIF('2月'!$L$85:$L$99,'2月'!$B53,'2月'!$N$85:$N$99)),0) -> 0 | M53: =IFERROR(VLOOKUP(L53,年度数据总览!$B$34:$C$51,2,FALSE),"") | W53: =IFERROR(VLOOKUP(V53,年度数据总览!$B$34:$C$51,2,FALSE),"")
B54: =IF(AND(年度数据总览!B58<>0),年度数据总览!B58,"") | C54: =IFERROR(IF('1月'!C54-SUMIF('2月'!$V$30:$V$216,'2月'!$B54,'2月'!$U$30:$U$216)+SUMIF('2月'!$L$30:$L$75,'2月'!$B54,'2月'!$K$30:$K$75)-SUMIF('2月'!$J$85:$J$99,'2月'!$B54,'2月'!$K$85:$K$99)+SUMIF('2月'!$L$85:$L$99,'2月'!$B54,'2月'!$N$85:$N$99)=0,0,'1月'!C54-SUMIF('2月'!$V$30:$V$216,'2月'!$B54,'2月'!$U$30:$U$216)+SUMIF('2月'!$L$30:$L$75,'2月'!$B54,'2月'!$K$30:$K$75)-SUMIF('2月'!$J$85:$J$99,'2月'!$B54,'2月'!$K$85:$K$99)+SUMIF('2月'!$L$85:$L$99,'2月'!$B54,'2月'!$N$85:$N$99)),0) -> 0 | M54: =IFERROR(VLOOKUP(L54,年度数据总览!$B$34:$C$51,2,FALSE),"") | W54: =IFERROR(VLOOKUP(V54,年度数据总览!$B$34:$C$51,2,FALSE),"")
B55: =IF(AND(年度数据总览!B59<>0),年度数据总览!B59,"") | C55: =IFERROR(IF('1月'!C55-SUMIF('2月'!$V$30:$V$216,'2月'!$B55,'2月'!$U$30:$U$216)+SUMIF('2月'!$L$30:$L$75,'2月'!$B55,'2月'!$K$30:$K$75)-SUMIF('2月'!$J$85:$J$99,'2月'!$B55,'2月'!$K$85:$K$99)+SUMIF('2月'!$L$85:$L$99,'2月'!$B55,'2月'!$N$85:$N$99)=0,0,'1月'!C55-SUMIF('2月'!$V$30:$V$216,'2月'!$B55,'2月'!$U$30:$U$216)+SUMIF('2月'!$L$30:$L$75,'2月'!$B55,'2月'!$K$30:$K$75)-SUMIF('2月'!$J$85:$J$99,'2月'!$B55,'2月'!$K$85:$K$99)+SUMIF('2月'!$L$85:$L$99,'2月'!$B55,'2月'!$N$85:$N$99)),0) -> 0 | M55: =IFERROR(VLOOKUP(L55,年度数据总览!$B$34:$C$51,2,FALSE),"") | W55: =IFERROR(VLOOKUP(V55,年度数据总览!$B$34:$C$51,2,FALSE),"")
B56: =IF(AND(年度数据总览!B60<>0),年度数据总览!B60,"") | C56: =IFERROR(IF('1月'!C56-SUMIF('2月'!$V$30:$V$216,'2月'!$B56,'2月'!$U$30:$U$216)+SUMIF('2月'!$L$30:$L$75,'2月'!$B56,'2月'!$K$30:$K$75)-SUMIF('2月'!$J$85:$J$99,'2月'!$B56,'2月'!$K$85:$K$99)+SUMIF('2月'!$L$85:$L$99,'2月'!$B56,'2月'!$N$85:$N$99)=0,0,'1月'!C56-SUMIF('2月'!$V$30:$V$216,'2月'!$B56,'2月'!$U$30:$U$216)+SUMIF('2月'!$L$30:$L$75,'2月'!$B56,'2月'!$K$30:$K$75)-SUMIF('2月'!$J$85:$J$99,'2月'!$B56,'2月'!$K$85:$K$99)+SUMIF('2月'!$L$85:$L$99,'2月'!$B56,'2月'!$N$85:$N$99)),0) -> 0 | M56: =IFERROR(VLOOKUP(L56,年度数据总览!$B$34:$C$51,2,FALSE),"") | W56: =IFERROR(VLOOKUP(V56,年度数据总览!$B$34:$C$51,2,FALSE),"")
B57: =IF(AND(年度数据总览!B61<>0),年度数据总览!B61,"") | C57: =IFERROR(IF('1月'!C57-SUMIF('2月'!$V$30:$V$216,'2月'!$B57,'2月'!$U$30:$U$216)+SUMIF('2月'!$L$30:$L$75,'2月'!$B57,'2月'!$K$30:$K$75)-SUMIF('2月'!$J$85:$J$99,'2月'!$B57,'2月'!$K$85:$K$99)+SUMIF('2月'!$L$85:$L$99,'2月'!$B57,'2月'!$N$85:$N$99)=0,0,'1月'!C57-SUMIF('2月'!$V$30:$V$216,'2月'!$B57,'2月'!$U$30:$U$216)+SUMIF('2月'!$L$30:$L$75,'2月'!$B57,'2月'!$K$30:$K$75)-SUMIF('2月'!$J$85:$J$99,'2月'!$B57,'2月'!$K$85:$K$99)+SUMIF('2月'!$L$85:$L$99,'2月'!$B57,'2月'!$N$85:$N$99)),0) -> 0 | M57: =IFERROR(VLOOKUP(L57,年度数据总览!$B$34:$C$51,2,FALSE),"") | W57: =IFERROR(VLOOKUP(V57,年度数据总览!$B$34:$C$51,2,FALSE),"")
B58: =IF(AND(年度数据总览!B62<>0),年度数据总览!B62,"") | C58: =IFERROR(IF('1月'!C58-SUMIF('2月'!$V$30:$V$216,'2月'!$B58,'2月'!$U$30:$U$216)+SUMIF('2月'!$L$30:$L$75,'2月'!$B58,'2月'!$K$30:$K$75)-SUMIF('2月'!$J$85:$J$99,'2月'!$B58,'2月'!$K$85:$K$99)+SUMIF('2月'!$L$85:$L$99,'2月'!$B58,'2月'!$N$85:$N$99)=0,0,'1月'!C58-SUMIF('2月'!$V$30:$V$216,'2月'!$B58,'2月'!$U$30:$U$216)+SUMIF('2月'!$L$30:$L$75,'2月'!$B58,'2月'!$K$30:$K$75)-SUMIF('2月'!$J$85:$J$99,'2月'!$B58,'2月'!$K$85:$K$99)+SUMIF('2月'!$L$85:$L$99,'2月'!$B58,'2月'!$N$85:$N$99)),0) -> 0 | M58: =IFERROR(VLOOKUP(L58,年度数据总览!$B$34:$C$51,2,FALSE),"") | W58: =IFERROR(VLOOKUP(V58,年度数据总览!$B$34:$C$51,2,FALSE),"")
... B73: =IF(AND(年度数据总览!B77<>0),年度数据总览!B77,"") | C73: =IFERROR(IF('1月'!C73-SUMIF('2月'!$V$30:$V$216,'2月'!$B73,'2月'!$U$30:$U$216)+SUMIF('2月'!$L$30:$L$75,'2月'!$B73,'2月'!$K$30:$K$75)-SUMIF('2月'!$J$85:$J$99,'2月'!$B73,'2月'!$K$85:$K$99)+SUMIF('2月'!$L$85:$L$99,'2月'!$B73,'2月'!$N$85:$N$99)=0,0,'1月'!C73-SUMIF('2月'!$V$30:$V$216,'2月'!$B73,'2月'!$U$30:$U$216)+SUMIF('2月'!$L$30:$L$75,'2月'!$B73,'2月'!$K$30:$K$75)-SUMIF('2月'!$J$85:$J$99,'2月'!$B73,'2月'!$K$85:$K$99)+SUMIF('2月'!$L$85:$L$99,'2月'!$B73,'2月'!$N$85:$N$99)),0) -> 0 | M73: =IFERROR(VLOOKUP(L73,年度数据总览!$B$34:$C$51,2,FALSE),"") | W73: =IFERROR(VLOOKUP(V73,年度数据总览!$B$34:$C$51,2,FALSE),"")
B74: =IF(AND(年度数据总览!B78<>0),年度数据总览!B78,"") | C74: =IFERROR(IF('1月'!C74-SUMIF('2月'!$V$30:$V$216,'2月'!$B74,'2月'!$U$30:$U$216)+SUMIF('2月'!$L$30:$L$75,'2月'!$B74,'2月'!$K$30:$K$75)-SUMIF('2月'!$J$85:$J$99,'2月'!$B74,'2月'!$K$85:$K$99)+SUMIF('2月'!$L$85:$L$99,'2月'!$B74,'2月'!$N$85:$N$99)=0,0,'1月'!C74-SUMIF('2月'!$V$30:$V$216,'2月'!$B74,'2月'!$U$30:$U$216)+SUMIF('2月'!$L$30:$L$75,'2月'!$B74,'2月'!$K$30:$K$75)-SUMIF('2月'!$J$85:$J$99,'2月'!$B74,'2月'!$K$85:$K$99)+SUMIF('2月'!$L$85:$L$99,'2月'!$B74,'2月'!$N$85:$N$99)),0) -> 0 | M74: =IFERROR(VLOOKUP(L74,年度数据总览!$B$34:$C$51,2,FALSE),"") | W74: =IFERROR(VLOOKUP(V74,年度数据总览!$B$34:$C$51,2,FALSE),"") | AA74: 如需空白处新增内容，请在此行之下进行新增编辑，以免与其它数据产生冲突
B75: 汇总 | C75: =SUBTOTAL(109,C30:C74) -> 16000 | W75: =IFERROR(VLOOKUP(V75,年度数据总览!$B$34:$C$51,2,FALSE),"")
W76: =IFERROR(VLOOKUP(V76,年度数据总览!$B$34:$C$51,2,FALSE),"")
W77: =IFERROR(VLOOKUP(V77,年度数据总览!$B$34:$C$51,2,FALSE),"")
W78: =IFERROR(VLOOKUP(V78,年度数据总览!$B$34:$C$51,2,FALSE),"")
W79: =IFERROR(VLOOKUP(V79,年度数据总览!$B$34:$C$51,2,FALSE),"")
W80: =IFERROR(VLOOKUP(V80,年度数据总览!$B$34:$C$51,2,FALSE),"")
G81: 账户内互转/还款记录 | J81: 账户内互转 | L81: 日常消费还款 | N81: 还贷/还债 | W81: =IFERROR(VLOOKUP(V81,年度数据总览!$B$34:$C$51,2,FALSE),"")
J82: =SUMIF(表8[项目大类],J81,表8[转出金额]) -> 0 | L82: =SUMIF(表8[项目大类],L81,表8[转出金额]) -> 0 | N82: =SUMIF(表8[项目大类],N81,表8[转出金额]) -> 0 | W82: =IFERROR(VLOOKUP(V82,年度数据总览!$B$34:$C$51,2,FALSE),"")
G83: 手动填写 | H83: 下拉筛选 | I83: 手动填写 | J83: 下拉筛选 | K83: 手动填写 | L83: 下拉筛选 | M83: 自动生成 | N83: 自动生成 | O83: 手动填写 | W83: =IFERROR(VLOOKUP(V83,年度数据总览!$B$34:$C$51,2,FALSE),"")
G84: 日期 | H84: 项目大类 | I84: 项目细项 | J84: 转出账户 | K84: 转出金额 | L84: 转入账户 | M84: 账户大类 | N84: 转入金额 | O84: 归属方
M85: =IFERROR(VLOOKUP(L85,年度数据总览!$B$34:$C$51,2,FALSE),"") | N85: =IF(表8[[#This Row],[转出金额]]=0,"",表8[[#This Row],[转出金额]]) | W85: =IFERROR(VLOOKUP(V85,年度数据总览!$B$34:$C$51,2,FALSE),"")
M86: =IFERROR(VLOOKUP(L86,年度数据总览!$B$34:$C$51,2,FALSE),"") | N86: =IF(表8[[#This Row],[转出金额]]=0,"",表8[[#This Row],[转出金额]]) | W86: =IFERROR(VLOOKUP(V86,年度数据总览!$B$34:$C$51,2,FALSE),"")
M87: =IFERROR(VLOOKUP(L87,年度数据总览!$B$34:$C$51,2,FALSE),"") | N87: =IF(表8[[#This Row],[转出金额]]=0,"",表8[[#This Row],[转出金额]]) | W87: =IFERROR(VLOOKUP(V87,年度数据总览!$B$34:$C$51,2,FALSE),"")
M88: =IFERROR(VLOOKUP(L88,年度数据总览!$B$34:$C$51,2,FALSE),"") | N88: =IF(表8[[#This Row],[转出金额]]=0,"",表8[[#This Row],[转出金额]]) | W88: =IFERROR(VLOOKUP(V88,年度数据总览!$B$34:$C$51,2,FALSE),"")
M89: =IFERROR(VLOOKUP(L89,年度数据总览!$B$34:$C$51,2,FALSE),"") | N89: =IF(表8[[#This Row],[转出金额]]=0,"",表8[[#This Row],[转出金额]]) | W89: =IFERROR(VLOOKUP(V89,年度数据总览!$B$34:$C$51,2,FALSE),"")
M90: =IFERROR(VLOOKUP(L90,年度数据总览!$B$34:$C$51,2,FALSE),"") | N90: =IF(表8[[#This Row],[转出金额]]=0,"",表8[[#This Row],[转出金额]]) | W90: =IFERROR(VLOOKUP(V90,年度数据总览!$B$34:$C$51,2,FALSE),"")
M91: =IFERROR(VLOOKUP(L91,年度数据总览!$B$34:$C$51,2,FALSE),"") | N91: =IF(表8[[#This Row],[转出金额]]=0,"",表8[[#This Row],[转出金额]]) | W91: =IFERROR(VLOOKUP(V91,年度数据总览!$B$34:$C$51,2,FALSE),"")
M92: =IFERROR(VLOOKUP(L92,年度数据总览!$B$34:$C$51,2,FALSE),"") | N92: =IF(表8[[#This Row],[转出金额]]=0,"",表8[[#This Row],[转出金额]]) | W92: =IFERROR(VLOOKUP(V92,年度数据总览!$B$34:$C$51,2,FALSE),"")
M93: =IFERROR(VLOOKUP(L93,年度数据总览!$B$34:$C$51,2,FALSE),"") | N93: =IF(表8[[#This Row],[转出金额]]=0,"",表8[[#This Row],[转出金额]]) | W93: =IFERROR(VLOOKUP(V93,年度数据总览!$B$34:$C$51,2,FALSE),"")
M94: =IFERROR(VLOOKUP(L94,年度数据总览!$B$34:$C$51,2,FALSE),"") | N94: =IF(表8[[#This Row],[转出金额]]=0,"",表8[[#This Row],[转出金额]]) | W94: =IFERROR(VLOOKUP(V94,年度数据总览!$B$34:$C$51,2,FALSE),"")
M95: =IFERROR(VLOOKUP(L95,年度数据总览!$B$34:$C$51,2,FALSE),"") | N95: =IF(表8[[#This Row],[转出金额]]=0,"",表8[[#This Row],[转出金额]]) | W95: =IFERROR(VLOOKUP(V95,年度数据总览!$B$34:$C$51,2,FALSE),"")
M96: =IFERROR(VLOOKUP(L96,年度数据总览!$B$34:$C$51,2,FALSE),"") | N96: =IF(表8[[#This Row],[转出金额]]=0,"",表8[[#This Row],[转出金额]]) | W96: =IFERROR(VLOOKUP(V96,年度数据总览!$B$34:$C$51,2,FALSE),"")
... M99: =IFERROR(VLOOKUP(L99,年度数据总览!$B$34:$C$51,2,FALSE),"") | N99: =IF(表8[[#This Row],[转出金额]]=0,"",表8[[#This Row],[转出金额]]) | W99: =IFERROR(VLOOKUP(V99,年度数据总览!$B$34:$C$51,2,FALSE),"")
W100: =IFERROR(VLOOKUP(V100,年度数据总览!$B$34:$C$51,2,FALSE),"")
W101: =IFERROR(VLOOKUP(V101,年度数据总览!$B$34:$C$51,2,FALSE),"")
W102: =IFERROR(VLOOKUP(V102,年度数据总览!$B$34:$C$51,2,FALSE),"")
W103: =IFERROR(VLOOKUP(V103,年度数据总览!$B$34:$C$51,2,FALSE),"")
W104: =IFERROR(VLOOKUP(V104,年度数据总览!$B$34:$C$51,2,FALSE),"")
W105: =IFERROR(VLOOKUP(V105,年度数据总览!$B$34:$C$51,2,FALSE),"")
G106: 收入大类 | H106: 金额 | I106: 收入细项 | J106: 金额2 | L106: 支出大类 | M106: 金额 | N106: 支出细项 | O106: 金额 | W106: =IFERROR(VLOOKUP(V106,年度数据总览!$B$34:$C$51,2,FALSE),"")
G107: =IF(AND(年度数据总览!H33<>0),年度数据总览!H33,"") -> 固定收入 | H107: =IF(SUMIF($H$30:$H$75,G107,$K$30:$K$75)=0,"",SUMIF($H$30:$H$75,G107,$K$30:$K$75)) | I107: =IF(AND(年度数据总览!J33<>0),年度数据总览!J33,"") -> 副业 | J107: =IF(SUMIF($I$30:$I$75,I107,$K$30:$K$75)=0,"",SUMIF($I$30:$I$75,I107,$K$30:$K$75)) | L107: =IF(AND(年度数据总览!N33<>0),年度数据总览!N33,"") -> 食 | M107: =IF(SUMIF($R$30:$R$251,L107,$U$30:$U$251)=0,"",SUMIF($R$30:$R$251,L107,$U$30:$U$251)) | N107: =IF(AND(年度数据总览!P33<>0),年度数据总览!P33,"") -> 买菜 | O107: =IF(SUMIF($S$30:$S$251,N107,$U$30:$U$251)=0,"",SUMIF($S$30:$S$251,N107,$U$30:$U$251)) | W107: =IFERROR(VLOOKUP(V107,年度数据总览!$B$34:$C$51,2,FALSE),"")
G108: =IF(AND(年度数据总览!H34<>0),年度数据总览!H34,"") -> 其它收入 | H108: =IF(SUMIF($H$30:$H$75,G108,$K$30:$K$75)=0,"",SUMIF($H$30:$H$75,G108,$K$30:$K$75)) | I108: =IF(AND(年度数据总览!J34<>0),年度数据总览!J34,"") -> 工作薪资 | J108: =IF(SUMIF($I$30:$I$75,I108,$K$30:$K$75)=0,"",SUMIF($I$30:$I$75,I108,$K$30:$K$75)) | L108: =IF(AND(年度数据总览!N34<>0),年度数据总览!N34,"") -> 衣 | M108: =IF(SUMIF($R$30:$R$251,L108,$U$30:$U$251)=0,"",SUMIF($R$30:$R$251,L108,$U$30:$U$251)) | N108: =IF(AND(年度数据总览!P34<>0),年度数据总览!P34,"") -> 外食 | O108: =IF(SUMIF($S$30:$S$251,N108,$U$30:$U$251)=0,"",SUMIF($S$30:$S$251,N108,$U$30:$U$251)) | W108: =IFERROR(VLOOKUP(V108,年度数据总览!$B$34:$C$51,2,FALSE),"")
G109: =IF(AND(年度数据总览!H35<>0),年度数据总览!H35,"") -> 借款归还 | H109: =IF(SUMIF($H$30:$H$75,G109,$K$30:$K$75)=0,"",SUMIF($H$30:$H$75,G109,$K$30:$K$75)) | I109: =IF(AND(年度数据总览!J35<>0),年度数据总览!J35,"") -> 红包 | J109: =IF(SUMIF($I$30:$I$75,I109,$K$30:$K$75)=0,"",SUMIF($I$30:$I$75,I109,$K$30:$K$75)) | L109: =IF(AND(年度数据总览!N35<>0),年度数据总览!N35,"") -> 住 | M109: =IF(SUMIF($R$30:$R$251,L109,$U$30:$U$251)=0,"",SUMIF($R$30:$R$251,L109,$U$30:$U$251)) | N109: =IF(AND(年度数据总览!P35<>0),年度数据总览!P35,"") -> 零食饮品 | O109: =IF(SUMIF($S$30:$S$251,N109,$U$30:$U$251)=0,"",SUMIF($S$30:$S$251,N109,$U$30:$U$251)) | W109: =IFERROR(VLOOKUP(V109,年度数据总览!$B$34:$C$51,2,FALSE),"")
G110: =IF(AND(年度数据总览!H36<>0),年度数据总览!H36,"") | H110: =IF(SUMIF($H$30:$H$75,G110,$K$30:$K$75)=0,"",SUMIF($H$30:$H$75,G110,$K$30:$K$75)) | I110: =IF(AND(年度数据总览!J36<>0),年度数据总览!J36,"") -> 退费 | J110: =IF(SUMIF($I$30:$I$75,I110,$K$30:$K$75)=0,"",SUMIF($I$30:$I$75,I110,$K$30:$K$75)) | L110: =IF(AND(年度数据总览!N36<>0),年度数据总览!N36,"") -> 行 | M110: =IF(SUMIF($R$30:$R$251,L110,$U$30:$U$251)=0,"",SUMIF($R$30:$R$251,L110,$U$30:$U$251)) | N110: =IF(AND(年度数据总览!P36<>0),年度数据总览!P36,"") -> 服饰鞋包 | O110: =IF(SUMIF($S$30:$S$251,N110,$U$30:$U$251)=0,"",SUMIF($S$30:$S$251,N110,$U$30:$U$251)) | W110: =IFERROR(VLOOKUP(V110,年度数据总览!$B$34:$C$51,2,FALSE),"")
G111: =IF(AND(年度数据总览!H37<>0),年度数据总览!H37,"") | H111: =IF(SUMIF($H$30:$H$75,G111,$K$30:$K$75)=0,"",SUMIF($H$30:$H$75,G111,$K$30:$K$75)) | I111: =IF(AND(年度数据总览!J37<>0),年度数据总览!J37,"") -> 报销 | J111: =IF(SUMIF($I$30:$I$75,I111,$K$30:$K$75)=0,"",SUMIF($I$30:$I$75,I111,$K$30:$K$75)) | L111: =IF(AND(年度数据总览!N37<>0),年度数据总览!N37,"") -> 娱与学 | M111: =IF(SUMIF($R$30:$R$251,L111,$U$30:$U$251)=0,"",SUMIF($R$30:$R$251,L111,$U$30:$U$251)) | N111: =IF(AND(年度数据总览!P37<>0),年度数据总览!P37,"") -> 个护美容 | O111: =IF(SUMIF($S$30:$S$251,N111,$U$30:$U$251)=0,"",SUMIF($S$30:$S$251,N111,$U$30:$U$251)) | W111: =IFERROR(VLOOKUP(V111,年度数据总览!$B$34:$C$51,2,FALSE),"")
G112: =IF(AND(年度数据总览!H38<>0),年度数据总览!H38,"") | H112: =IF(SUMIF($H$30:$H$75,G112,$K$30:$K$75)=0,"",SUMIF($H$30:$H$75,G112,$K$30:$K$75)) | I112: =IF(AND(年度数据总览!J38<>0),年度数据总览!J38,"") | J112: =IF(SUMIF($I$30:$I$75,I112,$K$30:$K$75)=0,"",SUMIF($I$30:$I$75,I112,$K$30:$K$75)) | L112: =IF(AND(年度数据总览!N38<>0),年度数据总览!N38,"") -> 情感社交 | M112: =IF(SUMIF($R$30:$R$251,L112,$U$30:$U$251)=0,"",SUMIF($R$30:$R$251,L112,$U$30:$U$251)) | N112: =IF(AND(年度数据总览!P38<>0),年度数据总览!P38,"") -> 房租/房贷 | O112: =IF(SUMIF($S$30:$S$251,N112,$U$30:$U$251)=0,"",SUMIF($S$30:$S$251,N112,$U$30:$U$251)) | W112: =IFERROR(VLOOKUP(V112,年度数据总览!$B$34:$C$51,2,FALSE),"")
G113: =IF(AND(年度数据总览!H39<>0),年度数据总览!H39,"") | H113: =IF(SUMIF($H$30:$H$75,G113,$K$30:$K$75)=0,"",SUMIF($H$30:$H$75,G113,$K$30:$K$75)) | I113: =IF(AND(年度数据总览!J39<>0),年度数据总览!J39,"") | J113: =IF(SUMIF($I$30:$I$75,I113,$K$30:$K$75)=0,"",SUMIF($I$30:$I$75,I113,$K$30:$K$75)) | L113: =IF(AND(年度数据总览!N39<>0),年度数据总览!N39,"") -> 医疗 | M113: =IF(SUMIF($R$30:$R$251,L113,$U$30:$U$251)=0,"",SUMIF($R$30:$R$251,L113,$U$30:$U$251)) | N113: =IF(AND(年度数据总览!P39<>0),年度数据总览!P39,"") -> 水电燃气 | O113: =IF(SUMIF($S$30:$S$251,N113,$U$30:$U$251)=0,"",SUMIF($S$30:$S$251,N113,$U$30:$U$251)) | W113: =IFERROR(VLOOKUP(V113,年度数据总览!$B$34:$C$51,2,FALSE),"")
G114: =IF(AND(年度数据总览!H40<>0),年度数据总览!H40,"") | H114: =IF(SUMIF($H$30:$H$75,G114,$K$30:$K$75)=0,"",SUMIF($H$30:$H$75,G114,$K$30:$K$75)) | I114: =IF(AND(年度数据总览!J40<>0),年度数据总览!J40,"") | J114: =IF(SUMIF($I$30:$I$75,I114,$K$30:$K$75)=0,"",SUMIF($I$30:$I$75,I114,$K$30:$K$75)) | L114: =IF(AND(年度数据总览!N40<>0),年度数据总览!N40,"") -> 金融往来 | M114: =IF(SUMIF($R$30:$R$251,L114,$U$30:$U$251)=0,"",SUMIF($R$30:$R$251,L114,$U$30:$U$251)) | N114: =IF(AND(年度数据总览!P40<>0),年度数据总览!P40,"") -> 网络通讯 | O114: =IF(SUMIF($S$30:$S$251,N114,$U$30:$U$251)=0,"",SUMIF($S$30:$S$251,N114,$U$30:$U$251)) | W114: =IFERROR(VLOOKUP(V114,年度数据总览!$B$34:$C$51,2,FALSE),"")
G115: =IF(AND(年度数据总览!H41<>0),年度数据总览!H41,"") | H115: =IF(SUMIF($H$30:$H$75,G115,$K$30:$K$75)=0,"",SUMIF($H$30:$H$75,G115,$K$30:$K$75)) | I115: =IF(AND(年度数据总览!J41<>0),年度数据总览!J41,"") | J115: =IF(SUMIF($I$30:$I$75,I115,$K$30:$K$75)=0,"",SUMIF($I$30:$I$75,I115,$K$30:$K$75)) | L115: =IF(AND(年度数据总览!N41<>0),年度数据总览!N41,"") -> 其他杂项 | M115: =IF(SUMIF($R$30:$R$251,L115,$U$30:$U$251)=0,"",SUMIF($R$30:$R$251,L115,$U$30:$U$251)) | N115: =IF(AND(年度数据总览!P41<>0),年度数据总览!P41,"") -> 家居日用 | O115: =IF(SUMIF($S$30:$S$251,N115,$U$30:$U$251)=0,"",SUMIF($S$30:$S$251,N115,$U$30:$U$251)) | W115: =IFERROR(VLOOKUP(V115,年度数据总览!$B$34:$C$51,2,FALSE),"")
G116: =IF(AND(年度数据总览!H42<>0),年度数据总览!H42,"") | H116: =IF(SUMIF($H$30:$H$75,G116,$K$30:$K$75)=0,"",SUMIF($H$30:$H$75,G116,$K$30:$K$75)) | I116: =IF(AND(年度数据总览!J42<>0),年度数据总览!J42,"") | J116: =IF(SUMIF($I$30:$I$75,I116,$K$30:$K$75)=0,"",SUMIF($I$30:$I$75,I116,$K$30:$K$75)) | L116: =IF(AND(年度数据总览!N42<>0),年度数据总览!N42,"") | M116: =IF(SUMIF($R$30:$R$251,L116,$U$30:$U$251)=0,"",SUMIF($R$30:$R$251,L116,$U$30:$U$251)) | N116: =IF(AND(年度数据总览!P42<>0),年度数据总览!P42,"") -> 住宿 | O116: =IF(SUMIF($S$30:$S$251,N116,$U$30:$U$251)=0,"",SUMIF($S$30:$S$251,N116,$U$30:$U$251)) | W116: =IFERROR(VLOOKUP(V116,年度数据总览!$B$34:$C$51,2,FALSE),"")
G117: =IF(AND(年度数据总览!H43<>0),年度数据总览!H43,"") | H117: =IF(SUMIF($H$30:$H$75,G117,$K$30:$K$75)=0,"",SUMIF($H$30:$H$75,G117,$K$30:$K$75)) | I117: =IF(AND(年度数据总览!J43<>0),年度数据总览!J43,"") | J117: =IF(SUMIF($I$30:$I$75,I117,$K$30:$K$75)=0,"",SUMIF($I$30:$I$75,I117,$K$30:$K$75)) | L117: =IF(AND(年度数据总览!N43<>0),年度数据总览!N43,"") | M117: =IF(SUMIF($R$30:$R$251,L117,$U$30:$U$251)=0,"",SUMIF($R$30:$R$251,L117,$U$30:$U$251)) | N117: =IF(AND(年度数据总览!P43<>0),年度数据总览!P43,"") -> 公共交通 | O117: =IF(SUMIF($S$30:$S$251,N117,$U$30:$U$251)=0,"",SUMIF($S$30:$S$251,N117,$U$30:$U$251)) | W117: =IFERROR(VLOOKUP(V117,年度数据总览!$B$34:$C$51,2,FALSE),"")
G118: =IF(AND(年度数据总览!H44<>0),年度数据总览!H44,"") | H118: =IF(SUMIF($H$30:$H$75,G118,$K$30:$K$75)=0,"",SUMIF($H$30:$H$75,G118,$K$30:$K$75)) | I118: =IF(AND(年度数据总览!J44<>0),年度数据总览!J44,"") | J118: =IF(SUMIF($I$30:$I$75,I118,$K$30:$K$75)=0,"",SUMIF($I$30:$I$75,I118,$K$30:$K$75)) | L118: =IF(AND(年度数据总览!N44<>0),年度数据总览!N44,"") | M118: =IF(SUMIF($R$30:$R$251,L118,$U$30:$U$251)=0,"",SUMIF($R$30:$R$251,L118,$U$30:$U$251)) | N118: =IF(AND(年度数据总览!P44<>0),年度数据总览!P44,"") -> 打车/租车 | O118: =IF(SUMIF($S$30:$S$251,N118,$U$30:$U$251)=0,"",SUMIF($S$30:$S$251,N118,$U$30:$U$251)) | W118: =IFERROR(VLOOKUP(V118,年度数据总览!$B$34:$C$51,2,FALSE),"")
... G128: =IF(AND(年度数据总览!H54<>0),年度数据总览!H54,"") | H128: =IF(SUMIF($H$30:$H$75,G128,$K$30:$K$75)=0,"",SUMIF($H$30:$H$75,G128,$K$30:$K$75)) | I128: =IF(AND(年度数据总览!J54<>0),年度数据总览!J54,"") | J128: =IF(SUMIF($I$30:$I$75,I128,$K$30:$K$75)=0,"",SUMIF($I$30:$I$75,I128,$K$30:$K$75)) | L128: =IF(AND(年度数据总览!N54<>0),年度数据总览!N54,"") | M128: =IF(SUMIF($R$30:$R$251,L128,$U$30:$U$251)=0,"",SUMIF($R$30:$R$251,L128,$U$30:$U$251)) | N128: =IF(AND(年度数据总览!P54<>0),年度数据总览!P54,"") -> 公益 | O128: =IF(SUMIF($S$30:$S$251,N128,$U$30:$U$251)=0,"",SUMIF($S$30:$S$251,N128,$U$30:$U$251)) | W128: =IFERROR(VLOOKUP(V128,年度数据总览!$B$34:$C$51,2,FALSE),"")
L129: =IF(AND(年度数据总览!N55<>0),年度数据总览!N55,"") | M129: =IF(SUMIF($R$30:$R$251,L129,$U$30:$U$251)=0,"",SUMIF($R$30:$R$251,L129,$U$30:$U$251)) | N129: =IF(AND(年度数据总览!P55<>0),年度数据总览!P55,"") -> 看病/买药 | O129: =IF(SUMIF($S$30:$S$251,N129,$U$30:$U$251)=0,"",SUMIF($S$30:$S$251,N129,$U$30:$U$251)) | W129: =IFERROR(VLOOKUP(V129,年度数据总览!$B$34:$C$51,2,FALSE),"")
L130: =IF(AND(年度数据总览!N56<>0),年度数据总览!N56,"") | M130: =IF(SUMIF($R$30:$R$251,L130,$U$30:$U$251)=0,"",SUMIF($R$30:$R$251,L130,$U$30:$U$251)) | N130: =IF(AND(年度数据总览!P56<>0),年度数据总览!P56,"") -> 体检 | O130: =IF(SUMIF($S$30:$S$251,N130,$U$30:$U$251)=0,"",SUMIF($S$30:$S$251,N130,$U$30:$U$251)) | W130: =IFERROR(VLOOKUP(V130,年度数据总览!$B$34:$C$51,2,FALSE),"")
L131: =IF(AND(年度数据总览!N57<>0),年度数据总览!N57,"") | M131: =IF(SUMIF($R$30:$R$251,L131,$U$30:$U$251)=0,"",SUMIF($R$30:$R$251,L131,$U$30:$U$251)) | N131: =IF(AND(年度数据总览!P57<>0),年度数据总览!P57,"") -> 还贷/还债 | O131: =IF(SUMIF($S$30:$S$251,N131,$U$30:$U$251)=0,"",SUMIF($S$30:$S$251,N131,$U$30:$U$251)) | W131: =IFERROR(VLOOKUP(V131,年度数据总览!$B$34:$C$51,2,FALSE),"")
L132: =IF(AND(年度数据总览!N58<>0),年度数据总览!N58,"") | M132: =IF(SUMIF($R$30:$R$251,L132,$U$30:$U$251)=0,"",SUMIF($R$30:$R$251,L132,$U$30:$U$251)) | N132: =IF(AND(年度数据总览!P58<>0),年度数据总览!P58,"") -> 借款给他人 | O132: =IF(SUMIF($S$30:$S$251,N132,$U$30:$U$251)=0,"",SUMIF($S$30:$S$251,N132,$U$30:$U$251)) | W132: =IFERROR(VLOOKUP(V132,年度数据总览!$B$34:$C$51,2,FALSE),"")
L133: =IF(AND(年度数据总览!N59<>0),年度数据总览!N59,"") | M133: =IF(SUMIF($R$30:$R$251,L133,$U$30:$U$251)=0,"",SUMIF($R$30:$R$251,L133,$U$30:$U$251)) | N133: =IF(AND(年度数据总览!P59<>0),年度数据总览!P59,"") -> 手续费 | O133: =IF(SUMIF($S$30:$S$251,N133,$U$30:$U$251)=0,"",SUMIF($S$30:$S$251,N133,$U$30:$U$251)) | W133: =IFERROR(VLOOKUP(V133,年度数据总览!$B$34:$C$51,2,FALSE),"")
L134: =IF(AND(年度数据总览!N60<>0),年度数据总览!N60,"") | M134: =IF(SUMIF($R$30:$R$251,L134,$U$30:$U$251)=0,"",SUMIF($R$30:$R$251,L134,$U$30:$U$251)) | N134: =IF(AND(年度数据总览!P60<>0),年度数据总览!P60,"") -> 罚款 | O134: =IF(SUMIF($S$30:$S$251,N134,$U$30:$U$251)=0,"",SUMIF($S$30:$S$251,N134,$U$30:$U$251)) | W134: =IFERROR(VLOOKUP(V134,年度数据总览!$B$34:$C$51,2,FALSE),"")
L135: =IF(AND(年度数据总览!N61<>0),年度数据总览!N61,"") | M135: =IF(SUMIF($R$30:$R$251,L135,$U$30:$U$251)=0,"",SUMIF($R$30:$R$251,L135,$U$30:$U$251)) | N135: =IF(AND(年度数据总览!P61<>0),年度数据总览!P61,"") -> 其他 | O135: =IF(SUMIF($S$30:$S$251,N135,$U$30:$U$251)=0,"",SUMIF($S$30:$S$251,N135,$U$30:$U$251)) | W135: =IFERROR(VLOOKUP(V135,年度数据总览!$B$34:$C$51,2,FALSE),"")
L136: =IF(AND(年度数据总览!N62<>0),年度数据总览!N62,"") | M136: =IF(SUMIF($R$30:$R$251,L136,$U$30:$U$251)=0,"",SUMIF($R$30:$R$251,L136,$U$30:$U$251)) | N136: =IF(AND(年度数据总览!P62<>0),年度数据总览!P62,"") | O136: =IF(SUMIF($S$30:$S$251,N136,$U$30:$U$251)=0,"",SUMIF($S$30:$S$251,N136,$U$30:$U$251)) | W136: =IFERROR(VLOOKUP(V136,年度数据总览!$B$34:$C$51,2,FALSE),"")
L137: =IF(AND(年度数据总览!N63<>0),年度数据总览!N63,"") | M137: =IF(SUMIF($R$30:$R$251,L137,$U$30:$U$251)=0,"",SUMIF($R$30:$R$251,L137,$U$30:$U$251)) | N137: =IF(AND(年度数据总览!P63<>0),年度数据总览!P63,"") | O137: =IF(SUMIF($S$30:$S$251,N137,$U$30:$U$251)=0,"",SUMIF($S$30:$S$251,N137,$U$30:$U$251)) | W137: =IFERROR(VLOOKUP(V137,年度数据总览!$B$34:$C$51,2,FALSE),"")
L138: =IF(AND(年度数据总览!N64<>0),年度数据总览!N64,"") | M138: =IF(SUMIF($R$30:$R$251,L138,$U$30:$U$251)=0,"",SUMIF($R$30:$R$251,L138,$U$30:$U$251)) | N138: =IF(AND(年度数据总览!P64<>0),年度数据总览!P64,"") | O138: =IF(SUMIF($S$30:$S$251,N138,$U$30:$U$251)=0,"",SUMIF($S$30:$S$251,N138,$U$30:$U$251)) | W138: =IFERROR(VLOOKUP(V138,年度数据总览!$B$34:$C$51,2,FALSE),"")
L139: =IF(AND(年度数据总览!N65<>0),年度数据总览!N65,"") | M139: =IF(SUMIF($R$30:$R$251,L139,$U$30:$U$251)=0,"",SUMIF($R$30:$R$251,L139,$U$30:$U$251)) | N139: =IF(AND(年度数据总览!P65<>0),年度数据总览!P65,"") | O139: =IF(SUMIF($S$30:$S$251,N139,$U$30:$U$251)=0,"",SUMIF($S$30:$S$251,N139,$U$30:$U$251)) | W139: =IFERROR(VLOOKUP(V139,年度数据总览!$B$34:$C$51,2,FALSE),"")
L140: =IF(AND(年度数据总览!N66<>0),年度数据总览!N66,"") | M140: =IF(SUMIF($R$30:$R$251,L140,$U$30:$U$251)=0,"",SUMIF($R$30:$R$251,L140,$U$30:$U$251)) | N140: =IF(AND(年度数据总览!P66<>0),年度数据总览!P66,"") | O140: =IF(SUMIF($S$30:$S$251,N140,$U$30:$U$251)=0,"",SUMIF($S$30:$S$251,N140,$U$30:$U$251)) | W140: =IFERROR(VLOOKUP(V140,年度数据总览!$B$34:$C$51,2,FALSE),"")
... L153: =IF(AND(年度数据总览!N79<>0),年度数据总览!N79,"") | M153: =IF(SUMIF($R$30:$R$251,L153,$U$30:$U$251)=0,"",SUMIF($R$30:$R$251,L153,$U$30:$U$251)) | N153: =IF(AND(年度数据总览!P79<>0),年度数据总览!P79,"") | O153: =IF(SUMIF($S$30:$S$251,N153,$U$30:$U$251)=0,"",SUMIF($S$30:$S$251,N153,$U$30:$U$251)) | W153: =IFERROR(VLOOKUP(V153,年度数据总览!$B$34:$C$51,2,FALSE),"")
W154: =IFERROR(VLOOKUP(V154,年度数据总览!$B$34:$C$51,2,FALSE),"")
W155: =IFERROR(VLOOKUP(V155,年度数据总览!$B$34:$C$51,2,FALSE),"")
...

Sheet 3月
B2: =$B$5&"月账单" -> 3月账单
B5: 3 | G5: 本月总收入 | I5: 本月总支出 | K5: 本月结余 | M5: 月末余额
G6: =I25 -> 0 | I6: =S25 -> 0 | K6: =G6-I6 -> 0 | M6: =SUM(K6,'2月'!M6) -> 16000
B7: ="今日是"&TEXT(TODAY(),"yyyy年m月d日") -> 今日是2026年10月25日
B8: 距离 | C8: =TEXT(TODAY(),"yyyy年") -> 2026年
B9: 结束还有 | C9: =DATEDIF(TODAY(),DATE((YEAR(TODAY())),12,31),"d") -> 67 | G9: 最大一笔收入细项 | H9: ="最大一笔"&G10&"金额" -> 最大一笔待填入金额 | J9: 对应日期 | K9: 最大一笔日常支出细项 | M9: ="最大一笔"&K10&"金额" -> 最大一笔待填入金额 | O9: 对应日期 | Q9: 最大支出使用人 | S9: =S6&"支出总额" -> 支出总额
G10: =IFERROR(INDEX(表6_10232[收入细项],MATCH(MAX(表6_10232[金额]),表6_10232[金额],0)),"待填入") -> 待填入 | H10: =IFERROR(MAX(表6_10232[金额]),0) -> 0 | J10: =IFERROR(INDEX(表6_10232[日期],MATCH(MAX(表6_10232[金额]),表6_10232[金额],0)),"待填入") -> 待填入 | K10: =IFERROR(INDEX(表6_331[支出细项],MATCH(MAX(表6_331[金额]),表6_331[金额],0)),"待填入") -> 待填入 | M10: =IFERROR(MAX(表6_331[金额]),0) -> 0 | O10: =IFERROR(INDEX(表6_331[日期],MATCH(MAX(表6_331[金额]),表6_331[金额],0)),"待填入") -> 待填入 | Q10: =IFERROR(INDEX(AD30:AD73,MATCH(MAX(AE30:AE73),AE30:AE73,0)),"待填入") -> 待填入 | S10: =IFERROR(MAX(AE30:AE73),0) -> 0
G25: 本月总收入 | I25: =SUM(表6_10232[金额]) -> 0 | Q25: 本月总支出 | S25: =SUM(U30:U251) -> 0
AA26: 如需空白处新增内容，请在此行之上进行新增编辑，以免与其它数据产生冲突
I27: 1 | S27: 1
G28: 手动填写 | H28: 下拉筛选 | I28: 下拉筛选 | J28: 手动填写 | K28: 手动填写 | L28: 下拉筛选 | M28: 自动生成 | N28: 手动填写 | O28: 手动填写 | Q28: 手动填写 | R28: 下拉筛选 | S28: 下拉筛选 | T28: 手动填写 | U28: 手动填写 | V28: 下拉筛选 | W28: 自动生成 | X28: 手动填写 | Y28: 手动填写 | AA28: 收入大类筛选 | AD28: 支出使用人 | AG28: 支出大类 | AJ28: 支出细项
B29: 对账账户 | C29: 本月实时金额 | G29: 日期 | H29: 收入大类 | I29: 收入细项 | J29: 具体项目 | K29: 金额 | L29: 收入账户 | M29: 账户大类 | N29: 归属方 | O29: 备注 | Q29: 日期 | R29: 支出大类 | S29: 支出细项 | T29: 具体项目 | U29: 金额 | V29: 支出账户 | W29: 账户大类 | X29: 支出使用人 | Y29: 备注 | AA29: 收入大类 | AB29: 求和项:金额 | AD29: 支出使用人 | AE29: 求和项:金额 | AG29: 支出大类 | AH29: 求和项:金额 | AJ29: 支出细项 | AK29: 求和项:金额
B30: =IF(AND(年度数据总览!B34<>0),年度数据总览!B34,"") -> 余额宝 | C30: =IFERROR(IF('2月'!C30-SUMIF('3月'!$V$30:$V$216,'3月'!$B30,'3月'!$U$30:$U$216)+SUMIF('3月'!$L$30:$L$75,'3月'!$B30,'3月'!$K$30:$K$75)-SUMIF('3月'!$J$85:$J$99,'3月'!$B30,'3月'!$K$85:$K$99)+SUMIF('3月'!$L$85:$L$99,'3月'!$B30,'3月'!$N$85:$N$99)=0,0,'2月'!C30-SUMIF('3月'!$V$30:$V$216,'3月'!$B30,'3月'!$U$30:$U$216)+SUMIF('3月'!$L$30:$L$75,'3月'!$B30,'3月'!$K$30:$K$75)-SUMIF('3月'!$J$85:$J$99,'3月'!$B30,'3月'!$K$85:$K$99)+SUMIF('3月'!$L$85:$L$99,'3月'!$B30,'3月'!$N$85:$N$99)),0) -> 701 | M30: =IFERROR(VLOOKUP(L30,年度数据总览!$B$34:$C$51,2,FALSE),"") | W30: =IFERROR(VLOOKUP(V30,年度数据总览!$B$34:$C$51,2,FALSE),"") | AA30: (空白) | AD30: (空白) | AG30: (空白) | AJ30: (空白)
B31: =IF(AND(年度数据总览!B35<>0),年度数据总览!B35,"") -> 微信 | C31: =IFERROR(IF('2月'!C31-SUMIF('3月'!$V$30:$V$216,'3月'!$B31,'3月'!$U$30:$U$216)+SUMIF('3月'!$L$30:$L$75,'3月'!$B31,'3月'!$K$30:$K$75)-SUMIF('3月'!$J$85:$J$99,'3月'!$B31,'3月'!$K$85:$K$99)+SUMIF('3月'!$L$85:$L$99,'3月'!$B31,'3月'!$N$85:$N$99)=0,0,'2月'!C31-SUMIF('3月'!$V$30:$V$216,'3月'!$B31,'3月'!$U$30:$U$216)+SUMIF('3月'!$L$30:$L$75,'3月'!$B31,'3月'!$K$30:$K$75)-SUMIF('3月'!$J$85:$J$99,'3月'!$B31,'3月'!$K$85:$K$99)+SUMIF('3月'!$L$85:$L$99,'3月'!$B31,'3月'!$N$85:$N$99)),0) -> 2300 | M31: =IFERROR(VLOOKUP(L31,年度数据总览!$B$34:$C$51,2,FALSE),"") | W31: =IFERROR(VLOOKUP(V31,年度数据总览!$B$34:$C$51,2,FALSE),"") | AA31: 总计 | AG31: 总计 | AJ31: 总计
B32: =IF(AND(年度数据总览!B36<>0),年度数据总览!B36,"") -> 现金 | C32: =IFERROR(IF('2月'!C32-SUMIF('3月'!$V$30:$V$216,'3月'!$B32,'3月'!$U$30:$U$216)+SUMIF('3月'!$L$30:$L$75,'3月'!$B32,'3月'!$K$30:$K$75)-SUMIF('3月'!$J$85:$J$99,'3月'!$B32,'3月'!$K$85:$K$99)+SUMIF('3月'!$L$85:$L$99,'3月'!$B32,'3月'!$N$85:$N$99)=0,0,'2月'!C32-SUMIF('3月'!$V$30:$V$216,'3月'!$B32,'3月'!$U$30:$U$216)+SUMIF('3月'!$L$30:$L$75,'3月'!$B32,'3月'!$K$30:$K$75)-SUMIF('3月'!$J$85:$J$99,'3月'!$B32,'3月'!$K$85:$K$99)+SUMIF('3月'!$L$85:$L$99,'3月'!$B32,'3月'!$N$85:$N$99)),0) -> 3000 | M32: =IFERROR(VLOOKUP(L32,年度数据总览!$B$34:$C$51,2,FALSE),"") | W32: =IFERROR(VLOOKUP(V32,年度数据总览!$B$34:$C$51,2,FALSE),"")
B33: =IF(AND(年度数据总览!B37<>0),年度数据总览!B37,"") -> XX未还债务 | C33: =IFERROR(IF('2月'!C33-SUMIF('3月'!$V$30:$V$216,'3月'!$B33,'3月'!$U$30:$U$216)+SUMIF('3月'!$L$30:$L$75,'3月'!$B33,'3月'!$K$30:$K$75)-SUMIF('3月'!$J$85:$J$99,'3月'!$B33,'3月'!$K$85:$K$99)+SUMIF('3月'!$L$85:$L$99,'3月'!$B33,'3月'!$N$85:$N$99)=0,0,'2月'!C33-SUMIF('3月'!$V$30:$V$216,'3月'!$B33,'3月'!$U$30:$U$216)+SUMIF('3月'!$L$30:$L$75,'3月'!$B33,'3月'!$K$30:$K$75)-SUMIF('3月'!$J$85:$J$99,'3月'!$B33,'3月'!$K$85:$K$99)+SUMIF('3月'!$L$85:$L$99,'3月'!$B33,'3月'!$N$85:$N$99)),0) -> 3000 | M33: =IFERROR(VLOOKUP(L33,年度数据总览!$B$34:$C$51,2,FALSE),"") | W33: =IFERROR(VLOOKUP(V33,年度数据总览!$B$34:$C$51,2,FALSE),"")
B34: =IF(AND(年度数据总览!B38<>0),年度数据总览!B38,"") -> 中国银行 | C34: =IFERROR(IF('2月'!C34-SUMIF('3月'!$V$30:$V$216,'3月'!$B34,'3月'!$U$30:$U$216)+SUMIF('3月'!$L$30:$L$75,'3月'!$B34,'3月'!$K$30:$K$75)-SUMIF('3月'!$J$85:$J$99,'3月'!$B34,'3月'!$K$85:$K$99)+SUMIF('3月'!$L$85:$L$99,'3月'!$B34,'3月'!$N$85:$N$99)=0,0,'2月'!C34-SUMIF('3月'!$V$30:$V$216,'3月'!$B34,'3月'!$U$30:$U$216)+SUMIF('3月'!$L$30:$L$75,'3月'!$B34,'3月'!$K$30:$K$75)-SUMIF('3月'!$J$85:$J$99,'3月'!$B34,'3月'!$K$85:$K$99)+SUMIF('3月'!$L$85:$L$99,'3月'!$B34,'3月'!$N$85:$N$99)),0) -> 7000 | M34: =IFERROR(VLOOKUP(L34,年度数据总览!$B$34:$C$51,2,FALSE),"") | W34: =IFERROR(VLOOKUP(V34,年度数据总览!$B$34:$C$51,2,FALSE),"")
B35: =IF(AND(年度数据总览!B39<>0),年度数据总览!B39,"") -> 花呗负债 | C35: =IFERROR(IF('2月'!C35-SUMIF('3月'!$V$30:$V$216,'3月'!$B35,'3月'!$U$30:$U$216)+SUMIF('3月'!$L$30:$L$75,'3月'!$B35,'3月'!$K$30:$K$75)-SUMIF('3月'!$J$85:$J$99,'3月'!$B35,'3月'!$K$85:$K$99)+SUMIF('3月'!$L$85:$L$99,'3月'!$B35,'3月'!$N$85:$N$99)=0,0,'2月'!C35-SUMIF('3月'!$V$30:$V$216,'3月'!$B35,'3月'!$U$30:$U$216)+SUMIF('3月'!$L$30:$L$75,'3月'!$B35,'3月'!$K$30:$K$75)-SUMIF('3月'!$J$85:$J$99,'3月'!$B35,'3月'!$K$85:$K$99)+SUMIF('3月'!$L$85:$L$99,'3月'!$B35,'3月'!$N$85:$N$99)),0) -> -1 | M35: =IFERROR(VLOOKUP(L35,年度数据总览!$B$34:$C$51,2,FALSE),"") | W35: =IFERROR(VLOOKUP(V35,年度数据总览!$B$34:$C$51,2,FALSE),"")
B36: =IF(AND(年度数据总览!B40<>0),年度数据总览!B40,"") | C36: =IFERROR(IF('2月'!C36-SUMIF('3月'!$V$30:$V$216,'3月'!$B36,'3月'!$U$30:$U$216)+SUMIF('3月'!$L$30:$L$75,'3月'!$B36,'3月'!$K$30:$K$75)-SUMIF('3月'!$J$85:$J$99,'3月'!$B36,'3月'!$K$85:$K$99)+SUMIF('3月'!$L$85:$L$99,'3月'!$B36,'3月'!$N$85:$N$99)=0,0,'2月'!C36-SUMIF('3月'!$V$30:$V$216,'3月'!$B36,'3月'!$U$30:$U$216)+SUMIF('3月'!$L$30:$L$75,'3月'!$B36,'3月'!$K$30:$K$75)-SUMIF('3月'!$J$85:$J$99,'3月'!$B36,'3月'!$K$85:$K$99)+SUMIF('3月'!$L$85:$L$99,'3月'!$B36,'3月'!$N$85:$N$99)),0) -> 0 | M36: =IFERROR(VLOOKUP(L36,年度数据总览!$B$34:$C$51,2,FALSE),"") | W36: =IFERROR(VLOOKUP(V36,年度数据总览!$B$34:$C$51,2,FALSE),"")
B37: =IF(AND(年度数据总览!B41<>0),年度数据总览!B41,"") | C37: =IFERROR(IF('2月'!C37-SUMIF('3月'!$V$30:$V$216,'3月'!$B37,'3月'!$U$30:$U$216)+SUMIF('3月'!$L$30:$L$75,'3月'!$B37,'3月'!$K$30:$K$75)-SUMIF('3月'!$J$85:$J$99,'3月'!$B37,'3月'!$K$85:$K$99)+SUMIF('3月'!$L$85:$L$99,'3月'!$B37,'3月'!$N$85:$N$99)=0,0,'2月'!C37-SUMIF('3月'!$V$30:$V$216,'3月'!$B37,'3月'!$U$30:$U$216)+SUMIF('3月'!$L$30:$L$75,'3月'!$B37,'3月'!$K$30:$K$75)-SUMIF('3月'!$J$85:$J$99,'3月'!$B37,'3月'!$K$85:$K$99)+SUMIF('3月'!$L$85:$L$99,'3月'!$B37,'3月'!$N$85:$N$99)),0) -> 0 | M37: =IFERROR(VLOOKUP(L37,年度数据总览!$B$34:$C$51,2,FALSE),"") | W37: =IFERROR(VLOOKUP(V37,年度数据总览!$B$34:$C$51,2,FALSE),"")
B38: =IF(AND(年度数据总览!B42<>0),年度数据总览!B42,"") | C38: =IFERROR(IF('2月'!C38-SUMIF('3月'!$V$30:$V$216,'3月'!$B38,'3月'!$U$30:$U$216)+SUMIF('3月'!$L$30:$L$75,'3月'!$B38,'3月'!$K$30:$K$75)-SUMIF('3月'!$J$85:$J$99,'3月'!$B38,'3月'!$K$85:$K$99)+SUMIF('3月'!$L$85:$L$99,'3月'!$B38,'3月'!$N$85:$N$99)=0,0,'2月'!C38-SUMIF('3月'!$V$30:$V$216,'3月'!$B38,'3月'!$U$30:$U$216)+SUMIF('3月'!$L$30:$L$75,'3月'!$B38,'3月'!$K$30:$K$75)-SUMIF('3月'!$J$85:$J$99,'3月'!$B38,'3月'!$K$85:$K$99)+SUMIF('3月'!$L$85:$L$99,'3月'!$B38,'3月'!$N$85:$N$99)),0) -> 0 | M38: =IFERROR(VLOOKUP(L38,年度数据总览!$B$34:$C$51,2,FALSE),"") | W38: =IFERROR(VLOOKUP(V38,年度数据总览!$B$34:$C$51,2,FALSE),"")
B39: =IF(AND(年度数据总览!B43<>0),年度数据总览!B43,"") | C39: =IFERROR(IF('2月'!C39-SUMIF('3月'!$V$30:$V$216,'3月'!$B39,'3月'!$U$30:$U$216)+SUMIF('3月'!$L$30:$L$75,'3月'!$B39,'3月'!$K$30:$K$75)-SUMIF('3月'!$J$85:$J$99,'3月'!$B39,'3月'!$K$85:$K$99)+SUMIF('3月'!$L$85:$L$99,'3月'!$B39,'3月'!$N$85:$N$99)=0,0,'2月'!C39-SUMIF('3月'!$V$30:$V$216,'3月'!$B39,'3月'!$U$30:$U$216)+SUMIF('3月'!$L$30:$L$75,'3月'!$B39,'3月'!$K$30:$K$75)-SUMIF('3月'!$J$85:$J$99,'3月'!$B39,'3月'!$K$85:$K$99)+SUMIF('3月'!$L$85:$L$99,'3月'!$B39,'3月'!$N$85:$N$99)),0) -> 0 | M39: =IFERROR(VLOOKUP(L39,年度数据总览!$B$34:$C$51,2,FALSE),"") | W39: =IFERROR(VLOOKUP(V39,年度数据总览!$B$34:$C$51,2,FALSE),"")
B40: =IF(AND(年度数据总览!B44<>0),年度数据总览!B44,"") | C40: =IFERROR(IF('2月'!C40-SUMIF('3月'!$V$30:$V$216,'3月'!$B40,'3月'!$U$30:$U$216)+SUMIF('3月'!$L$30:$L$75,'3月'!$B40,'3月'!$K$30:$K$75)-SUMIF('3月'!$J$85:$J$99,'3月'!$B40,'3月'!$K$85:$K$99)+SUMIF('3月'!$L$85:$L$99,'3月'!$B40,'3月'!$N$85:$N$99)=0,0,'2月'!C40-SUMIF('3月'!$V$30:$V$216,'3月'!$B40,'3月'!$U$30:$U$216)+SUMIF('3月'!$L$30:$L$75,'3月'!$B40,'3月'!$K$30:$K$75)-SUMIF('3月'!$J$85:$J$99,'3月'!$B40,'3月'!$K$85:$K$99)+SUMIF('3月'!$L$85:$L$99,'3月'!$B40,'3月'!$N$85:$N$99)),0) -> 0 | M40: =IFERROR(VLOOKUP(L40,年度数据总览!$B$34:$C$51,2,FALSE),"") | W40: =IFERROR(VLOOKUP(V40,年度数据总览!$B$34:$C$51,2,FALSE),"")
B41: =IF(AND(年度数据总览!B45<>0),年度数据总览!B45,"") | C41: =IFERROR(IF('2月'!C41-SUMIF('3月'!$V$30:$V$216,'3月'!$B41,'3月'!$U$30:$U$216)+SUMIF('3月'!$L$30:$L$75,'3月'!$B41,'3月'!$K$30:$K$75)-SUMIF('3月'!$J$85:$J$99,'3月'!$B41,'3月'!$K$85:$K$99)+SUMIF('3月'!$L$85:$L$99,'3月'!$B41,'3月'!$N$85:$N$99)=0,0,'2月'!C41-SUMIF('3月'!$V$30:$V$216,'3月'!$B41,'3月'!$U$30:$U$216)+SUMIF('3月'!$L$30:$L$75,'3月'!$B41,'3月'!$K$30:$K$75)-SUMIF('3月'!$J$85:$J$99,'3月'!$B41,'3月'!$K$85:$K$99)+SUMIF('3月'!$L$85:$L$99,'3月'!$B41,'3月'!$N$85:$N$99)),0) -> 0 | M41: =IFERROR(VLOOKUP(L41,年度数据总览!$B$34:$C$51,2,FALSE),"") | W41: =IFERROR(VLOOKUP(V41,年度数据总览!$B$34:$C$51,2,FALSE),"")
B42: =IF(AND(年度数据总览!B46<>0),年度数据总览!B46,"") | C42: =IFERROR(IF('2月'!C42-SUMIF('3月'!$V$30:$V$216,'3月'!$B42,'3月'!$U$30:$U$216)+SUMIF('3月'!$L$30:$L$75,'3月'!$B42,'3月'!$K$30:$K$75)-SUMIF('3月'!$J$85:$J$99,'3月'!$B42,'3月'!$K$85:$K$99)+SUMIF('3月'!$L$85:$L$99,'3月'!$B42,'3月'!$N$85:$N$99)=0,0,'2月'!C42-SUMIF('3月'!$V$30:$V$216,'3月'!$B42,'3月'!$U$30:$U$216)+SUMIF('3月'!$L$30:$L$75,'3月'!$B42,'3月'!$K$30:$K$75)-SUMIF('3月'!$J$85:$J$99,'3月'!$B42,'3月'!$K$85:$K$99)+SUMIF('3月'!$L$85:$L$99,'3月'!$B42,'3月'!$N$85:$N$99)),0) -> 0 | M42: =IFERROR(VLOOKUP(L42,年度数据总览!$B$34:$C$51,2,FALSE),"") | W42: =IFERROR(VLOOKUP(V42,年度数据总览!$B$34:$C$51,2,FALSE),"")
B43: =IF(AND(年度数据总览!B47<>0),年度数据总览!B47,"") | C43: =IFERROR(IF('2月'!C43-SUMIF('3月'!$V$30:$V$216,'3月'!$B43,'3月'!$U$30:$U$216)+SUMIF('3月'!$L$30:$L$75,'3月'!$B43,'3月'!$K$30:$K$75)-SUMIF('3月'!$J$85:$J$99,'3月'!$B43,'3月'!$K$85:$K$99)+SUMIF('3月'!$L$85:$L$99,'3月'!$B43,'3月'!$N$85:$N$99)=0,0,'2月'!C43-SUMIF('3月'!$V$30:$V$216,'3月'!$B43,'3月'!$U$30:$U$216)+SUMIF('3月'!$L$30:$L$75,'3月'!$B43,'3月'!$K$30:$K$75)-SUMIF('3月'!$J$85:$J$99,'3月'!$B43,'3月'!$K$85:$K$99)+SUMIF('3月'!$L$85:$L$99,'3月'!$B43,'3月'!$N$85:$N$99)),0) -> 0 | M43: =IFERROR(VLOOKUP(L43,年度数据总览!$B$34:$C$51,2,FALSE),"") | W43: =IFERROR(VLOOKUP(V43,年度数据总览!$B$34:$C$51,2,FALSE),"")
... B73: =IF(AND(年度数据总览!B77<>0),年度数据总览!B77,"") | C73: =IFERROR(IF('2月'!C73-SUMIF('3月'!$V$30:$V$216,'3月'!$B73,'3月'!$U$30:$U$216)+SUMIF('3月'!$L$30:$L$75,'3月'!$B73,'3月'!$K$30:$K$75)-SUMIF('3月'!$J$85:$J$99,'3月'!$B73,'3月'!$K$85:$K$99)+SUMIF('3月'!$L$85:$L$99,'3月'!$B73,'3月'!$N$85:$N$99)=0,0,'2月'!C73-SUMIF('3月'!$V$30:$V$216,'3月'!$B73,'3月'!$U$30:$U$216)+SUMIF('3月'!$L$30:$L$75,'3月'!$B73,'3月'!$K$30:$K$75)-SUMIF('3月'!$J$85:$J$99,'3月'!$B73,'3月'!$K$85:$K$99)+SUMIF('3月'!$L$85:$L$99,'3月'!$B73,'3月'!$N$85:$N$99)),0) -> 0 | M73: =IFERROR(VLOOKUP(L73,年度数据总览!$B$34:$C$51,2,FALSE),"") | W73: =IFERROR(VLOOKUP(V73,年度数据总览!$B$34:$C$51,2,FALSE),"")
B74: =IF(AND(年度数据总览!B78<>0),年度数据总览!B78,"") | C74: =IFERROR(IF('2月'!C74-SUMIF('3月'!$V$30:$V$216,'3月'!$B74,'3月'!$U$30:$U$216)+SUMIF('3月'!$L$30:$L$75,'3月'!$B74,'3月'!$K$30:$K$75)-SUMIF('3月'!$J$85:$J$99,'3月'!$B74,'3月'!$K$85:$K$99)+SUMIF('3月'!$L$85:$L$99,'3月'!$B74,'3月'!$N$85:$N$99)=0,0,'2月'!C74-SUMIF('3月'!$V$30:$V$216,'3月'!$B74,'3月'!$U$30:$U$216)+SUMIF('3月'!$L$30:$L$75,'3月'!$B74,'3月'!$K$30:$K$75)-SUMIF('3月'!$J$85:$J$99,'3月'!$B74,'3月'!$K$85:$K$99)+SUMIF('3月'!$L$85:$L$99,'3月'!$B74,'3月'!$N$85:$N$99)),0) -> 0 | M74: =IFERROR(VLOOKUP(L74,年度数据总览!$B$34:$C$51,2,FALSE),"") | W74: =IFERROR(VLOOKUP(V74,年度数据总览!$B$34:$C$51,2,FALSE),"") | AA74: 如需空白处新增内容，请在此行之下进行新增编辑，以免与其它数据产生冲突
B75: 汇总 | C75: =SUBTOTAL(109,C30:C74) -> 16000 | W75: =IFERROR(VLOOKUP(V75,年度数据总览!$B$34:$C$51,2,FALSE),"")
W76: =IFERROR(VLOOKUP(V76,年度数据总览!$B$34:$C$51,2,FALSE),"")
W77: =IFERROR(VLOOKUP(V77,年度数据总览!$B$34:$C$51,2,FALSE),"")
W78: =IFERROR(VLOOKUP(V78,年度数据总览!$B$34:$C$51,2,FALSE),"")
W79: =IFERROR(VLOOKUP(V79,年度数据总览!$B$34:$C$51,2,FALSE),"")
W80: =IFERROR(VLOOKUP(V80,年度数据总览!$B$34:$C$51,2,FALSE),"")
G81: 账户内互转/还款记录 | J81: 账户内互转 | L81: 日常消费还款 | N81: 还贷/还债 | W81: =IFERROR(VLOOKUP(V81,年度数据总览!$B$34:$C$51,2,FALSE),"")
J82: =SUMIF(表8_30[项目大类],J81,表8_30[转出金额]) -> 0 | L82: =SUMIF(表8_30[项目大类],L81,表8_30[转出金额]) -> 0 | N82: =SUMIF(表8_30[项目大类],N81,表8_30[转出金额]) -> 0 | W82: =IFERROR(VLOOKUP(V82,年度数据总览!$B$34:$C$51,2,FALSE),"")
G83: 手动填写 | H83: 下拉筛选 | I83: 手动填写 | J83: 下拉筛选 | K83: 手动填写 | L83: 下拉筛选 | M83: 自动生成 | N83: 自动生成 | O83: 手动填写 | W83: =IFERROR(VLOOKUP(V83,年度数据总览!$B$34:$C$51,2,FALSE),"")
G84: 日期 | H84: 项目大类 | I84: 项目细项 | J84: 转出账户 | K84: 转出金额 | L84: 转入账户 | M84: 账户大类 | N84: 转入金额 | O84: 归属方 | W84: =IFERROR(VLOOKUP(V84,年度数据总览!$B$34:$C$51,2,FALSE),"")
M85: =IFERROR(VLOOKUP(L85,年度数据总览!$B$34:$C$51,2,FALSE),"") | N85: =IF(表8_30[[#This Row],[转出金额]]=0,"",表8_30[[#This Row],[转出金额]]) | W85: =IFERROR(VLOOKUP(V85,年度数据总览!$B$34:$C$51,2,FALSE),"")
M86: =IFERROR(VLOOKUP(L86,年度数据总览!$B$34:$C$51,2,FALSE),"") | N86: =IF(表8_30[[#This Row],[转出金额]]=0,"",表8_30[[#This Row],[转出金额]]) | W86: =IFERROR(VLOOKUP(V86,年度数据总览!$B$34:$C$51,2,FALSE),"")
M87: =IFERROR(VLOOKUP(L87,年度数据总览!$B$34:$C$51,2,FALSE),"") | N87: =IF(表8_30[[#This Row],[转出金额]]=0,"",表8_30[[#This Row],[转出金额]]) | W87: =IFERROR(VLOOKUP(V87,年度数据总览!$B$34:$C$51,2,FALSE),"")
M88: =IFERROR(VLOOKUP(L88,年度数据总览!$B$34:$C$51,2,FALSE),"") | N88: =IF(表8_30[[#This Row],[转出金额]]=0,"",表8_30[[#This Row],[转出金额]]) | W88: =IFERROR(VLOOKUP(V88,年度数据总览!$B$34:$C$51,2,FALSE),"")
M89: =IFERROR(VLOOKUP(L89,年度数据总览!$B$34:$C$51,2,FALSE),"") | N89: =IF(表8_30[[#This Row],[转出金额]]=0,"",表8_30[[#This Row],[转出金额]]) | W89: =IFERROR(VLOOKUP(V89,年度数据总览!$B$34:$C$51,2,FALSE),"")
M90: =IFERROR(VLOOKUP(L90,年度数据总览!$B$34:$C$51,2,FALSE),"") | N90: =IF(表8_30[[#This Row],[转出金额]]=0,"",表8_30[[#This Row],[转出金额]]) | W90: =IFERROR(VLOOKUP(V90,年度数据总览!$B$34:$C$51,2,FALSE),"")
M91: =IFERROR(VLOOKUP(L91,年度数据总览!$B$34:$C$51,2,FALSE),"") | N91: =IF(表8_30[[#This Row],[转出金额]]=0,"",表8_30[[#This Row],[转出金额]]) | W91: =IFERROR(VLOOKUP(V91,年度数据总览!$B$34:$C$51,2,FALSE),"")
M92: =IFERROR(VLOOKUP(L92,年度数据总览!$B$34:$C$51,2,FALSE),"") | N92: =IF(表8_30[[#This Row],[转出金额]]=0,"",表8_30[[#This Row],[转出金额]]) | W92: =IFERROR(VLOOKUP(V92,年度数据总览!$B$34:$C$51,2,FALSE),"")
M93: =IFERROR(VLOOKUP(L93,年度数据总览!$B$34:$C$51,2,FALSE),"") | N93: =IF(表8_30[[#This Row],[转出金额]]=0,"",表8_30[[#This Row],[转出金额]]) | W93: =IFERROR(VLOOKUP(V93,年度数据总览!$B$34:$C$51,2,FALSE),"")
M94: =IFERROR(VLOOKUP(L94,年度数据总览!$B$34:$C$51,2,FALSE),"") | N94: =IF(表8_30[[#This Row],[转出金额]]=0,"",表8_30[[#This Row],[转出金额]]) | W94: =IFERROR(VLOOKUP(V94,年度数据总览!$B$34:$C$51,2,FALSE),"")
M95: =IFERROR(VLOOKUP(L95,年度数据总览!$B$34:$C$51,2,FALSE),"") | N95: =IF(表8_30[[#This Row],[转出金额]]=0,"",表8_30[[#This Row],[转出金额]]) | W95: =IFERROR(VLOOKUP(V95,年度数据总览!$B$34:$C$51,2,FALSE),"")
M96: =IFERROR(VLOOKUP(L96,年度数据总览!$B$34:$C$51,2,FALSE),"") | N96: =IF(表8_30[[#This Row],[转出金额]]=0,"",表8_30[[#This Row],[转出金额]]) | W96: =IFERROR(VLOOKUP(V96,年度数据总览!$B$34:$C$51,2,FALSE),"")
... M99: =IFERROR(VLOOKUP(L99,年度数据总览!$B$34:$C$51,2,FALSE),"") | N99: =IF(表8_30[[#This Row],[转出金额]]=0,"",表8_30[[#This Row],[转出金额]]) | W99: =IFERROR(VLOOKUP(V99,年度数据总览!$B$34:$C$51,2,FALSE),"")
W100: =IFERROR(VLOOKUP(V100,年度数据总览!$B$34:$C$51,2,FALSE),"")
W101: =IFERROR(VLOOKUP(V101,年度数据总览!$B$34:$C$51,2,FALSE),"")
W102: =IFERROR(VLOOKUP(V102,年度数据总览!$B$34:$C$51,2,FALSE),"")
W103: =IFERROR(VLOOKUP(V103,年度数据总览!$B$34:$C$51,2,FALSE),"")
W104: =IFERROR(VLOOKUP(V104,年度数据总览!$B$34:$C$51,2,FALSE),"")
W105: =IFERROR(VLOOKUP(V105,年度数据总览!$B$34:$C$51,2,FALSE),"")
G106: 收入大类 | H106: 金额 | I106: 收入细项 | J106: 金额2 | L106: 支出大类 | M106: 金额 | N106: 支出细项 | O106: 金额 | W106: =IFERROR(VLOOKUP(V106,年度数据总览!$B$34:$C$51,2,FALSE),"")
G107: =IF(AND(年度数据总览!H33<>0),年度数据总览!H33,"") -> 固定收入 | H107: =IF(SUMIF($H$30:$H$75,G107,$K$30:$K$75)=0,"",SUMIF($H$30:$H$75,G107,$K$30:$K$75)) | I107: =IF(AND(年度数据总览!J33<>0),年度数据总览!J33,"") -> 副业 | J107: =IF(SUMIF($I$30:$I$75,I107,$K$30:$K$75)=0,"",SUMIF($I$30:$I$75,I107,$K$30:$K$75)) | L107: =IF(AND(年度数据总览!N33<>0),年度数据总览!N33,"") -> 食 | M107: =IF(SUMIF($R$30:$R$251,L107,$U$30:$U$251)=0,"",SUMIF($R$30:$R$251,L107,$U$30:$U$251)) | N107: =IF(AND(年度数据总览!P33<>0),年度数据总览!P33,"") -> 买菜 | O107: =IF(SUMIF($S$30:$S$251,N107,$U$30:$U$251)=0,"",SUMIF($S$30:$S$251,N107,$U$30:$U$251)) | W107: =IFERROR(VLOOKUP(V107,年度数据总览!$B$34:$C$51,2,FALSE),"")
G108: =IF(AND(年度数据总览!H34<>0),年度数据总览!H34,"") -> 其它收入 | H108: =IF(SUMIF($H$30:$H$75,G108,$K$30:$K$75)=0,"",SUMIF($H$30:$H$75,G108,$K$30:$K$75)) | I108: =IF(AND(年度数据总览!J34<>0),年度数据总览!J34,"") -> 工作薪资 | J108: =IF(SUMIF($I$30:$I$75,I108,$K$30:$K$75)=0,"",SUMIF($I$30:$I$75,I108,$K$30:$K$75)) | L108: =IF(AND(年度数据总览!N34<>0),年度数据总览!N34,"") -> 衣 | M108: =IF(SUMIF($R$30:$R$251,L108,$U$30:$U$251)=0,"",SUMIF($R$30:$R$251,L108,$U$30:$U$251)) | N108: =IF(AND(年度数据总览!P34<>0),年度数据总览!P34,"") -> 外食 | O108: =IF(SUMIF($S$30:$S$251,N108,$U$30:$U$251)=0,"",SUMIF($S$30:$S$251,N108,$U$30:$U$251)) | W108: =IFERROR(VLOOKUP(V108,年度数据总览!$B$34:$C$51,2,FALSE),"")
G109: =IF(AND(年度数据总览!H35<>0),年度数据总览!H35,"") -> 借款归还 | H109: =IF(SUMIF($H$30:$H$75,G109,$K$30:$K$75)=0,"",SUMIF($H$30:$H$75,G109,$K$30:$K$75)) | I109: =IF(AND(年度数据总览!J35<>0),年度数据总览!J35,"") -> 红包 | J109: =IF(SUMIF($I$30:$I$75,I109,$K$30:$K$75)=0,"",SUMIF($I$30:$I$75,I109,$K$30:$K$75)) | L109: =IF(AND(年度数据总览!N35<>0),年度数据总览!N35,"") -> 住 | M109: =IF(SUMIF($R$30:$R$251,L109,$U$30:$U$251)=0,"",SUMIF($R$30:$R$251,L109,$U$30:$U$251)) | N109: =IF(AND(年度数据总览!P35<>0),年度数据总览!P35,"") -> 零食饮品 | O109: =IF(SUMIF($S$30:$S$251,N109,$U$30:$U$251)=0,"",SUMIF($S$30:$S$251,N109,$U$30:$U$251)) | W109: =IFERROR(VLOOKUP(V109,年度数据总览!$B$34:$C$51,2,FALSE),"")
G110: =IF(AND(年度数据总览!H36<>0),年度数据总览!H36,"") | H110: =IF(SUMIF($H$30:$H$75,G110,$K$30:$K$75)=0,"",SUMIF($H$30:$H$75,G110,$K$30:$K$75)) | I110: =IF(AND(年度数据总览!J36<>0),年度数据总览!J36,"") -> 退费 | J110: =IF(SUMIF($I$30:$I$75,I110,$K$30:$K$75)=0,"",SUMIF($I$30:$I$75,I110,$K$30:$K$75)) | L110: =IF(AND(年度数据总览!N36<>0),年度数据总览!N36,"") -> 行 | M110: =IF(SUMIF($R$30:$R$251,L110,$U$30:$U$251)=0,"",SUMIF($R$30:$R$251,L110,$U$30:$U$251)) | N110: =IF(AND(年度数据总览!P36<>0),年度数据总览!P36,"") -> 服饰鞋包 | O110: =IF(SUMIF($S$30:$S$251,N110,$U$30:$U$251)=0,"",SUMIF($S$30:$S$251,N110,$U$30:$U$251)) | W110: =IFERROR(VLOOKUP(V110,年度数据总览!$B$34:$C$51,2,FALSE),"")
G111: =IF(AND(年度数据总览!H37<>0),年度数据总览!H37,"") | H111: =IF(SUMIF($H$30:$H$75,G111,$K$30:$K$75)=0,"",SUMIF($H$30:$H$75,G111,$K$30:$K$75)) | I111: =IF(AND(年度数据总览!J37<>0),年度数据总览!J37,"") -> 报销 | J111: =IF(SUMIF($I$30:$I$75,I111,$K$30:$K$75)=0,"",SUMIF($I$30:$I$75,I111,$K$30:$K$75)) | L111: =IF(AND(年度数据总览!N37<>0),年度数据总览!N37,"") -> 娱与学 | M111: =IF(SUMIF($R$30:$R$251,L111,$U$30:$U$251)=0,"",SUMIF($R$30:$R$251,L111,$U$30:$U$251)) | N111: =IF(AND(年度数据总览!P37<>0),年度数据总览!P37,"") -> 个护美容 | O111: =IF(SUMIF($S$30:$S$251,N111,$U$30:$U$251)=0,"",SUMIF($S$30:$S$251,N111,$U$30:$U$251)) | W111: =IFERROR(VLOOKUP(V111,年度数据总览!$B$34:$C$51,2,FALSE),"")
G112: =IF(AND(年度数据总览!H38<>0),年度数据总览!H38,"") | H112: =IF(SUMIF($H$30:$H$75,G112,$K$30:$K$75)=0,"",SUMIF($H$30:$H$75,G112,$K$30:$K$75)) | I112: =IF(AND(年度数据总览!J38<>0),年度数据总览!J38,"") | J112: =IF(SUMIF($I$30:$I$75,I112,$K$30:$K$75)=0,"",SUMIF($I$30:$I$75,I112,$K$30:$K$75)) | L112: =IF(AND(年度数据总览!N38<>0),年度数据总览!N38,"") -> 情感社交 | M112: =IF(SUMIF($R$30:$R$251,L112,$U$30:$U$251)=0,"",SUMIF($R$30:$R$251,L112,$U$30:$U$251)) | N112: =IF(AND(年度数据总览!P38<>0),年度数据总览!P38,"") -> 房租/房贷 | O112: =IF(SUMIF($S$30:$S$251,N112,$U$30:$U$251)=0,"",SUMIF($S$30:$S$251,N112,$U$30:$U$251)) | W112: =IFERROR(VLOOKUP(V112,年度数据总览!$B$34:$C$51,2,FALSE),"")
G113: =IF(AND(年度数据总览!H39<>0),年度数据总览!H39,"") | H113: =IF(SUMIF($H$30:$H$75,G113,$K$30:$K$75)=0,"",SUMIF($H$30:$H$75,G113,$K$30:$K$75)) | I113: =IF(AND(年度数据总览!J39<>0),年度数据总览!J39,"") | J113: =IF(SUMIF($I$30:$I$75,I113,$K$30:$K$75)=0,"",SUMIF($I$30:$I$75,I113,$K$30:$K$75)) | L113: =IF(AND(年度数据总览!N39<>0),年度数据总览!N39,"") -> 医疗 | M113: =IF(SUMIF($R$30:$R$251,L113,$U$30:$U$251)=0,"",SUMIF($R$30:$R$251,L113,$U$30:$U$251)) | N113: =IF(AND(年度数据总览!P39<>0),年度数据总览!P39,"") -> 水电燃气 | O113: =IF(SUMIF($S$30:$S$251,N113,$U$30:$U$251)=0,"",SUMIF($S$30:$S$251,N113,$U$30:$U$251)) | W113: =IFERROR(VLOOKUP(V113,年度数据总览!$B$34:$C$51,2,FALSE),"")
G114: =IF(AND(年度数据总览!H40<>0),年度数据总览!H40,"") | H114: =IF(SUMIF($H$30:$H$75,G114,$K$30:$K$75)=0,"",SUMIF($H$30:$H$75,G114,$K$30:$K$75)) | I114: =IF(AND(年度数据总览!J40<>0),年度数据总览!J40,"") | J114: =IF(SUMIF($I$30:$I$75,I114,$K$30:$K$75)=0,"",SUMIF($I$30:$I$75,I114,$K$30:$K$75)) | L114: =IF(AND(年度数据总览!N40<>0),年度数据总览!N40,"") -> 金融往来 | M114: =IF(SUMIF($R$30:$R$251,L114,$U$30:$U$251)=0,"",SUMIF($R$30:$R$251,L114,$U$30:$U$251)) | N114: =IF(AND(年度数据总览!P40<>0),年度数据总览!P40,"") -> 网络通讯 | O114: =IF(SUMIF($S$30:$S$251,N114,$U$30:$U$251)=0,"",SUMIF($S$30:$S$251,N114,$U$30:$U$251)) | W114: =IFERROR(VLOOKUP(V114,年度数据总览!$B$34:$C$51,2,FALSE),"")
G115: =IF(AND(年度数据总览!H41<>0),年度数据总览!H41,"") | H115: =IF(SUMIF($H$30:$H$75,G115,$K$30:$K$75)=0,"",SUMIF($H$30:$H$75,G115,$K$30:$K$75)) | I115: =IF(AND(年度数据总览!J41<>0),年度数据总览!J41,"") | J115: =IF(SUMIF($I$30:$I$75,I115,$K$30:$K$75)=0,"",SUMIF($I$30:$I$75,I115,$K$30:$K$75)) | L115: =IF(AND(年度数据总览!N41<>0),年度数据总览!N41,"") -> 其他杂项 | M115: =IF(SUMIF($R$30:$R$251,L115,$U$30:$U$251)=0,"",SUMIF($R$30:$R$251,L115,$U$30:$U$251)) | N115: =IF(AND(年度数据总览!P41<>0),年度数据总览!P41,"") -> 家居日用 | O115: =IF(SUMIF($S$30:$S$251,N115,$U$30:$U$251)=0,"",SUMIF($S$30:$S$251,N115,$U$30:$U$251)) | W115: =IFERROR(VLOOKUP(V115,年度数据总览!$B$34:$C$51,2,FALSE),"")
G116: =IF(AND(年度数据总览!H42<>0),年度数据总览!H42,"") | H116: =IF(SUMIF($H$30:$H$75,G116,$K$30:$K$75)=0,"",SUMIF($H$30:$H$75,G116,$K$30:$K$75)) | I116: =IF(AND(年度数据总览!J42<>0),年度数据总览!J42,"") | J116: =IF(SUMIF($I$30:$I$75,I116,$K$30:$K$75)=0,"",SUMIF($I$30:$I$75,I116,$K$30:$K$75)) | L116: =IF(AND(年度数据总览!N42<>0),年度数据总览!N42,"") | M116: =IF(SUMIF($R$30:$R$251,L116,$U$30:$U$251)=0,"",SUMIF($R$30:$R$251,L116,$U$30:$U$251)) | N116: =IF(AND(年度数据总览!P42<>0),年度数据总览!P42,"") -> 住宿 | O116: =IF(SUMIF($S$30:$S$251,N116,$U$30:$U$251)=0,"",SUMIF($S$30:$S$251,N116,$U$30:$U$251)) | W116: =IFERROR(VLOOKUP(V116,年度数据总览!$B$34:$C$51,2,FALSE),"")
G117: =IF(AND(年度数据总览!H43<>0),年度数据总览!H43,"") | H117: =IF(SUMIF($H$30:$H$75,G117,$K$30:$K$75)=0,"",SUMIF($H$30:$H$75,G117,$K$30:$K$75)) | I117: =IF(AND(年度数据总览!J43<>0),年度数据总览!J43,"") | J117: =IF(SUMIF($I$30:$I$75,I117,$K$30:$K$75)=0,"",SUMIF($I$30:$I$75,I117,$K$30:$K$75)) | L117: =IF(AND(年度数据总览!N43<>0),年度数据总览!N43,"") | M117: =IF(SUMIF($R$30:$R$251,L117,$U$30:$U$251)=0,"",SUMIF($R$30:$R$251,L117,$U$30:$U$251)) | N117: =IF(AND(年度数据总览!P43<>0),年度数据总览!P43,"") -> 公共交通 | O117: =IF(SUMIF($S$30:$S$251,N117,$U$30:$U$251)=0,"",SUMIF($S$30:$S$251,N117,$U$30:$U$251)) | W117: =IFERROR(VLOOKUP(V117,年度数据总览!$B$34:$C$51,2,FALSE),"")
G118: =IF(AND(年度数据总览!H44<>0),年度数据总览!H44,"") | H118: =IF(SUMIF($H$30:$H$75,G118,$K$30:$K$75)=0,"",SUMIF($H$30:$H$75,G118,$K$30:$K$75)) | I118: =IF(AND(年度数据总览!J44<>0),年度数据总览!J44,"") | J118: =IF(SUMIF($I$30:$I$75,I118,$K$30:$K$75)=0,"",SUMIF($I$30:$I$75,I118,$K$30:$K$75)) | L118: =IF(AND(年度数据总览!N44<>0),年度数据总览!N44,"") | M118: =IF(SUMIF($R$30:$R$251,L118,$U$30:$U$251)=0,"",SUMIF($R$30:$R$251,L118,$U$30:$U$251)) | N118: =IF(AND(年度数据总览!P44<>0),年度数据总览!P44,"") -> 打车/租车 | O118: =IF(SUMIF($S$30:$S$251,N118,$U$30:$U$251)=0,"",SUMIF($S$30:$S$251,N118,$U$30:$U$251)) | W118: =IFERROR(VLOOKUP(V118,年度数据总览!$B$34:$C$51,2,FALSE),"")
... G128: =IF(AND(年度数据总览!H54<>0),年度数据总览!H54,"") | H128: =IF(SUMIF($H$30:$H$75,G128,$K$30:$K$75)=0,"",SUMIF($H$30:$H$75,G128,$K$30:$K$75)) | I128: =IF(AND(年度数据总览!J54<>0),年度数据总览!J54,"") | J128: =IF(SUMIF($I$30:$I$75,I128,$K$30:$K$75)=0,"",SUMIF($I$30:$I$75,I128,$K$30:$K$75)) | L128: =IF(AND(年度数据总览!N54<>0),年度数据总览!N54,"") | M128: =IF(SUMIF($R$30:$R$251,L128,$U$30:$U$251)=0,"",SUMIF($R$30:$R$251,L128,$U$30:$U$251)) | N128: =IF(AND(年度数据总览!P54<>0),年度数据总览!P54,"") -> 公益 | O128: =IF(SUMIF($S$30:$S$251,N128,$U$30:$U$251)=0,"",SUMIF($S$30:$S$251,N128,$U$30:$U$251)) | W128: =IFERROR(VLOOKUP(V128,年度数据总览!$B$34:$C$51,2,FALSE),"")
L129: =IF(AND(年度数据总览!N55<>0),年度数据总览!N55,"") | M129: =IF(SUMIF($R$30:$R$251,L129,$U$30:$U$251)=0,"",SUMIF($R$30:$R$251,L129,$U$30:$U$251)) | N129: =IF(AND(年度数据总览!P55<>0),年度数据总览!P55,"") -> 看病/买药 | O129: =IF(SUMIF($S$30:$S$251,N129,$U$30:$U$251)=0,"",SUMIF($S$30:$S$251,N129,$U$30:$U$251)) | W129: =IFERROR(VLOOKUP(V129,年度数据总览!$B$34:$C$51,2,FALSE),"")
L130: =IF(AND(年度数据总览!N56<>0),年度数据总览!N56,"") | M130: =IF(SUMIF($R$30:$R$251,L130,$U$30:$U$251)=0,"",SUMIF($R$30:$R$251,L130,$U$30:$U$251)) | N130: =IF(AND(年度数据总览!P56<>0),年度数据总览!P56,"") -> 体检 | O130: =IF(SUMIF($S$30:$S$251,N130,$U$30:$U$251)=0,"",SUMIF($S$30:$S$251,N130,$U$30:$U$251)) | W130: =IFERROR(VLOOKUP(V130,年度数据总览!$B$34:$C$51,2,FALSE),"")
L131: =IF(AND(年度数据总览!N57<>0),年度数据总览!N57,"") | M131: =IF(SUMIF($R$30:$R$251,L131,$U$30:$U$251)=0,"",SUMIF($R$30:$R$251,L131,$U$30:$U$251)) | N131: =IF(AND(年度数据总览!P57<>0),年度数据总览!P57,"") -> 还贷/还债 | O131: =IF(SUMIF($S$30:$S$251,N131,$U$30:$U$251)=0,"",SUMIF($S$30:$S$251,N131,$U$30:$U$251)) | W131: =IFERROR(VLOOKUP(V131,年度数据总览!$B$34:$C$51,2,FALSE),"")
L132: =IF(AND(年度数据总览!N58<>0),年度数据总览!N58,"") | M132: =IF(SUMIF($R$30:$R$251,L132,$U$30:$U$251)=0,"",SUMIF($R$30:$R$251,L132,$U$30:$U$251)) | N132: =IF(AND(年度数据总览!P58<>0),年度数据总览!P58,"") -> 借款给他人 | O132: =IF(SUMIF($S$30:$S$251,N132,$U$30:$U$251)=0,"",SUMIF($S$30:$S$251,N132,$U$30:$U$251)) | W132: =IFERROR(VLOOKUP(V132,年度数据总览!$B$34:$C$51,2,FALSE),"")
L133: =IF(AND(年度数据总览!N59<>0),年度数据总览!N59,"") | M133: =IF(SUMIF($R$30:$R$251,L133,$U$30:$U$251)=0,"",SUMIF($R$30:$R$251,L133,$U$30:$U$251)) | N133: =IF(AND(年度数据总览!P59<>0),年度数据总览!P59,"") -> 手续费 | O133: =IF(SUMIF($S$30:$S$251,N133,$U$30:$U$251)=0,"",SUMIF($S$30:$S$251,N133,$U$30:$U$251)) | W133: =IFERROR(VLOOKUP(V133,年度数据总览!$B$34:$C$51,2,FALSE),"")
L134: =IF(AND(年度数据总览!N60<>0),年度数据总览!N60,"") | M134: =IF(SUMIF($R$30:$R$251,L134,$U$30:$U$251)=0,"",SUMIF($R$30:$R$251,L134,$U$30:$U$251)) | N134: =IF(AND(年度数据总览!P60<>0),年度数据总览!P60,"") -> 罚款 | O134: =IF(SUMIF($S$30:$S$251,N134,$U$30:$U$251)=0,"",SUMIF($S$30:$S$251,N134,$U$30:$U$251)) | W134: =IFERROR(VLOOKUP(V134,年度数据总览!$B$34:$C$51,2,FALSE),"")
L135: =IF(AND(年度数据总览!N61<>0),年度数据总览!N61,"") | M135: =IF(SUMIF($R$30:$R$251,L135,$U$30:$U$251)=0,"",SUMIF($R$30:$R$251,L135,$U$30:$U$251)) | N135: =IF(AND(年度数据总览!P61<>0),年度数据总览!P61,"") -> 其他 | O135: =IF(SUMIF($S$30:$S$251,N135,$U$30:$U$251)=0,"",SUMIF($S$30:$S$251,N135,$U$30:$U$251)) | W135: =IFERROR(VLOOKUP(V135,年度数据总览!$B$34:$C$51,2,FALSE),"")
L136: =IF(AND(年度数据总览!N62<>0),年度数据总览!N62,"") | M136: =IF(SUMIF($R$30:$R$251,L136,$U$30:$U$251)=0,"",SUMIF($R$30:$R$251,L136,$U$30:$U$251)) | N136: =IF(AND(年度数据总览!P62<>0),年度数据总览!P62,"") | O136: =IF(SUMIF($S$30:$S$251,N136,$U$30:$U$251)=0,"",SUMIF($S$30:$S$251,N136,$U$30:$U$251)) | W136: =IFERROR(VLOOKUP(V136,年度数据总览!$B$34:$C$51,2,FALSE),"")
L137: =IF(AND(年度数据总览!N63<>0),年度数据总览!N63,"") | M137: =IF(SUMIF($R$30:$R$251,L137,$U$30:$U$251)=0,"",SUMIF($R$30:$R$251,L137,$U$30:$U$251)) | N137: =IF(AND(年度数据总览!P63<>0),年度数据总览!P63,"") | O137: =IF(SUMIF($S$30:$S$251,N137,$U$30:$U$251)=0,"",SUMIF($S$30:$S$251,N137,$U$30:$U$251)) | W137: =IFERROR(VLOOKUP(V137,年度数据总览!$B$34:$C$51,2,FALSE),"")
L138: =IF(AND(年度数据总览!N64<>0),年度数据总览!N64,"") | M138: =IF(SUMIF($R$30:$R$251,L138,$U$30:$U$251)=0,"",SUMIF($R$30:$R$251,L138,$U$30:$U$251)) | N138: =IF(AND(年度数据总览!P64<>0),年度数据总览!P64,"") | O138: =IF(SUMIF($S$30:$S$251,N138,$U$30:$U$251)=0,"",SUMIF($S$30:$S$251,N138,$U$30:$U$251)) | W138: =IFERROR(VLOOKUP(V138,年度数据总览!$B$34:$C$51,2,FALSE),"")
L139: =IF(AND(年度数据总览!N65<>0),年度数据总览!N65,"") | M139: =IF(SUMIF($R$30:$R$251,L139,$U$30:$U$251)=0,"",SUMIF($R$30:$R$251,L139,$U$30:$U$251)) | N139: =IF(AND(年度数据总览!P65<>0),年度数据总览!P65,"") | O139: =IF(SUMIF($S$30:$S$251,N139,$U$30:$U$251)=0,"",SUMIF($S$30:$S$251,N139,$U$30:$U$251)) | W139: =IFERROR(VLOOKUP(V139,年度数据总览!$B$34:$C$51,2,FALSE),"")
L140: =IF(AND(年度数据总览!N66<>0),年度数据总览!N66,"") | M140: =IF(SUMIF($R$30:$R$251,L140,$U$30:$U$251)=0,"",SUMIF($R$30:$R$251,L140,$U$30:$U$251)) | N140: =IF(AND(年度数据总览!P66<>0),年度数据总览!P66,"") | O140: =IF(SUMIF($S$30:$S$251,N140,$U$30:$U$251)=0,"",SUMIF($S$30:$S$251,N140,$U$30:$U$251)) | W140: =IFERROR(VLOOKUP(V140,年度数据总览!$B$34:$C$51,2,FALSE),"")
... L153: =IF(AND(年度数据总览!N79<>0),年度数据总览!N79,"") | M153: =IF(SUMIF($R$30:$R$251,L153,$U$30:$U$251)=0,"",SUMIF($R$30:$R$251,L153,$U$30:$U$251)) | N153: =IF(AND(年度数据总览!P79<>0),年度数据总览!P79,"") | O153: =IF(SUMIF($S$30:$S$251,N153,$U$30:$U$251)=0,"",SUMIF($S$30:$S$251,N153,$U$30:$U$251)) | W153: =IFERROR(VLOOKUP(V153,年度数据总览!$B$34:$C$51,2,FALSE),"")
W154: =IFERROR(VLOOKUP(V154,年度数据总览!$B$34:$C$51,2,FALSE),"")
W155: =IFERROR(VLOOKUP(V155,年度数据总览!$B$34:$C$51,2,FALSE),"")
W156: =IFERROR(VLOOKUP(V156,年度数据总览!$B$34:$C$51,2,FALSE),"")
W157: =IFERROR(VLOOKUP(V157,年度数据总览!$B$34:$C$51,2,FALSE),"")
W158: =IFERROR(VLOOKUP(V158,年度数据总览!$B$34:$C$51,2,FALSE),"")
W159: =IFERROR(VLOOKUP(V159,年度数据总览!$B$34:$C$51,2,FALSE),"")
W160: =IFERROR(VLOOKUP(V160,年度数据总览!$B$34:$C$51,2,FALSE),"")
W161: =IFERROR(VLOOKUP(V161,年度数据总览!$B$34:$C$51,2,FALSE),"")
W162: =IFERROR(VLOOKUP(V162,年度数据总览!$B$34:$C$51,2,FALSE),"")
W163: =IFERROR(VLOOKUP(V163,年度数据总览!$B$34:$C$51,2,FALSE),"")
W164: =IFERROR(VLOOKUP(V164,年度数据总览!$B$34:$C$51,2,FALSE),"")
W165: =IFERROR(VLOOKUP(V165,年度数据总览!$B$34:$C$51,2,FALSE),"")
... W250: =IFERROR(VLOOKUP(V250,年度数据总览!$B$34:$C$51,2,FALSE),"")

Sheet 4月
B2: =$B$5&"月账单" -> 4月账单
B5: 4 | G5: 本月总收入 | I5: 本月总支出 | K5: 本月结余 | M5: 月末余额
G6: =I25 -> 0 | I6: =S25 -> 0 | K6: =G6-I6 -> 0 | M6: =SUM(K6,'3月'!M6) -> 16000
B7: ="今日是"&TEXT(TODAY(),"yyyy年m月d日") -> 今日是2026年10月25日
B8: 距离 | C8: =TEXT(TODAY(),"yyyy年") -> 2026年
B9: 结束还有 | C9: =DATEDIF(TODAY(),DATE((YEAR(TODAY())),12,31),"d") -> 67 | G9: 最大一笔收入细项 | H9: ="最大一笔"&G10&"金额" -> 最大一笔待填入金额 | J9: 对应日期 | K9: 最大一笔日常支出细项 | M9: ="最大一笔"&K10&"金额" -> 最大一笔待填入金额 | O9: 对应日期 | Q9: 最大支出使用人 | S9: =S6&"支出总额" -> 支出总额
G10: =IFERROR(INDEX(表6_1023233[收入细项],MATCH(MAX(表6_1023233[金额]),表6_1023233[金额],0)),"待填入") -> 待填入 | H10: =IFERROR(MAX(表6_1023233[金额]),0) -> 0 | J10: =IFERROR(INDEX(表6_1023233[日期],MATCH(MAX(表6_1023233[金额]),表6_1023233[金额],0)),"待填入") -> 待填入 | K10: =IFERROR(INDEX(表6_33134[支出细项],MATCH(MAX(表6_33134[金额]),表6_33134[金额],0)),"待填入") -> 待填入 | M10: =IFERROR(MAX(表6_33134[金额]),0) -> 0 | O10: =IFERROR(INDEX(表6_33134[日期],MATCH(MAX(表6_33134[金额]),表6_33134[金额],0)),"待填入") -> 待填入 | Q10: =IFERROR(INDEX(AD30:AD73,MATCH(MAX(AE30:AE73),AE30:AE73,0)),"待填入") -> 待填入 | S10: =IFERROR(MAX(AE30:AE73),0) -> 0
G25: 本月总收入 | I25: =SUM(表6_1023233[金额]) -> 0 | Q25: 本月总支出 | S25: =SUM(U30:U250) -> 0
AA26: 如需空白处新增内容，请在此行之上进行新增编辑，以免与其它数据产生冲突
I27: 1 | S27: 1
G28: 手动填写 | H28: 下拉筛选 | I28: 下拉筛选 | J28: 手动填写 | K28: 手动填写 | L28: 下拉筛选 | M28: 自动生成 | N28: 手动填写 | O28: 手动填写 | Q28: 手动填写 | R28: 下拉筛选 | S28: 下拉筛选 | T28: 手动填写 | U28: 手动填写 | V28: 下拉筛选 | W28: 自动生成 | X28: 手动填写 | Y28: 手动填写 | AA28: 收入大类筛选 | AD28: 支出使用人 | AG28: 支出大类 | AJ28: 支出细项
B29: 对账账户 | C29: 本月实时金额 | G29: 日期 | H29: 收入大类 | I29: 收入细项 | J29: 具体项目 | K29: 金额 | L29: 收入账户 | M29: 账户大类 | N29: 归属方 | O29: 备注 | Q29: 日期 | R29: 支出大类 | S29: 支出细项 | T29: 具体项目 | U29: 金额 | V29: 支出账户 | W29: 账户大类 | X29: 支出使用人 | Y29: 备注 | AA29: 收入大类 | AB29: 求和项:金额 | AD29: 支出使用人 | AE29: 求和项:金额 | AG29: 支出大类 | AH29: 求和项:金额 | AJ29: 支出细项 | AK29: 求和项:金额
B30: =IF(AND(年度数据总览!B34<>0),年度数据总览!B34,"") -> 余额宝 | C30: =IFERROR(IF('3月'!C30-SUMIF('4月'!$V$30:$V$216,'4月'!$B30,'4月'!$U$30:$U$216)+SUMIF('4月'!$L$30:$L$75,'4月'!$B30,'4月'!$K$30:$K$75)-SUMIF('4月'!$J$85:$J$99,'4月'!$B30,'4月'!$K$85:$K$99)+SUMIF('4月'!$L$85:$L$99,'4月'!$B30,'4月'!$N$85:$N$99)=0,0,'3月'!C30-SUMIF('4月'!$V$30:$V$216,'4月'!$B30,'4月'!$U$30:$U$216)+SUMIF('4月'!$L$30:$L$75,'4月'!$B30,'4月'!$K$30:$K$75)-SUMIF('4月'!$J$85:$J$99,'4月'!$B30,'4月'!$K$85:$K$99)+SUMIF('4月'!$L$85:$L$99,'4月'!$B30,'4月'!$N$85:$N$99)),0) -> 701 | M30: =IFERROR(VLOOKUP(L30,年度数据总览!$B$34:$C$51,2,FALSE),"") | W30: =IFERROR(VLOOKUP(V30,年度数据总览!$B$34:$C$51,2,FALSE),"") | AA30: (空白) | AD30: (空白) | AG30: (空白) | AJ30: (空白)
B31: =IF(AND(年度数据总览!B35<>0),年度数据总览!B35,"") -> 微信 | C31: =IFERROR(IF('3月'!C31-SUMIF('4月'!$V$30:$V$216,'4月'!$B31,'4月'!$U$30:$U$216)+SUMIF('4月'!$L$30:$L$75,'4月'!$B31,'4月'!$K$30:$K$75)-SUMIF('4月'!$J$85:$J$99,'4月'!$B31,'4月'!$K$85:$K$99)+SUMIF('4月'!$L$85:$L$99,'4月'!$B31,'4月'!$N$85:$N$99)=0,0,'3月'!C31-SUMIF('4月'!$V$30:$V$216,'4月'!$B31,'4月'!$U$30:$U$216)+SUMIF('4月'!$L$30:$L$75,'4月'!$B31,'4月'!$K$30:$K$75)-SUMIF('4月'!$J$85:$J$99,'4月'!$B31,'4月'!$K$85:$K$99)+SUMIF('4月'!$L$85:$L$99,'4月'!$B31,'4月'!$N$85:$N$99)),0) -> 2300 | M31: =IFERROR(VLOOKUP(L31,年度数据总览!$B$34:$C$51,2,FALSE),"") | W31: =IFERROR(VLOOKUP(V31,年度数据总览!$B$34:$C$51,2,FALSE),"") | AA31: 总计 | AG31: 总计 | AJ31: 总计
B32: =IF(AND(年度数据总览!B36<>0),年度数据总览!B36,"") -> 现金 | C32: =IFERROR(IF('3月'!C32-SUMIF('4月'!$V$30:$V$216,'4月'!$B32,'4月'!$U$30:$U$216)+SUMIF('4月'!$L$30:$L$75,'4月'!$B32,'4月'!$K$30:$K$75)-SUMIF('4月'!$J$85:$J$99,'4月'!$B32,'4月'!$K$85:$K$99)+SUMIF('4月'!$L$85:$L$99,'4月'!$B32,'4月'!$N$85:$N$99)=0,0,'3月'!C32-SUMIF('4月'!$V$30:$V$216,'4月'!$B32,'4月'!$U$30:$U$216)+SUMIF('4月'!$L$30:$L$75,'4月'!$B32,'4月'!$K$30:$K$75)-SUMIF('4月'!$J$85:$J$99,'4月'!$B32,'4月'!$K$85:$K$99)+SUMIF('4月'!$L$85:$L$99,'4月'!$B32,'4月'!$N$85:$N$99)),0) -> 3000 | M32: =IFERROR(VLOOKUP(L32,年度数据总览!$B$34:$C$51,2,FALSE),"") | W32: =IFERROR(VLOOKUP(V32,年度数据总览!$B$34:$C$51,2,FALSE),"")
B33: =IF(AND(年度数据总览!B37<>0),年度数据总览!B37,"") -> XX未还债务 | C33: =IFERROR(IF('3月'!C33-SUMIF('4月'!$V$30:$V$216,'4月'!$B33,'4月'!$U$30:$U$216)+SUMIF('4月'!$L$30:$L$75,'4月'!$B33,'4月'!$K$30:$K$75)-SUMIF('4月'!$J$85:$J$99,'4月'!$B33,'4月'!$K$85:$K$99)+SUMIF('4月'!$L$85:$L$99,'4月'!$B33,'4月'!$N$85:$N$99)=0,0,'3月'!C33-SUMIF('4月'!$V$30:$V$216,'4月'!$B33,'4月'!$U$30:$U$216)+SUMIF('4月'!$L$30:$L$75,'4月'!$B33,'4月'!$K$30:$K$75)-SUMIF('4月'!$J$85:$J$99,'4月'!$B33,'4月'!$K$85:$K$99)+SUMIF('4月'!$L$85:$L$99,'4月'!$B33,'4月'!$N$85:$N$99)),0) -> 3000 | M33: =IFERROR(VLOOKUP(L33,年度数据总览!$B$34:$C$51,2,FALSE),"") | W33: =IFERROR(VLOOKUP(V33,年度数据总览!$B$34:$C$51,2,FALSE),"")
B34: =IF(AND(年度数据总览!B38<>0),年度数据总览!B38,"") -> 中国银行 | C34: =IFERROR(IF('3月'!C34-SUMIF('4月'!$V$30:$V$216,'4月'!$B34,'4月'!$U$30:$U$216)+SUMIF('4月'!$L$30:$L$75,'4月'!$B34,'4月'!$K$30:$K$75)-SUMIF('4月'!$J$85:$J$99,'4月'!$B34,'4月'!$K$85:$K$99)+SUMIF('4月'!$L$85:$L$99,'4月'!$B34,'4月'!$N$85:$N$99)=0,0,'3月'!C34-SUMIF('4月'!$V$30:$V$216,'4月'!$B34,'4月'!$U$30:$U$216)+SUMIF('4月'!$L$30:$L$75,'4月'!$B34,'4月'!$K$30:$K$75)-SUMIF('4月'!$J$85:$J$99,'4月'!$B34,'4月'!$K$85:$K$99)+SUMIF('4月'!$L$85:$L$99,'4月'!$B34,'4月'!$N$85:$N$99)),0) -> 7000 | M34: =IFERROR(VLOOKUP(L34,年度数据总览!$B$34:$C$51,2,FALSE),"") | W34: =IFERROR(VLOOKUP(V34,年度数据总览!$B$34:$C$51,2,FALSE),"")
B35: =IF(AND(年度数据总览!B39<>0),年度数据总览!B39,"") -> 花呗负债 | C35: =IFERROR(IF('3月'!C35-SUMIF('4月'!$V$30:$V$216,'4月'!$B35,'4月'!$U$30:$U$216)+SUMIF('4月'!$L$30:$L$75,'4月'!$B35,'4月'!$K$30:$K$75)-SUMIF('4月'!$J$85:$J$99,'4月'!$B35,'4月'!$K$85:$K$99)+SUMIF('4月'!$L$85:$L$99,'4月'!$B35,'4月'!$N$85:$N$99)=0,0,'3月'!C35-SUMIF('4月'!$V$30:$V$216,'4月'!$B35,'4月'!$U$30:$U$216)+SUMIF('4月'!$L$30:$L$75,'4月'!$B35,'4月'!$K$30:$K$75)-SUMIF('4月'!$J$85:$J$99,'4月'!$B35,'4月'!$K$85:$K$99)+SUMIF('4月'!$L$85:$L$99,'4月'!$B35,'4月'!$N$85:$N$99)),0) -> -1 | M35: =IFERROR(VLOOKUP(L35,年度数据总览!$B$34:$C$51,2,FALSE),"") | W35: =IFERROR(VLOOKUP(V35,年度数据总览!$B$34:$C$51,2,FALSE),"")
B36: =IF(AND(年度数据总览!B40<>0),年度数据总览!B40,"") | C36: =IFERROR(IF('3月'!C36-SUMIF('4月'!$V$30:$V$216,'4月'!$B36,'4月'!$U$30:$U$216)+SUMIF('4月'!$L$30:$L$75,'4月'!$B36,'4月'!$K$30:$K$75)-SUMIF('4月'!$J$85:$J$99,'4月'!$B36,'4月'!$K$85:$K$99)+SUMIF('4月'!$L$85:$L$99,'4月'!$B36,'4月'!$N$85:$N$99)=0,0,'3月'!C36-SUMIF('4月'!$V$30:$V$216,'4月'!$B36,'4月'!$U$30:$U$216)+SUMIF('4月'!$L$30:$L$75,'4月'!$B36,'4月'!$K$30:$K$75)-SUMIF('4月'!$J$85:$J$99,'4月'!$B36,'4月'!$K$85:$K$99)+SUMIF('4月'!$L$85:$L$99,'4月'!$B36,'4月'!$N$85:$N$99)),0) -> 0 | M36: =IFERROR(VLOOKUP(L36,年度数据总览!$B$34:$C$51,2,FALSE),"") | W36: =IFERROR(VLOOKUP(V36,年度数据总览!$B$34:$C$51,2,FALSE),"")
B37: =IF(AND(年度数据总览!B41<>0),年度数据总览!B41,"") | C37: =IFERROR(IF('3月'!C37-SUMIF('4月'!$V$30:$V$216,'4月'!$B37,'4月'!$U$30:$U$216)+SUMIF('4月'!$L$30:$L$75,'4月'!$B37,'4月'!$K$30:$K$75)-SUMIF('4月'!$J$85:$J$99,'4月'!$B37,'4月'!$K$85:$K$99)+SUMIF('4月'!$L$85:$L$99,'4月'!$B37,'4月'!$N$85:$N$99)=0,0,'3月'!C37-SUMIF('4月'!$V$30:$V$216,'4月'!$B37,'4月'!$U$30:$U$216)+SUMIF('4月'!$L$30:$L$75,'4月'!$B37,'4月'!$K$30:$K$75)-SUMIF('4月'!$J$85:$J$99,'4月'!$B37,'4月'!$K$85:$K$99)+SUMIF('4月'!$L$85:$L$99,'4月'!$B37,'4月'!$N$85:$N$99)),0) -> 0 | M37: =IFERROR(VLOOKUP(L37,年度数据总览!$B$34:$C$51,2,FALSE),"") | W37: =IFERROR(VLOOKUP(V37,年度数据总览!$B$34:$C$51,2,FALSE),"")
B38: =IF(AND(年度数据总览!B42<>0),年度数据总览!B42,"") | C38: =IFERROR(IF('3月'!C38-SUMIF('4月'!$V$30:$V$216,'4月'!$B38,'4月'!$U$30:$U$216)+SUMIF('4月'!$L$30:$L$75,'4月'!$B38,'4月'!$K$30:$K$75)-SUMIF('4月'!$J$85:$J$99,'4月'!$B38,'4月'!$K$85:$K$99)+SUMIF('4月'!$L$85:$L$99,'4月'!$B38,'4月'!$N$85:$N$99)=0,0,'3月'!C38-SUMIF('4月'!$V$30:$V$216,'4月'!$B38,'4月'!$U$30:$U$216)+SUMIF('4月'!$L$30:$L$75,'4月'!$B38,'4月'!$K$30:$K$75)-SUMIF('4月'!$J$85:$J$99,'4月'!$B38,'4月'!$K$85:$K$99)+SUMIF('4月'!$L$85:$L$99,'4月'!$B38,'4月'!$N$85:$N$99)),0) -> 0 | M38: =IFERROR(VLOOKUP(L38,年度数据总览!$B$34:$C$51,2,FALSE),"") | W38: =IFERROR(VLOOKUP(V38,年度数据总览!$B$34:$C$51,2,FALSE),"")
B39: =IF(AND(年度数据总览!B43<>0),年度数据总览!B43,"") | C39: =IFERROR(IF('3月'!C39-SUMIF('4月'!$V$30:$V$216,'4月'!$B39,'4月'!$U$30:$U$216)+SUMIF('4月'!$L$30:$L$75,'4月'!$B39,'4月'!$K$30:$K$75)-SUMIF('4月'!$J$85:$J$99,'4月'!$B39,'4月'!$K$85:$K$99)+SUMIF('4月'!$L$85:$L$99,'4月'!$B39,'4月'!$N$85:$N$99)=0,0,'3月'!C39-SUMIF('4月'!$V$30:$V$216,'4月'!$B39,'4月'!$U$30:$U$216)+SUMIF('4月'!$L$30:$L$75,'4月'!$B39,'4月'!$K$30:$K$75)-SUMIF('4月'!$J$85:$J$99,'4月'!$B39,'4月'!$K$85:$K$99)+SUMIF('4月'!$L$85:$L$99,'4月'!$B39,'4月'!$N$85:$N$99)),0) -> 0 | M39: =IFERROR(VLOOKUP(L39,年度数据总览!$B$34:$C$51,2,FALSE),"") | W39: =IFERROR(VLOOKUP(V39,年度数据总览!$B$34:$C$51,2,FALSE),"")
B40: =IF(AND(年度数据总览!B44<>0),年度数据总览!B44,"") | C40: =IFERROR(IF('3月'!C40-SUMIF('4月'!$V$30:$V$216,'4月'!$B40,'4月'!$U$30:$U$216)+SUMIF('4月'!$L$30:$L$75,'4月'!$B40,'4月'!$K$30:$K$75)-SUMIF('4月'!$J$85:$J$99,'4月'!$B40,'4月'!$K$85:$K$99)+SUMIF('4月'!$L$85:$L$99,'4月'!$B40,'4月'!$N$85:$N$99)=0,0,'3月'!C40-SUMIF('4月'!$V$30:$V$216,'4月'!$B40,'4月'!$U$30:$U$216)+SUMIF('4月'!$L$30:$L$75,'4月'!$B40,'4月'!$K$30:$K$75)-SUMIF('4月'!$J$85:$J$99,'4月'!$B40,'4月'!$K$85:$K$99)+SUMIF('4月'!$L$85:$L$99,'4月'!$B40,'4月'!$N$85:$N$99)),0) -> 0 | M40: =IFERROR(VLOOKUP(L40,年度数据总览!$B$34:$C$51,2,FALSE),"") | W40: =IFERROR(VLOOKUP(V40,年度数据总览!$B$34:$C$51,2,FALSE),"")
B41: =IF(AND(年度数据总览!B45<>0),年度数据总览!B45,"") | C41: =IFERROR(IF('3月'!C41-SUMIF('4月'!$V$30:$V$216,'4月'!$B41,'4月'!$U$30:$U$216)+SUMIF('4月'!$L$30:$L$75,'4月'!$B41,'4月'!$K$30:$K$75)-SUMIF('4月'!$J$85:$J$99,'4月'!$B41,'4月'!$K$85:$K$99)+SUMIF('4月'!$L$85:$L$99,'4月'!$B41,'4月'!$N$85:$N$99)=0,0,'3月'!C41-SUMIF('4月'!$V$30:$V$216,'4月'!$B41,'4月'!$U$30:$U$216)+SUMIF('4月'!$L$30:$L$75,'4月'!$B41,'4月'!$K$30:$K$75)-SUMIF('4月'!$J$85:$J$99,'4月'!$B41,'4月'!$K$85:$K$99)+SUMIF('4月'!$L$85:$L$99,'4月'!$B41,'4月'!$N$85:$N$99)),0) -> 0 | M41: =IFERROR(VLOOKUP(L41,年度数据总览!$B$34:$C$51,2,FALSE),"") | W41: =IFERROR(VLOOKUP(V41,年度数据总览!$B$34:$C$51,2,FALSE),"")
B42: =IF(AND(年度数据总览!B46<>0),年度数据总览!B46,"") | C42: =IFERROR(IF('3月'!C42-SUMIF('4月'!$V$30:$V$216,'4月'!$B42,'4月'!$U$30:$U$216)+SUMIF('4月'!$L$30:$L$75,'4月'!$B42,'4月'!$K$30:$K$75)-SUMIF('4月'!$J$85:$J$99,'4月'!$B42,'4月'!$K$85:$K$99)+SUMIF('4月'!$L$85:$L$99,'4月'!$B42,'4月'!$N$85:$N$99)=0,0,'3月'!C42-SUMIF('4月'!$V$30:$V$216,'4月'!$B42,'4月'!$U$30:$U$216)+SUMIF('4月'!$L$30:$L$75,'4月'!$B42,'4月'!$K$30:$K$75)-SUMIF('4月'!$J$85:$J$99,'4月'!$B42,'4月'!$K$85:$K$99)+SUMIF('4月'!$L$85:$L$99,'4月'!$B42,'4月'!$N$85:$N$99)),0) -> 0 | M42: =IFERROR(VLOOKUP(L42,年度数据总览!$B$34:$C$51,2,FALSE),"") | W42: =IFERROR(VLOOKUP(V42,年度数据总览!$B$34:$C$51,2,FALSE),"")
B43: =IF(AND(年度数据总览!B47<>0),年度数据总览!B47,"") | C43: =IFERROR(IF('3月'!C43-SUMIF('4月'!$V$30:$V$216,'4月'!$B43,'4月'!$U$30:$U$216)+SUMIF('4月'!$L$30:$L$75,'4月'!$B43,'4月'!$K$30:$K$75)-SUMIF('4月'!$J$85:$J$99,'4月'!$B43,'4月'!$K$85:$K$99)+SUMIF('4月'!$L$85:$L$99,'4月'!$B43,'4月'!$N$85:$N$99)=0,0,'3月'!C43-SUMIF('4月'!$V$30:$V$216,'4月'!$B43,'4月'!$U$30:$U$216)+SUMIF('4月'!$L$30:$L$75,'4月'!$B43,'4月'!$K$30:$K$75)-SUMIF('4月'!$J$85:$J$99,'4月'!$B43,'4月'!$K$85:$K$99)+SUMIF('4月'!$L$85:$L$99,'4月'!$B43,'4月'!$N$85:$N$99)),0) -> 0 | M43: =IFERROR(VLOOKUP(L43,年度数据总览!$B$34:$C$51,2,FALSE),"") | W43: =IFERROR(VLOOKUP(V43,年度数据总览!$B$34:$C$51,2,FALSE),"")
... B73: =IF(AND(年度数据总览!B77<>0),年度数据总览!B77,"") | C73: =IFERROR(IF('3月'!C73-SUMIF('4月'!$V$30:$V$216,'4月'!$B73,'4月'!$U$30:$U$216)+SUMIF('4月'!$L$30:$L$75,'4月'!$B73,'4月'!$K$30:$K$75)-SUMIF('4月'!$J$85:$J$99,'4月'!$B73,'4月'!$K$85:$K$99)+SUMIF('4月'!$L$85:$L$99,'4月'!$B73,'4月'!$N$85:$N$99)=0,0,'3月'!C73-SUMIF('4月'!$V$30:$V$216,'4月'!$B73,'4月'!$U$30:$U$216)+SUMIF('4月'!$L$30:$L$75,'4月'!$B73,'4月'!$K$30:$K$75)-SUMIF('4月'!$J$85:$J$99,'4月'!$B73,'4月'!$K$85:$K$99)+SUMIF('4月'!$L$85:$L$99,'4月'!$B73,'4月'!$N$85:$N$99)),0) -> 0 | M73: =IFERROR(VLOOKUP(L73,年度数据总览!$B$34:$C$51,2,FALSE),"") | W73: =IFERROR(VLOOKUP(V73,年度数据总览!$B$34:$C$51,2,FALSE),"")
B74: =IF(AND(年度数据总览!B78<>0),年度数据总览!B78,"") | C74: =IFERROR(IF('3月'!C74-SUMIF('4月'!$V$30:$V$216,'4月'!$B74,'4月'!$U$30:$U$216)+SUMIF('4月'!$L$30:$L$75,'4月'!$B74,'4月'!$K$30:$K$75)-SUMIF('4月'!$J$85:$J$99,'4月'!$B74,'4月'!$K$85:$K$99)+SUMIF('4月'!$L$85:$L$99,'4月'!$B74,'4月'!$N$85:$N$99)=0,0,'3月'!C74-SUMIF('4月'!$V$30:$V$216,'4月'!$B74,'4月'!$U$30:$U$216)+SUMIF('4月'!$L$30:$L$75,'4月'!$B74,'4月'!$K$30:$K$75)-SUMIF('4月'!$J$85:$J$99,'4月'!$B74,'4月'!$K$85:$K$99)+SUMIF('4月'!$L$85:$L$99,'4月'!$B74,'4月'!$N$85:$N$99)),0) -> 0 | M74: =IFERROR(VLOOKUP(L74,年度数据总览!$B$34:$C$51,2,FALSE),"") | W74: =IFERROR(VLOOKUP(V74,年度数据总览!$B$34:$C$51,2,FALSE),"") | AA74: 如需空白处新增内容，请在此行之下进行新增编辑，以免与其它数据产生冲突
B75: 汇总 | C75: =SUBTOTAL(109,C30:C74) -> 16000 | W75: =IFERROR(VLOOKUP(V75,年度数据总览!$B$34:$C$51,2,FALSE),"")
W76: =IFERROR(VLOOKUP(V76,年度数据总览!$B$34:$C$51,2,FALSE),"")
W77: =IFERROR(VLOOKUP(V77,年度数据总览!$B$34:$C$51,2,FALSE),"")
W78: =IFERROR(VLOOKUP(V78,年度数据总览!$B$34:$C$51,2,FALSE),"")
W79: =IFERROR(VLOOKUP(V79,年度数据总览!$B$34:$C$51,2,FALSE),"")
W80: =IFERROR(VLOOKUP(V80,年度数据总览!$B$34:$C$51,2,FALSE),"")
G81: 账户内互转/还款记录 | J81: 账户内互转 | L81: 日常消费还款 | N81: 还贷/还债 | W81: =IFERROR(VLOOKUP(V81,年度数据总览!$B$34:$C$51,2,FALSE),"")
J82: =SUMIF(表8_3036[项目大类],J81,表8_3036[转出金额]) -> 0 | L82: =SUMIF(表8_3036[项目大类],L81,表8_3036[转出金额]) -> 0 | N82: =SUMIF(表8_3036[项目大类],N81,表8_3036[转出金额]) -> 0 | W82: =IFERROR(VLOOKUP(V82,年度数据总览!$B$34:$C$51,2,FALSE),"")
G83: 手动填写 | H83: 下拉筛选 | I83: 手动填写 | J83: 下拉筛选 | K83: 手动填写 | L83: 下拉筛选 | M83: 自动生成 | N83: 自动生成 | O83: 手动填写 | W83: =IFERROR(VLOOKUP(V83,年度数据总览!$B$34:$C$51,2,FALSE),"")
G84: 日期 | H84: 项目大类 | I84: 项目细项 | J84: 转出账户 | K84: 转出金额 | L84: 转入账户 | M84: 账户大类 | N84: 转入金额 | O84: 归属方 | W84: =IFERROR(VLOOKUP(V84,年度数据总览!$B$34:$C$51,2,FALSE),"")
M85: =IFERROR(VLOOKUP(L85,年度数据总览!$B$34:$C$51,2,FALSE),"") | N85: =IF(表8_3036[[#This Row],[转出金额]]=0,"",表8_3036[[#This Row],[转出金额]]) | W85: =IFERROR(VLOOKUP(V85,年度数据总览!$B$34:$C$51,2,FALSE),"")
M86: =IFERROR(VLOOKUP(L86,年度数据总览!$B$34:$C$51,2,FALSE),"") | N86: =IF(表8_3036[[#This Row],[转出金额]]=0,"",表8_3036[[#This Row],[转出金额]]) | W86: =IFERROR(VLOOKUP(V86,年度数据总览!$B$34:$C$51,2,FALSE),"")
M87: =IFERROR(VLOOKUP(L87,年度数据总览!$B$34:$C$51,2,FALSE),"") | N87: =IF(表8_3036[[#This Row],[转出金额]]=0,"",表8_3036[[#This Row],[转出金额]]) | W87: =IFERROR(VLOOKUP(V87,年度数据总览!$B$34:$C$51,2,FALSE),"")
M88: =IFERROR(VLOOKUP(L88,年度数据总览!$B$34:$C$51,2,FALSE),"") | N88: =IF(表8_3036[[#This Row],[转出金额]]=0,"",表8_3036[[#This Row],[转出金额]]) | W88: =IFERROR(VLOOKUP(V88,年度数据总览!$B$34:$C$51,2,FALSE),"")
M89: =IFERROR(VLOOKUP(L89,年度数据总览!$B$34:$C$51,2,FALSE),"") | N89: =IF(表8_3036[[#This Row],[转出金额]]=0,"",表8_3036[[#This Row],[转出金额]]) | W89: =IFERROR(VLOOKUP(V89,年度数据总览!$B$34:$C$51,2,FALSE),"")
M90: =IFERROR(VLOOKUP(L90,年度数据总览!$B$34:$C$51,2,FALSE),"") | N90: =IF(表8_3036[[#This Row],[转出金额]]=0,"",表8_3036[[#This Row],[转出金额]]) | W90: =IFERROR(VLOOKUP(V90,年度数据总览!$B$34:$C$51,2,FALSE),"")
M91: =IFERROR(VLOOKUP(L91,年度数据总览!$B$34:$C$51,2,FALSE),"") | N91: =IF(表8_3036[[#This Row],[转出金额]]=0,"",表8_3036[[#This Row],[转出金额]]) | W91: =IFERROR(VLOOKUP(V91,年度数据总览!$B$34:$C$51,2,FALSE),"")
M92: =IFERROR(VLOOKUP(L92,年度数据总览!$B$34:$C$51,2,FALSE),"") | N92: =IF(表8_3036[[#This Row],[转出金额]]=0,"",表8_3036[[#This Row],[转出金额]]) | W92: =IFERROR(VLOOKUP(V92,年度数据总览!$B$34:$C$51,2,FALSE),"")
M93: =IFERROR(VLOOKUP(L93,年度数据总览!$B$34:$C$51,2,FALSE),"") | N93: =IF(表8_3036[[#This Row],[转出金额]]=0,"",表8_3036[[#This Row],[转出金额]]) | W93: =IFERROR(VLOOKUP(V93,年度数据总览!$B$34:$C$51,2,FALSE),"")
M94: =IFERROR(VLOOKUP(L94,年度数据总览!$B$34:$C$51,2,FALSE),"") | N94: =IF(表8_3036[[#This Row],[转出金额]]=0,"",表8_3036[[#This Row],[转出金额]]) | W94: =IFERROR(VLOOKUP(V94,年度数据总览!$B$34:$C$51,2,FALSE),"")
M95: =IFERROR(VLOOKUP(L95,年度数据总览!$B$34:$C$51,2,FALSE),"") | N95: =IF(表8_3036[[#This Row],[转出金额]]=0,"",表8_3036[[#This Row],[转出金额]]) | W95: =IFERROR(VLOOKUP(V95,年度数据总览!$B$34:$C$51,2,FALSE),"")
M96: =IFERROR(VLOOKUP(L96,年度数据总览!$B$34:$C$51,2,FALSE),"") | N96: =IF(表8_3036[[#This Row],[转出金额]]=0,"",表8_3036[[#This Row],[转出金额]]) | W96: =IFERROR(VLOOKUP(V96,年度数据总览!$B$34:$C$51,2,FALSE),"")
... M99: =IFERROR(VLOOKUP(L99,年度数据总览!$B$34:$C$51,2,FALSE),"") | N99: =IF(表8_3036[[#This Row],[转出金额]]=0,"",表8_3036[[#This Row],[转出金额]]) | W99: =IFERROR(VLOOKUP(V99,年度数据总览!$B$34:$C$51,2,FALSE),"")
W100: =IFERROR(VLOOKUP(V100,年度数据总览!$B$34:$C$51,2,FALSE),"")
W101: =IFERROR(VLOOKUP(V101,年度数据总览!$B$34:$C$51,2,FALSE),"")
W102: =IFERROR(VLOOKUP(V102,年度数据总览!$B$34:$C$51,2,FALSE),"")
W103: =IFERROR(VLOOKUP(V103,年度数据总览!$B$34:$C$51,2,FALSE),"")
W104: =IFERROR(VLOOKUP(V104,年度数据总览!$B$34:$C$51,2,FALSE),"")
W105: =IFERROR(VLOOKUP(V105,年度数据总览!$B$34:$C$51,2,FALSE),"")
G106: 收入大类 | H106: 金额 | I106: 收入细项 | J106: 金额2 | L106: 支出大类 | M106: 金额 | N106: 支出细项 | O106: 金额 | W106: =IFERROR(VLOOKUP(V106,年度数据总览!$B$34:$C$51,2,FALSE),"")
G107: =IF(AND(年度数据总览!H33<>0),年度数据总览!H33,"") -> 固定收入 | H107: =IF(SUMIF($H$30:$H$75,G107,$K$30:$K$75)=0,"",SUMIF($H$30:$H$75,G107,$K$30:$K$75)) | I107: =IF(AND(年度数据总览!J33<>0),年度数据总览!J33,"") -> 副业 | J107: =IF(SUMIF($I$30:$I$75,I107,$K$30:$K$75)=0,"",SUMIF($I$30:$I$75,I107,$K$30:$K$75)) | L107: =IF(AND(年度数据总览!N33<>0),年度数据总览!N33,"") -> 食 | M107: =IF(SUMIF($R$30:$R$251,L107,$U$30:$U$251)=0,"",SUMIF($R$30:$R$251,L107,$U$30:$U$251)) | N107: =IF(AND(年度数据总览!P33<>0),年度数据总览!P33,"") -> 买菜 | O107: =IF(SUMIF($S$30:$S$251,N107,$U$30:$U$251)=0,"",SUMIF($S$30:$S$251,N107,$U$30:$U$251)) | W107: =IFERROR(VLOOKUP(V107,年度数据总览!$B$34:$C$51,2,FALSE),"")
G108: =IF(AND(年度数据总览!H34<>0),年度数据总览!H34,"") -> 其它收入 | H108: =IF(SUMIF($H$30:$H$75,G108,$K$30:$K$75)=0,"",SUMIF($H$30:$H$75,G108,$K$30:$K$75)) | I108: =IF(AND(年度数据总览!J34<>0),年度数据总览!J34,"") -> 工作薪资 | J108: =IF(SUMIF($I$30:$I$75,I108,$K$30:$K$75)=0,"",SUMIF($I$30:$I$75,I108,$K$30:$K$75)) | L108: =IF(AND(年度数据总览!N34<>0),年度数据总览!N34,"") -> 衣 | M108: =IF(SUMIF($R$30:$R$251,L108,$U$30:$U$251)=0,"",SUMIF($R$30:$R$251,L108,$U$30:$U$251)) | N108: =IF(AND(年度数据总览!P34<>0),年度数据总览!P34,"") -> 外食 | O108: =IF(SUMIF($S$30:$S$251,N108,$U$30:$U$251)=0,"",SUMIF($S$30:$S$251,N108,$U$30:$U$251)) | W108: =IFERROR(VLOOKUP(V108,年度数据总览!$B$34:$C$51,2,FALSE),"")
G109: =IF(AND(年度数据总览!H35<>0),年度数据总览!H35,"") -> 借款归还 | H109: =IF(SUMIF($H$30:$H$75,G109,$K$30:$K$75)=0,"",SUMIF($H$30:$H$75,G109,$K$30:$K$75)) | I109: =IF(AND(年度数据总览!J35<>0),年度数据总览!J35,"") -> 红包 | J109: =IF(SUMIF($I$30:$I$75,I109,$K$30:$K$75)=0,"",SUMIF($I$30:$I$75,I109,$K$30:$K$75)) | L109: =IF(AND(年度数据总览!N35<>0),年度数据总览!N35,"") -> 住 | M109: =IF(SUMIF($R$30:$R$251,L109,$U$30:$U$251)=0,"",SUMIF($R$30:$R$251,L109,$U$30:$U$251)) | N109: =IF(AND(年度数据总览!P35<>0),年度数据总览!P35,"") -> 零食饮品 | O109: =IF(SUMIF($S$30:$S$251,N109,$U$30:$U$251)=0,"",SUMIF($S$30:$S$251,N109,$U$30:$U$251)) | W109: =IFERROR(VLOOKUP(V109,年度数据总览!$B$34:$C$51,2,FALSE),"")
G110: =IF(AND(年度数据总览!H36<>0),年度数据总览!H36,"") | H110: =IF(SUMIF($H$30:$H$75,G110,$K$30:$K$75)=0,"",SUMIF($H$30:$H$75,G110,$K$30:$K$75)) | I110: =IF(AND(年度数据总览!J36<>0),年度数据总览!J36,"") -> 退费 | J110: =IF(SUMIF($I$30:$I$75,I110,$K$30:$K$75)=0,"",SUMIF($I$30:$I$75,I110,$K$30:$K$75)) | L110: =IF(AND(年度数据总览!N36<>0),年度数据总览!N36,"") -> 行 | M110: =IF(SUMIF($R$30:$R$251,L110,$U$30:$U$251)=0,"",SUMIF($R$30:$R$251,L110,$U$30:$U$251)) | N110: =IF(AND(年度数据总览!P36<>0),年度数据总览!P36,"") -> 服饰鞋包 | O110: =IF(SUMIF($S$30:$S$251,N110,$U$30:$U$251)=0,"",SUMIF($S$30:$S$251,N110,$U$30:$U$251)) | W110: =IFERROR(VLOOKUP(V110,年度数据总览!$B$34:$C$51,2,FALSE),"")
G111: =IF(AND(年度数据总览!H37<>0),年度数据总览!H37,"") | H111: =IF(SUMIF($H$30:$H$75,G111,$K$30:$K$75)=0,"",SUMIF($H$30:$H$75,G111,$K$30:$K$75)) | I111: =IF(AND(年度数据总览!J37<>0),年度数据总览!J37,"") -> 报销 | J111: =IF(SUMIF($I$30:$I$75,I111,$K$30:$K$75)=0,"",SUMIF($I$30:$I$75,I111,$K$30:$K$75)) | L111: =IF(AND(年度数据总览!N37<>0),年度数据总览!N37,"") -> 娱与学 | M111: =IF(SUMIF($R$30:$R$251,L111,$U$30:$U$251)=0,"",SUMIF($R$30:$R$251,L111,$U$30:$U$251)) | N111: =IF(AND(年度数据总览!P37<>0),年度数据总览!P37,"") -> 个护美容 | O111: =IF(SUMIF($S$30:$S$251,N111,$U$30:$U$251)=0,"",SUMIF($S$30:$S$251,N111,$U$30:$U$251)) | W111: =IFERROR(VLOOKUP(V111,年度数据总览!$B$34:$C$51,2,FALSE),"")
G112: =IF(AND(年度数据总览!H38<>0),年度数据总览!H38,"") | H112: =IF(SUMIF($H$30:$H$75,G112,$K$30:$K$75)=0,"",SUMIF($H$30:$H$75,G112,$K$30:$K$75)) | I112: =IF(AND(年度数据总览!J38<>0),年度数据总览!J38,"") | J112: =IF(SUMIF($I$30:$I$75,I112,$K$30:$K$75)=0,"",SUMIF($I$30:$I$75,I112,$K$30:$K$75)) | L112: =IF(AND(年度数据总览!N38<>0),年度数据总览!N38,"") -> 情感社交 | M112: =IF(SUMIF($R$30:$R$251,L112,$U$30:$U$251)=0,"",SUMIF($R$30:$R$251,L112,$U$30:$U$251)) | N112: =IF(AND(年度数据总览!P38<>0),年度数据总览!P38,"") -> 房租/房贷 | O112: =IF(SUMIF($S$30:$S$251,N112,$U$30:$U$251)=0,"",SUMIF($S$30:$S$251,N112,$U$30:$U$251)) | W112: =IFERROR(VLOOKUP(V112,年度数据总览!$B$34:$C$51,2,FALSE),"")
G113: =IF(AND(年度数据总览!H39<>0),年度数据总览!H39,"") | H113: =IF(SUMIF($H$30:$H$75,G113,$K$30:$K$75)=0,"",SUMIF($H$30:$H$75,G113,$K$30:$K$75)) | I113: =IF(AND(年度数据总览!J39<>0),年度数据总览!J39,"") | J113: =IF(SUMIF($I$30:$I$75,I113,$K$30:$K$75)=0,"",SUMIF($I$30:$I$75,I113,$K$30:$K$75)) | L113: =IF(AND(年度数据总览!N39<>0),年度数据总览!N39,"") -> 医疗 | M113: =IF(SUMIF($R$30:$R$251,L113,$U$30:$U$251)=0,"",SUMIF($R$30:$R$251,L113,$U$30:$U$251)) | N113: =IF(AND(年度数据总览!P39<>0),年度数据总览!P39,"") -> 水电燃气 | O113: =IF(SUMIF($S$30:$S$251,N113,$U$30:$U$251)=0,"",SUMIF($S$30:$S$251,N113,$U$30:$U$251)) | W113: =IFERROR(VLOOKUP(V113,年度数据总览!$B$34:$C$51,2,FALSE),"")
G114: =IF(AND(年度数据总览!H40<>0),年度数据总览!H40,"") | H114: =IF(SUMIF($H$30:$H$75,G114,$K$30:$K$75)=0,"",SUMIF($H$30:$H$75,G114,$K$30:$K$75)) | I114: =IF(AND(年度数据总览!J40<>0),年度数据总览!J40,"") | J114: =IF(SUMIF($I$30:$I$75,I114,$K$30:$K$75)=0,"",SUMIF($I$30:$I$75,I114,$K$30:$K$75)) | L114: =IF(AND(年度数据总览!N40<>0),年度数据总览!N40,"") -> 金融往来 | M114: =IF(SUMIF($R$30:$R$251,L114,$U$30:$U$251)=0,"",SUMIF($R$30:$R$251,L114,$U$30:$U$251)) | N114: =IF(AND(年度数据总览!P40<>0),年度数据总览!P40,"") -> 网络通讯 | O114: =IF(SUMIF($S$30:$S$251,N114,$U$30:$U$251)=0,"",SUMIF($S$30:$S$251,N114,$U$30:$U$251)) | W114: =IFERROR(VLOOKUP(V114,年度数据总览!$B$34:$C$51,2,FALSE),"")
G115: =IF(AND(年度数据总览!H41<>0),年度数据总览!H41,"") | H115: =IF(SUMIF($H$30:$H$75,G115,$K$30:$K$75)=0,"",SUMIF($H$30:$H$75,G115,$K$30:$K$75)) | I115: =IF(AND(年度数据总览!J41<>0),年度数据总览!J41,"") | J115: =IF(SUMIF($I$30:$I$75,I115,$K$30:$K$75)=0,"",SUMIF($I$30:$I$75,I115,$K$30:$K$75)) | L115: =IF(AND(年度数据总览!N41<>0),年度数据总览!N41,"") -> 其他杂项 | M115: =IF(SUMIF($R$30:$R$251,L115,$U$30:$U$251)=0,"",SUMIF($R$30:$R$251,L115,$U$30:$U$251)) | N115: =IF(AND(年度数据总览!P41<>0),年度数据总览!P41,"") -> 家居日用 | O115: =IF(SUMIF($S$30:$S$251,N115,$U$30:$U$251)=0,"",SUMIF($S$30:$S$251,N115,$U$30:$U$251)) | W115: =IFERROR(VLOOKUP(V115,年度数据总览!$B$34:$C$51,2,FALSE),"")
G116: =IF(AND(年度数据总览!H42<>0),年度数据总览!H42,"") | H116: =IF(SUMIF($H$30:$H$75,G116,$K$30:$K$75)=0,"",SUMIF($H$30:$H$75,G116,$K$30:$K$75)) | I116: =IF(AND(年度数据总览!J42<>0),年度数据总览!J42,"") | J116: =IF(SUMIF($I$30:$I$75,I116,$K$30:$K$75)=0,"",SUMIF($I$30:$I$75,I116,$K$30:$K$75)) | L116: =IF(AND(年度数据总览!N42<>0),年度数据总览!N42,"") | M116: =IF(SUMIF($R$30:$R$251,L116,$U$30:$U$251)=0,"",SUMIF($R$30:$R$251,L116,$U$30:$U$251)) | N116: =IF(AND(年度数据总览!P42<>0),年度数据总览!P42,"") -> 住宿 | O116: =IF(SUMIF($S$30:$S$251,N116,$U$30:$U$251)=0,"",SUMIF($S$30:$S$251,N116,$U$30:$U$251)) | W116: =IFERROR(VLOOKUP(V116,年度数据总览!$B$34:$C$51,2,FALSE),"")
G117: =IF(AND(年度数据总览!H43<>0),年度数据总览!H43,"") | H117: =IF(SUMIF($H$30:$H$75,G117,$K$30:$K$75)=0,"",SUMIF($H$30:$H$75,G117,$K$30:$K$75)) | I117: =IF(AND(年度数据总览!J43<>0),年度数据总览!J43,"") | J117: =IF(SUMIF($I$30:$I$75,I117,$K$30:$K$75)=0,"",SUMIF($I$30:$I$75,I117,$K$30:$K$75)) | L117: =IF(AND(年度数据总览!N43<>0),年度数据总览!N43,"") | M117: =IF(SUMIF($R$30:$R$251,L117,$U$30:$U$251)=0,"",SUMIF($R$30:$R$251,L117,$U$30:$U$251)) | N117: =IF(AND(年度数据总览!P43<>0),年度数据总览!P43,"") -> 公共交通 | O117: =IF(SUMIF($S$30:$S$251,N117,$U$30:$U$251)=0,"",SUMIF($S$30:$S$251,N117,$U$30:$U$251)) | W117: =IFERROR(VLOOKUP(V117,年度数据总览!$B$34:$C$51,2,FALSE),"")
G118: =IF(AND(年度数据总览!H44<>0),年度数据总览!H44,"") | H118: =IF(SUMIF($H$30:$H$75,G118,$K$30:$K$75)=0,"",SUMIF($H$30:$H$75,G118,$K$30:$K$75)) | I118: =IF(AND(年度数据总览!J44<>0),年度数据总览!J44,"") | J118: =IF(SUMIF($I$30:$I$75,I118,$K$30:$K$75)=0,"",SUMIF($I$30:$I$75,I118,$K$30:$K$75)) | L118: =IF(AND(年度数据总览!N44<>0),年度数据总览!N44,"") | M118: =IF(SUMIF($R$30:$R$251,L118,$U$30:$U$251)=0,"",SUMIF($R$30:$R$251,L118,$U$30:$U$251)) | N118: =IF(AND(年度数据总览!P44<>0),年度数据总览!P44,"") -> 打车/租车 | O118: =IF(SUMIF($S$30:$S$251,N118,$U$30:$U$251)=0,"",SUMIF($S$30:$S$251,N118,$U$30:$U$251)) | W118: =IFERROR(VLOOKUP(V118,年度数据总览!$B$34:$C$51,2,FALSE),"")
... G128: =IF(AND(年度数据总览!H54<>0),年度数据总览!H54,"") | H128: =IF(SUMIF($H$30:$H$75,G128,$K$30:$K$75)=0,"",SUMIF($H$30:$H$75,G128,$K$30:$K$75)) | I128: =IF(AND(年度数据总览!J54<>0),年度数据总览!J54,"") | J128: =IF(SUMIF($I$30:$I$75,I128,$K$30:$K$75)=0,"",SUMIF($I$30:$I$75,I128,$K$30:$K$75)) | L128: =IF(AND(年度数据总览!N54<>0),年度数据总览!N54,"") | M128: =IF(SUMIF($R$30:$R$251,L128,$U$30:$U$251)=0,"",SUMIF($R$30:$R$251,L128,$U$30:$U$251)) | N128: =IF(AND(年度数据总览!P54<>0),年度数据总览!P54,"") -> 公益 | O128: =IF(SUMIF($S$30:$S$251,N128,$U$30:$U$251)=0,"",SUMIF($S$30:$S$251,N128,$U$30:$U$251)) | W128: =IFERROR(VLOOKUP(V128,年度数据总览!$B$34:$C$51,2,FALSE),"")
L129: =IF(AND(年度数据总览!N55<>0),年度数据总览!N55,"") | M129: =IF(SUMIF($R$30:$R$251,L129,$U$30:$U$251)=0,"",SUMIF($R$30:$R$251,L129,$U$30:$U$251)) | N129: =IF(AND(年度数据总览!P55<>0),年度数据总览!P55,"") -> 看病/买药 | O129: =IF(SUMIF($S$30:$S$251,N129,$U$30:$U$251)=0,"",SUMIF($S$30:$S$251,N129,$U$30:$U$251)) | W129: =IFERROR(VLOOKUP(V129,年度数据总览!$B$34:$C$51,2,FALSE),"")
L130: =IF(AND(年度数据总览!N56<>0),年度数据总览!N56,"") | M130: =IF(SUMIF($R$30:$R$251,L130,$U$30:$U$251)=0,"",SUMIF($R$30:$R$251,L130,$U$30:$U$251)) | N130: =IF(AND(年度数据总览!P56<>0),年度数据总览!P56,"") -> 体检 | O130: =IF(SUMIF($S$30:$S$251,N130,$U$30:$U$251)=0,"",SUMIF($S$30:$S$251,N130,$U$30:$U$251)) | W130: =IFERROR(VLOOKUP(V130,年度数据总览!$B$34:$C$51,2,FALSE),"")
L131: =IF(AND(年度数据总览!N57<>0),年度数据总览!N57,"") | M131: =IF(SUMIF($R$30:$R$251,L131,$U$30:$U$251)=0,"",SUMIF($R$30:$R$251,L131,$U$30:$U$251)) | N131: =IF(AND(年度数据总览!P57<>0),年度数据总览!P57,"") -> 还贷/还债 | O131: =IF(SUMIF($S$30:$S$251,N131,$U$30:$U$251)=0,"",SUMIF($S$30:$S$251,N131,$U$30:$U$251)) | W131: =IFERROR(VLOOKUP(V131,年度数据总览!$B$34:$C$51,2,FALSE),"")
L132: =IF(AND(年度数据总览!N58<>0),年度数据总览!N58,"") | M132: =IF(SUMIF($R$30:$R$251,L132,$U$30:$U$251)=0,"",SUMIF($R$30:$R$251,L132,$U$30:$U$251)) | N132: =IF(AND(年度数据总览!P58<>0),年度数据总览!P58,"") -> 借款给他人 | O132: =IF(SUMIF($S$30:$S$251,N132,$U$30:$U$251)=0,"",SUMIF($S$30:$S$251,N132,$U$30:$U$251)) | W132: =IFERROR(VLOOKUP(V132,年度数据总览!$B$34:$C$51,2,FALSE),"")
L133: =IF(AND(年度数据总览!N59<>0),年度数据总览!N59,"") | M133: =IF(SUMIF($R$30:$R$251,L133,$U$30:$U$251)=0,"",SUMIF($R$30:$R$251,L133,$U$30:$U$251)) | N133: =IF(AND(年度数据总览!P59<>0),年度数据总览!P59,"") -> 手续费 | O133: =IF(SUMIF($S$30:$S$251,N133,$U$30:$U$251)=0,"",SUMIF($S$30:$S$251,N133,$U$30:$U$251)) | W133: =IFERROR(VLOOKUP(V133,年度数据总览!$B$34:$C$51,2,FALSE),"")
L134: =IF(AND(年度数据总览!N60<>0),年度数据总览!N60,"") | M134: =IF(SUMIF($R$30:$R$251,L134,$U$30:$U$251)=0,"",SUMIF($R$30:$R$251,L134,$U$30:$U$251)) | N134: =IF(AND(年度数据总览!P60<>0),年度数据总览!P60,"") -> 罚款 | O134: =IF(SUMIF($S$30:$S$251,N134,$U$30:$U$251)=0,"",SUMIF($S$30:$S$251,N134,$U$30:$U$251)) | W134: =IFERROR(VLOOKUP(V134,年度数据总览!$B$34:$C$51,2,FALSE),"")
L135: =IF(AND(年度数据总览!N61<>0),年度数据总览!N61,"") | M135: =IF(SUMIF($R$30:$R$251,L135,$U$30:$U$251)=0,"",SUMIF($R$30:$R$251,L135,$U$30:$U$251)) | N135: =IF(AND(年度数据总览!P61<>0),年度数据总览!P61,"") -> 其他 | O135: =IF(SUMIF($S$30:$S$251,N135,$U$30:$U$251)=0,"",SUMIF($S$30:$S$251,N135,$U$30:$U$251)) | W135: =IFERROR(VLOOKUP(V135,年度数据总览!$B$34:$C$51,2,FALSE),"")
L136: =IF(AND(年度数据总览!N62<>0),年度数据总览!N62,"") | M136: =IF(SUMIF($R$30:$R$251,L136,$U$30:$U$251)=0,"",SUMIF($R$30:$R$251,L136,$U$30:$U$251)) | N136: =IF(AND(年度数据总览!P62<>0),年度数据总览!P62,"") | O136: =IF(SUMIF($S$30:$S$251,N136,$U$30:$U$251)=0,"",SUMIF($S$30:$S$251,N136,$U$30:$U$251)) | W136: =IFERROR(VLOOKUP(V136,年度数据总览!$B$34:$C$51,2,FALSE),"")
L137: =IF(AND(年度数据总览!N63<>0),年度数据总览!N63,"") | M137: =IF(SUMIF($R$30:$R$251,L137,$U$30:$U$251)=0,"",SUMIF($R$30:$R$251,L137,$U$30:$U$251)) | N137: =IF(AND(年度数据总览!P63<>0),年度数据总览!P63,"") | O137: =IF(SUMIF($S$30:$S$251,N137,$U$30:$U$251)=0,"",SUMIF($S$30:$S$251,N137,$U$30:$U$251)) | W137: =IFERROR(VLOOKUP(V137,年度数据总览!$B$34:$C$51,2,FALSE),"")
L138: =IF(AND(年度数据总览!N64<>0),年度数据总览!N64,"") | M138: =IF(SUMIF($R$30:$R$251,L138,$U$30:$U$251)=0,"",SUMIF($R$30:$R$251,L138,$U$30:$U$251)) | N138: =IF(AND(年度数据总览!P64<>0),年度数据总览!P64,"") | O138: =IF(SUMIF($S$30:$S$251,N138,$U$30:$U$251)=0,"",SUMIF($S$30:$S$251,N138,$U$30:$U$251)) | W138: =IFERROR(VLOOKUP(V138,年度数据总览!$B$34:$C$51,2,FALSE),"")
L139: =IF(AND(年度数据总览!N65<>0),年度数据总览!N65,"") | M139: =IF(SUMIF($R$30:$R$251,L139,$U$30:$U$251)=0,"",SUMIF($R$30:$R$251,L139,$U$30:$U$251)) | N139: =IF(AND(年度数据总览!P65<>0),年度数据总览!P65,"") | O139: =IF(SUMIF($S$30:$S$251,N139,$U$30:$U$251)=0,"",SUMIF($S$30:$S$251,N139,$U$30:$U$251)) | W139: =IFERROR(VLOOKUP(V139,年度数据总览!$B$34:$C$51,2,FALSE),"")
L140: =IF(AND(年度数据总览!N66<>0),年度数据总览!N66,"") | M140: =IF(SUMIF($R$30:$R$251,L140,$U$30:$U$251)=0,"",SUMIF($R$30:$R$251,L140,$U$30:$U$251)) | N140: =IF(AND(年度数据总览!P66<>0),年度数据总览!P66,"") | O140: =IF(SUMIF($S$30:$S$251,N140,$U$30:$U$251)=0,"",SUMIF($S$30:$S$251,N140,$U$30:$U$251)) | W140: =IFERROR(VLOOKUP(V140,年度数据总览!$B$34:$C$51,2,FALSE),"")
... L153: =IF(AND(年度数据总览!N79<>0),年度数据总览!N79,"") | M153: =IF(SUMIF($R$30:$R$251,L153,$U$30:$U$251)=0,"",SUMIF($R$30:$R$251,L153,$U$30:$U$251)) | N153: =IF(AND(年度数据总览!P79<>0),年度数据总览!P79,"") | O153: =IF(SUMIF($S$30:$S$251,N153,$U$30:$U$251)=0,"",SUMIF($S$30:$S$251,N153,$U$30:$U$251)) | W153: =IFERROR(VLOOKUP(V153,年度数据总览!$B$34:$C$51,2,FALSE),"")
W154: =IFERROR(VLOOKUP(V154,年度数据总览!$B$34:$C$51,2,FALSE),"")
W155: =IFERROR(VLOOKUP(V155,年度数据总览!$B$34:$C$51,2,FALSE),"")
W156: =IFERROR(VLOOKUP(V156,年度数据总览!$B$34:$C$51,2,FALSE),"")
W157: =IFERROR(VLOOKUP(V157,年度数据总览!$B$34:$C$51,2,FALSE),"")
W158: =IFERROR(VLOOKUP(V158,年度数据总览!$B$34:$C$51,2,FALSE),"")
W159: =IFERROR(VLOOKUP(V159,年度数据总览!$B$34:$C$51,2,FALSE),"")
W160: =IFERROR(VLOOKUP(V160,年度数据总览!$B$34:$C$51,2,FALSE),"")
W161: =IFERROR(VLOOKUP(V161,年度数据总览!$B$34:$C$51,2,FALSE),"")
W162: =IFERROR(VLOOKUP(V162,年度数据总览!$B$34:$C$51,2,FALSE),"")
W163: =IFERROR(VLOOKUP(V163,年度数据总览!$B$34:$C$51,2,FALSE),"")
W164: =IFERROR(VLOOKUP(V164,年度数据总览!$B$34:$C$51,2,FALSE),"")
W165: =IFERROR(VLOOKUP(V165,年度数据总览!$B$34:$C$51,2,FALSE),"")
... W203: =IFERROR(VLOOKUP(V203,年度数据总览!$B$34:$C$51,2,FALSE),"")

Sheet 5月
B2: =$B$5&"月账单" -> 5月账单
B5: 5 | G5: 本月总收入 | I5: 本月总支出 | K5: 本月结余 | M5: 月末余额
G6: =I25 -> 0 | I6: =S25 -> 0 | K6: =G6-I6 -> 0 | M6: =SUM(K6,'4月'!M6) -> 16000
B7: ="今日是"&TEXT(TODAY(),"yyyy年m月d日") -> 今日是2026年10月25日
B8: 距离 | C8: =TEXT(TODAY(),"yyyy年") -> 2026年
B9: 结束还有 | C9: =DATEDIF(TODAY(),DATE((YEAR(TODAY())),12,31),"d") -> 67 | G9: 最大一笔收入细项 | H9: ="最大一笔"&G10&"金额" -> 最大一笔待填入金额 | J9: 对应日期 | K9: 最大一笔日常支出细项 | M9: ="最大一笔"&K10&"金额" -> 最大一笔待填入金额 | O9: 对应日期 | Q9: 最大支出使用人 | S9: =S6&"支出总额" -> 支出总额
G10: =IFERROR(INDEX(表6_102323368[收入细项],MATCH(MAX(表6_102323368[金额]),表6_102323368[金额],0)),"待填入") -> 待填入 | H10: =IFERROR(MAX(表6_102323368[金额]),0) -> 0 | J10: =IFERROR(INDEX(表6_102323368[日期],MATCH(MAX(表6_102323368[金额]),表6_102323368[金额],0)),"待填入") -> 待填入 | K10: =IFERROR(INDEX(表6_3313465[支出细项],MATCH(MAX(表6_3313465[金额]),表6_3313465[金额],0)),"待填入") -> 待填入 | M10: =IFERROR(MAX(表6_3313465[金额]),0) -> 0 | O10: =IFERROR(INDEX(表6_3313465[日期],MATCH(MAX(表6_3313465[金额]),表6_3313465[金额],0)),"待填入") -> 待填入 | Q10: =IFERROR(INDEX(AD30:AD73,MATCH(MAX(AE30:AE73),AE30:AE73,0)),"待填入") -> 待填入 | S10: =IFERROR(MAX(AE30:AE73),0) -> 0
G25: 本月总收入 | I25: =SUM(表6_102323368[金额]) -> 0 | Q25: 本月总支出 | S25: =SUM(U30:U250) -> 0
AA26: 如需空白处新增内容，请在此行之上进行新增编辑，以免与其它数据产生冲突
I27: 1 | S27: 1
G28: 手动填写 | H28: 下拉筛选 | I28: 下拉筛选 | J28: 手动填写 | K28: 手动填写 | L28: 下拉筛选 | M28: 自动生成 | N28: 手动填写 | O28: 手动填写 | Q28: 手动填写 | R28: 下拉筛选 | S28: 下拉筛选 | T28: 手动填写 | U28: 手动填写 | V28: 下拉筛选 | W28: 自动生成 | X28: 手动填写 | Y28: 手动填写 | AA28: 收入大类筛选 | AD28: 支出使用人 | AG28: 支出大类 | AJ28: 支出细项
B29: 对账账户 | C29: 本月实时金额 | G29: 日期 | H29: 收入大类 | I29: 收入细项 | J29: 具体项目 | K29: 金额 | L29: 收入账户 | M29: 账户大类 | N29: 归属方 | O29: 备注 | Q29: 日期 | R29: 支出大类 | S29: 支出细项 | T29: 具体项目 | U29: 金额 | V29: 支出账户 | W29: 账户大类 | X29: 支出使用人 | Y29: 备注 | AA29: 收入大类 | AB29: 求和项:金额 | AD29: 支出使用人 | AE29: 求和项:金额 | AG29: 支出大类 | AH29: 求和项:金额 | AJ29: 支出细项 | AK29: 求和项:金额
B30: =IF(AND(年度数据总览!B34<>0),年度数据总览!B34,"") -> 余额宝 | C30: =IFERROR(IF('4月'!C30-SUMIF('5月'!$V$30:$V$216,'5月'!$B30,'5月'!$U$30:$U$216)+SUMIF('5月'!$L$30:$L$75,'5月'!$B30,'5月'!$K$30:$K$75)-SUMIF('5月'!$J$85:$J$99,'5月'!$B30,'5月'!$K$85:$K$99)+SUMIF('5月'!$L$85:$L$99,'5月'!$B30,'5月'!$N$85:$N$99)=0,0,'4月'!C30-SUMIF('5月'!$V$30:$V$216,'5月'!$B30,'5月'!$U$30:$U$216)+SUMIF('5月'!$L$30:$L$75,'5月'!$B30,'5月'!$K$30:$K$75)-SUMIF('5月'!$J$85:$J$99,'5月'!$B30,'5月'!$K$85:$K$99)+SUMIF('5月'!$L$85:$L$99,'5月'!$B30,'5月'!$N$85:$N$99)),0) -> 701 | M30: =IFERROR(VLOOKUP(L30,年度数据总览!$B$34:$C$51,2,FALSE),"") | W30: =IFERROR(VLOOKUP(V30,年度数据总览!$B$34:$C$51,2,FALSE),"") | AA30: (空白) | AD30: (空白) | AG30: (空白) | AJ30: (空白)
B31: =IF(AND(年度数据总览!B35<>0),年度数据总览!B35,"") -> 微信 | C31: =IFERROR(IF('4月'!C31-SUMIF('5月'!$V$30:$V$216,'5月'!$B31,'5月'!$U$30:$U$216)+SUMIF('5月'!$L$30:$L$75,'5月'!$B31,'5月'!$K$30:$K$75)-SUMIF('5月'!$J$85:$J$99,'5月'!$B31,'5月'!$K$85:$K$99)+SUMIF('5月'!$L$85:$L$99,'5月'!$B31,'5月'!$N$85:$N$99)=0,0,'4月'!C31-SUMIF('5月'!$V$30:$V$216,'5月'!$B31,'5月'!$U$30:$U$216)+SUMIF('5月'!$L$30:$L$75,'5月'!$B31,'5月'!$K$30:$K$75)-SUMIF('5月'!$J$85:$J$99,'5月'!$B31,'5月'!$K$85:$K$99)+SUMIF('5月'!$L$85:$L$99,'5月'!$B31,'5月'!$N$85:$N$99)),0) -> 2300 | M31: =IFERROR(VLOOKUP(L31,年度数据总览!$B$34:$C$51,2,FALSE),"") | W31: =IFERROR(VLOOKUP(V31,年度数据总览!$B$34:$C$51,2,FALSE),"") | AA31: 总计 | AG31: 总计 | AJ31: 总计
B32: =IF(AND(年度数据总览!B36<>0),年度数据总览!B36,"") -> 现金 | C32: =IFERROR(IF('4月'!C32-SUMIF('5月'!$V$30:$V$216,'5月'!$B32,'5月'!$U$30:$U$216)+SUMIF('5月'!$L$30:$L$75,'5月'!$B32,'5月'!$K$30:$K$75)-SUMIF('5月'!$J$85:$J$99,'5月'!$B32,'5月'!$K$85:$K$99)+SUMIF('5月'!$L$85:$L$99,'5月'!$B32,'5月'!$N$85:$N$99)=0,0,'4月'!C32-SUMIF('5月'!$V$30:$V$216,'5月'!$B32,'5月'!$U$30:$U$216)+SUMIF('5月'!$L$30:$L$75,'5月'!$B32,'5月'!$K$30:$K$75)-SUMIF('5月'!$J$85:$J$99,'5月'!$B32,'5月'!$K$85:$K$99)+SUMIF('5月'!$L$85:$L$99,'5月'!$B32,'5月'!$N$85:$N$99)),0) -> 3000 | M32: =IFERROR(VLOOKUP(L32,年度数据总览!$B$34:$C$51,2,FALSE),"") | W32: =IFERROR(VLOOKUP(V32,年度数据总览!$B$34:$C$51,2,FALSE),"")
B33: =IF(AND(年度数据总览!B37<>0),年度数据总览!B37,"") -> XX未还债务 | C33: =IFERROR(IF('4月'!C33-SUMIF('5月'!$V$30:$V$216,'5月'!$B33,'5月'!$U$30:$U$216)+SUMIF('5月'!$L$30:$L$75,'5月'!$B33,'5月'!$K$30:$K$75)-SUMIF('5月'!$J$85:$J$99,'5月'!$B33,'5月'!$K$85:$K$99)+SUMIF('5月'!$L$85:$L$99,'5月'!$B33,'5月'!$N$85:$N$99)=0,0,'4月'!C33-SUMIF('5月'!$V$30:$V$216,'5月'!$B33,'5月'!$U$30:$U$216)+SUMIF('5月'!$L$30:$L$75,'5月'!$B33,'5月'!$K$30:$K$75)-SUMIF('5月'!$J$85:$J$99,'5月'!$B33,'5月'!$K$85:$K$99)+SUMIF('5月'!$L$85:$L$99,'5月'!$B33,'5月'!$N$85:$N$99)),0) -> 3000 | M33: =IFERROR(VLOOKUP(L33,年度数据总览!$B$34:$C$51,2,FALSE),"") | W33: =IFERROR(VLOOKUP(V33,年度数据总览!$B$34:$C$51,2,FALSE),"")
B34: =IF(AND(年度数据总览!B38<>0),年度数据总览!B38,"") -> 中国银行 | C34: =IFERROR(IF('4月'!C34-SUMIF('5月'!$V$30:$V$216,'5月'!$B34,'5月'!$U$30:$U$216)+SUMIF('5月'!$L$30:$L$75,'5月'!$B34,'5月'!$K$30:$K$75)-SUMIF('5月'!$J$85:$J$99,'5月'!$B34,'5月'!$K$85:$K$99)+SUMIF('5月'!$L$85:$L$99,'5月'!$B34,'5月'!$N$85:$N$99)=0,0,'4月'!C34-SUMIF('5月'!$V$30:$V$216,'5月'!$B34,'5月'!$U$30:$U$216)+SUMIF('5月'!$L$30:$L$75,'5月'!$B34,'5月'!$K$30:$K$75)-SUMIF('5月'!$J$85:$J$99,'5月'!$B34,'5月'!$K$85:$K$99)+SUMIF('5月'!$L$85:$L$99,'5月'!$B34,'5月'!$N$85:$N$99)),0) -> 7000 | M34: =IFERROR(VLOOKUP(L34,年度数据总览!$B$34:$C$51,2,FALSE),"") | W34: =IFERROR(VLOOKUP(V34,年度数据总览!$B$34:$C$51,2,FALSE),"")
B35: =IF(AND(年度数据总览!B39<>0),年度数据总览!B39,"") -> 花呗负债 | C35: =IFERROR(IF('4月'!C35-SUMIF('5月'!$V$30:$V$216,'5月'!$B35,'5月'!$U$30:$U$216)+SUMIF('5月'!$L$30:$L$75,'5月'!$B35,'5月'!$K$30:$K$75)-SUMIF('5月'!$J$85:$J$99,'5月'!$B35,'5月'!$K$85:$K$99)+SUMIF('5月'!$L$85:$L$99,'5月'!$B35,'5月'!$N$85:$N$99)=0,0,'4月'!C35-SUMIF('5月'!$V$30:$V$216,'5月'!$B35,'5月'!$U$30:$U$216)+SUMIF('5月'!$L$30:$L$75,'5月'!$B35,'5月'!$K$30:$K$75)-SUMIF('5月'!$J$85:$J$99,'5月'!$B35,'5月'!$K$85:$K$99)+SUMIF('5月'!$L$85:$L$99,'5月'!$B35,'5月'!$N$85:$N$99)),0) -> -1 | M35: =IFERROR(VLOOKUP(L35,年度数据总览!$B$34:$C$51,2,FALSE),"") | W35: =IFERROR(VLOOKUP(V35,年度数据总览!$B$34:$C$51,2,FALSE),"")
B36: =IF(AND(年度数据总览!B40<>0),年度数据总览!B40,"") | C36: =IFERROR(IF('4月'!C36-SUMIF('5月'!$V$30:$V$216,'5月'!$B36,'5月'!$U$30:$U$216)+SUMIF('5月'!$L$30:$L$75,'5月'!$B36,'5月'!$K$30:$K$75)-SUMIF('5月'!$J$85:$J$99,'5月'!$B36,'5月'!$K$85:$K$99)+SUMIF('5月'!$L$85:$L$99,'5月'!$B36,'5月'!$N$85:$N$99)=0,0,'4月'!C36-SUMIF('5月'!$V$30:$V$216,'5月'!$B36,'5月'!$U$30:$U$216)+SUMIF('5月'!$L$30:$L$75,'5月'!$B36,'5月'!$K$30:$K$75)-SUMIF('5月'!$J$85:$J$99,'5月'!$B36,'5月'!$K$85:$K$99)+SUMIF('5月'!$L$85:$L$99,'5月'!$B36,'5月'!$N$85:$N$99)),0) -> 0 | M36: =IFERROR(VLOOKUP(L36,年度数据总览!$B$34:$C$51,2,FALSE),"") | W36: =IFERROR(VLOOKUP(V36,年度数据总览!$B$34:$C$51,2,FALSE),"")
B37: =IF(AND(年度数据总览!B41<>0),年度数据总览!B41,"") | C37: =IFERROR(IF('4月'!C37-SUMIF('5月'!$V$30:$V$216,'5月'!$B37,'5月'!$U$30:$U$216)+SUMIF('5月'!$L$30:$L$75,'5月'!$B37,'5月'!$K$30:$K$75)-SUMIF('5月'!$J$85:$J$99,'5月'!$B37,'5月'!$K$85:$K$99)+SUMIF('5月'!$L$85:$L$99,'5月'!$B37,'5月'!$N$85:$N$99)=0,0,'4月'!C37-SUMIF('5月'!$V$30:$V$216,'5月'!$B37,'5月'!$U$30:$U$216)+SUMIF('5月'!$L$30:$L$75,'5月'!$B37,'5月'!$K$30:$K$75)-SUMIF('5月'!$J$85:$J$99,'5月'!$B37,'5月'!$K$85:$K$99)+SUMIF('5月'!$L$85:$L$99,'5月'!$B37,'5月'!$N$85:$N$99)),0) -> 0 | M37: =IFERROR(VLOOKUP(L37,年度数据总览!$B$34:$C$51,2,FALSE),"") | W37: =IFERROR(VLOOKUP(V37,年度数据总览!$B$34:$C$51,2,FALSE),"")
B38: =IF(AND(年度数据总览!B42<>0),年度数据总览!B42,"") | C38: =IFERROR(IF('4月'!C38-SUMIF('5月'!$V$30:$V$216,'5月'!$B38,'5月'!$U$30:$U$216)+SUMIF('5月'!$L$30:$L$75,'5月'!$B38,'5月'!$K$30:$K$75)-SUMIF('5月'!$J$85:$J$99,'5月'!$B38,'5月'!$K$85:$K$99)+SUMIF('5月'!$L$85:$L$99,'5月'!$B38,'5月'!$N$85:$N$99)=0,0,'4月'!C38-SUMIF('5月'!$V$30:$V$216,'5月'!$B38,'5月'!$U$30:$U$216)+SUMIF('5月'!$L$30:$L$75,'5月'!$B38,'5月'!$K$30:$K$75)-SUMIF('5月'!$J$85:$J$99,'5月'!$B38,'5月'!$K$85:$K$99)+SUMIF('5月'!$L$85:$L$99,'5月'!$B38,'5月'!$N$85:$N$99)),0) -> 0 | M38: =IFERROR(VLOOKUP(L38,年度数据总览!$B$34:$C$51,2,FALSE),"") | W38: =IFERROR(VLOOKUP(V38,年度数据总览!$B$34:$C$51,2,FALSE),"")
B39: =IF(AND(年度数据总览!B43<>0),年度数据总览!B43,"") | C39: =IFERROR(IF('4月'!C39-SUMIF('5月'!$V$30:$V$216,'5月'!$B39,'5月'!$U$30:$U$216)+SUMIF('5月'!$L$30:$L$75,'5月'!$B39,'5月'!$K$30:$K$75)-SUMIF('5月'!$J$85:$J$99,'5月'!$B39,'5月'!$K$85:$K$99)+SUMIF('5月'!$L$85:$L$99,'5月'!$B39,'5月'!$N$85:$N$99)=0,0,'4月'!C39-SUMIF('5月'!$V$30:$V$216,'5月'!$B39,'5月'!$U$30:$U$216)+SUMIF('5月'!$L$30:$L$75,'5月'!$B39,'5月'!$K$30:$K$75)-SUMIF('5月'!$J$85:$J$99,'5月'!$B39,'5月'!$K$85:$K$99)+SUMIF('5月'!$L$85:$L$99,'5月'!$B39,'5月'!$N$85:$N$99)),0) -> 0 | M39: =IFERROR(VLOOKUP(L39,年度数据总览!$B$34:$C$51,2,FALSE),"") | W39: =IFERROR(VLOOKUP(V39,年度数据总览!$B$34:$C$51,2,FALSE),"")
B40: =IF(AND(年度数据总览!B44<>0),年度数据总览!B44,"") | C40: =IFERROR(IF('4月'!C40-SUMIF('5月'!$V$30:$V$216,'5月'!$B40,'5月'!$U$30:$U$216)+SUMIF('5月'!$L$30:$L$75,'5月'!$B40,'5月'!$K$30:$K$75)-SUMIF('5月'!$J$85:$J$99,'5月'!$B40,'5月'!$K$85:$K$99)+SUMIF('5月'!$L$85:$L$99,'5月'!$B40,'5月'!$N$85:$N$99)=0,0,'4月'!C40-SUMIF('5月'!$V$30:$V$216,'5月'!$B40,'5月'!$U$30:$U$216)+SUMIF('5月'!$L$30:$L$75,'5月'!$B40,'5月'!$K$30:$K$75)-SUMIF('5月'!$J$85:$J$99,'5月'!$B40,'5月'!$K$85:$K$99)+SUMIF('5月'!$L$85:$L$99,'5月'!$B40,'5月'!$N$85:$N$99)),0) -> 0 | M40: =IFERROR(VLOOKUP(L40,年度数据总览!$B$34:$C$51,2,FALSE),"") | W40: =IFERROR(VLOOKUP(V40,年度数据总览!$B$34:$C$51,2,FALSE),"")
B41: =IF(AND(年度数据总览!B45<>0),年度数据总览!B45,"") | C41: =IFERROR(IF('4月'!C41-SUMIF('5月'!$V$30:$V$216,'5月'!$B41,'5月'!$U$30:$U$216)+SUMIF('5月'!$L$30:$L$75,'5月'!$B41,'5月'!$K$30:$K$75)-SUMIF('5月'!$J$85:$J$99,'5月'!$B41,'5月'!$K$85:$K$99)+SUMIF('5月'!$L$85:$L$99,'5月'!$B41,'5月'!$N$85:$N$99)=0,0,'4月'!C41-SUMIF('5月'!$V$30:$V$216,'5月'!$B41,'5月'!$U$30:$U$216)+SUMIF('5月'!$L$30:$L$75,'5月'!$B41,'5月'!$K$30:$K$75)-SUMIF('5月'!$J$85:$J$99,'5月'!$B41,'5月'!$K$85:$K$99)+SUMIF('5月'!$L$85:$L$99,'5月'!$B41,'5月'!$N$85:$N$99)),0) -> 0 | M41: =IFERROR(VLOOKUP(L41,年度数据总览!$B$34:$C$51,2,FALSE),"") | W41: =IFERROR(VLOOKUP(V41,年度数据总览!$B$34:$C$51,2,FALSE),"")
B42: =IF(AND(年度数据总览!B46<>0),年度数据总览!B46,"") | C42: =IFERROR(IF('4月'!C42-SUMIF('5月'!$V$30:$V$216,'5月'!$B42,'5月'!$U$30:$U$216)+SUMIF('5月'!$L$30:$L$75,'5月'!$B42,'5月'!$K$30:$K$75)-SUMIF('5月'!$J$85:$J$99,'5月'!$B42,'5月'!$K$85:$K$99)+SUMIF('5月'!$L$85:$L$99,'5月'!$B42,'5月'!$N$85:$N$99)=0,0,'4月'!C42-SUMIF('5月'!$V$30:$V$216,'5月'!$B42,'5月'!$U$30:$U$216)+SUMIF('5月'!$L$30:$L$75,'5月'!$B42,'5月'!$K$30:$K$75)-SUMIF('5月'!$J$85:$J$99,'5月'!$B42,'5月'!$K$85:$K$99)+SUMIF('5月'!$L$85:$L$99,'5月'!$B42,'5月'!$N$85:$N$99)),0) -> 0 | M42: =IFERROR(VLOOKUP(L42,年度数据总览!$B$34:$C$51,2,FALSE),"") | W42: =IFERROR(VLOOKUP(V42,年度数据总览!$B$34:$C$51,2,FALSE),"")
B43: =IF(AND(年度数据总览!B47<>0),年度数据总览!B47,"") | C43: =IFERROR(IF('4月'!C43-SUMIF('5月'!$V$30:$V$216,'5月'!$B43,'5月'!$U$30:$U$216)+SUMIF('5月'!$L$30:$L$75,'5月'!$B43,'5月'!$K$30:$K$75)-SUMIF('5月'!$J$85:$J$99,'5月'!$B43,'5月'!$K$85:$K$99)+SUMIF('5月'!$L$85:$L$99,'5月'!$B43,'5月'!$N$85:$N$99)=0,0,'4月'!C43-SUMIF('5月'!$V$30:$V$216,'5月'!$B43,'5月'!$U$30:$U$216)+SUMIF('5月'!$L$30:$L$75,'5月'!$B43,'5月'!$K$30:$K$75)-SUMIF('5月'!$J$85:$J$99,'5月'!$B43,'5月'!$K$85:$K$99)+SUMIF('5月'!$L$85:$L$99,'5月'!$B43,'5月'!$N$85:$N$99)),0) -> 0 | M43: =IFERROR(VLOOKUP(L43,年度数据总览!$B$34:$C$51,2,FALSE),"") | W43: =IFERROR(VLOOKUP(V43,年度数据总览!$B$34:$C$51,2,FALSE),"")
... B73: =IF(AND(年度数据总览!B77<>0),年度数据总览!B77,"") | C73: =IFERROR(IF('4月'!C73-SUMIF('5月'!$V$30:$V$216,'5月'!$B73,'5月'!$U$30:$U$216)+SUMIF('5月'!$L$30:$L$75,'5月'!$B73,'5月'!$K$30:$K$75)-SUMIF('5月'!$J$85:$J$99,'5月'!$B73,'5月'!$K$85:$K$99)+SUMIF('5月'!$L$85:$L$99,'5月'!$B73,'5月'!$N$85:$N$99)=0,0,'4月'!C73-SUMIF('5月'!$V$30:$V$216,'5月'!$B73,'5月'!$U$30:$U$216)+SUMIF('5月'!$L$30:$L$75,'5月'!$B73,'5月'!$K$30:$K$75)-SUMIF('5月'!$J$85:$J$99,'5月'!$B73,'5月'!$K$85:$K$99)+SUMIF('5月'!$L$85:$L$99,'5月'!$B73,'5月'!$N$85:$N$99)),0) -> 0 | M73: =IFERROR(VLOOKUP(L73,年度数据总览!$B$34:$C$51,2,FALSE),"") | W73: =IFERROR(VLOOKUP(V73,年度数据总览!$B$34:$C$51,2,FALSE),"")
B74: =IF(AND(年度数据总览!B78<>0),年度数据总览!B78,"") | C74: =IFERROR(IF('4月'!C74-SUMIF('5月'!$V$30:$V$216,'5月'!$B74,'5月'!$U$30:$U$216)+SUMIF('5月'!$L$30:$L$75,'5月'!$B74,'5月'!$K$30:$K$75)-SUMIF('5月'!$J$85:$J$99,'5月'!$B74,'5月'!$K$85:$K$99)+SUMIF('5月'!$L$85:$L$99,'5月'!$B74,'5月'!$N$85:$N$99)=0,0,'4月'!C74-SUMIF('5月'!$V$30:$V$216,'5月'!$B74,'5月'!$U$30:$U$216)+SUMIF('5月'!$L$30:$L$75,'5月'!$B74,'5月'!$K$30:$K$75)-SUMIF('5月'!$J$85:$J$99,'5月'!$B74,'5月'!$K$85:$K$99)+SUMIF('5月'!$L$85:$L$99,'5月'!$B74,'5月'!$N$85:$N$99)),0) -> 0 | M74: =IFERROR(VLOOKUP(L74,年度数据总览!$B$34:$C$51,2,FALSE),"") | W74: =IFERROR(VLOOKUP(V74,年度数据总览!$B$34:$C$51,2,FALSE),"") | AA74: 如需空白处新增内容，请在此行之下进行新增编辑，以免与其它数据产生冲突
B75: 汇总 | C75: =SUBTOTAL(109,C30:C74) -> 16000 | W75: =IFERROR(VLOOKUP(V75,年度数据总览!$B$34:$C$51,2,FALSE),"")
W76: =IFERROR(VLOOKUP(V76,年度数据总览!$B$34:$C$51,2,FALSE),"")
W77: =IFERROR(VLOOKUP(V77,年度数据总览!$B$34:$C$51,2,FALSE),"")
W78: =IFERROR(VLOOKUP(V78,年度数据总览!$B$34:$C$51,2,FALSE),"")
W79: =IFERROR(VLOOKUP(V79,年度数据总览!$B$34:$C$51,2,FALSE),"")
W80: =IFERROR(VLOOKUP(V80,年度数据总览!$B$34:$C$51,2,FALSE),"")
G81: 账户内互转/还款记录 | J81: 账户内互转 | L81: 日常消费还款 | N81: 还贷/还债 | W81: =IFERROR(VLOOKUP(V81,年度数据总览!$B$34:$C$51,2,FALSE),"")
J82: =SUMIF(表8_303666[项目大类],J81,表8_303666[转出金额]) -> 0 | L82: =SUMIF(表8_303666[项目大类],L81,表8_303666[转出金额]) -> 0 | N82: =SUMIF(表8_303666[项目大类],N81,表8_303666[转出金额]) -> 0 | W82: =IFERROR(VLOOKUP(V82,年度数据总览!$B$34:$C$51,2,FALSE),"")
G83: 手动填写 | H83: 下拉筛选 | I83: 手动填写 | J83: 下拉筛选 | K83: 手动填写 | L83: 下拉筛选 | M83: 自动生成 | N83: 自动生成 | O83: 手动填写 | W83: =IFERROR(VLOOKUP(V83,年度数据总览!$B$34:$C$51,2,FALSE),"")
G84: 日期 | H84: 项目大类 | I84: 项目细项 | J84: 转出账户 | K84: 转出金额 | L84: 转入账户 | M84: 账户大类 | N84: 转入金额 | O84: 归属方 | W84: =IFERROR(VLOOKUP(V84,年度数据总览!$B$34:$C$51,2,FALSE),"")
M85: =IFERROR(VLOOKUP(L85,年度数据总览!$B$34:$C$51,2,FALSE),"") | N85: =IF(表8_303666[[#This Row],[转出金额]]=0,"",表8_303666[[#This Row],[转出金额]]) | W85: =IFERROR(VLOOKUP(V85,年度数据总览!$B$34:$C$51,2,FALSE),"")
M86: =IFERROR(VLOOKUP(L86,年度数据总览!$B$34:$C$51,2,FALSE),"") | N86: =IF(表8_303666[[#This Row],[转出金额]]=0,"",表8_303666[[#This Row],[转出金额]]) | W86: =IFERROR(VLOOKUP(V86,年度数据总览!$B$34:$C$51,2,FALSE),"")
M87: =IFERROR(VLOOKUP(L87,年度数据总览!$B$34:$C$51,2,FALSE),"") | N87: =IF(表8_303666[[#This Row],[转出金额]]=0,"",表8_303666[[#This Row],[转出金额]]) | W87: =IFERROR(VLOOKUP(V87,年度数据总览!$B$34:$C$51,2,FALSE),"")
M88: =IFERROR(VLOOKUP(L88,年度数据总览!$B$34:$C$51,2,FALSE),"") | N88: =IF(表8_303666[[#This Row],[转出金额]]=0,"",表8_303666[[#This Row],[转出金额]]) | W88: =IFERROR(VLOOKUP(V88,年度数据总览!$B$34:$C$51,2,FALSE),"")
M89: =IFERROR(VLOOKUP(L89,年度数据总览!$B$34:$C$51,2,FALSE),"") | N89: =IF(表8_303666[[#This Row],[转出金额]]=0,"",表8_303666[[#This Row],[转出金额]]) | W89: =IFERROR(VLOOKUP(V89,年度数据总览!$B$34:$C$51,2,FALSE),"")
M90: =IFERROR(VLOOKUP(L90,年度数据总览!$B$34:$C$51,2,FALSE),"") | N90: =IF(表8_303666[[#This Row],[转出金额]]=0,"",表8_303666[[#This Row],[转出金额]]) | W90: =IFERROR(VLOOKUP(V90,年度数据总览!$B$34:$C$51,2,FALSE),"")
M91: =IFERROR(VLOOKUP(L91,年度数据总览!$B$34:$C$51,2,FALSE),"") | N91: =IF(表8_303666[[#This Row],[转出金额]]=0,"",表8_303666[[#This Row],[转出金额]]) | W91: =IFERROR(VLOOKUP(V91,年度数据总览!$B$34:$C$51,2,FALSE),"")
M92: =IFERROR(VLOOKUP(L92,年度数据总览!$B$34:$C$51,2,FALSE),"") | N92: =IF(表8_303666[[#This Row],[转出金额]]=0,"",表8_303666[[#This Row],[转出金额]]) | W92: =IFERROR(VLOOKUP(V92,年度数据总览!$B$34:$C$51,2,FALSE),"")
M93: =IFERROR(VLOOKUP(L93,年度数据总览!$B$34:$C$51,2,FALSE),"") | N93: =IF(表8_303666[[#This Row],[转出金额]]=0,"",表8_303666[[#This Row],[转出金额]]) | W93: =IFERROR(VLOOKUP(V93,年度数据总览!$B$34:$C$51,2,FALSE),"")
M94: =IFERROR(VLOOKUP(L94,年度数据总览!$B$34:$C$51,2,FALSE),"") | N94: =IF(表8_303666[[#This Row],[转出金额]]=0,"",表8_303666[[#This Row],[转出金额]]) | W94: =IFERROR(VLOOKUP(V94,年度数据总览!$B$34:$C$51,2,FALSE),"")
M95: =IFERROR(VLOOKUP(L95,年度数据总览!$B$34:$C$51,2,FALSE),"") | N95: =IF(表8_303666[[#This Row],[转出金额]]=0,"",表8_303666[[#This Row],[转出金额]]) | W95: =IFERROR(VLOOKUP(V95,年度数据总览!$B$34:$C$51,2,FALSE),"")
M96: =IFERROR(VLOOKUP(L96,年度数据总览!$B$34:$C$51,2,FALSE),"") | N96: =IF(表8_303666[[#This Row],[转出金额]]=0,"",表8_303666[[#This Row],[转出金额]]) | W96: =IFERROR(VLOOKUP(V96,年度数据总览!$B$34:$C$51,2,FALSE),"")
... M99: =IFERROR(VLOOKUP(L99,年度数据总览!$B$34:$C$51,2,FALSE),"") | N99: =IF(表8_303666[[#This Row],[转出金额]]=0,"",表8_303666[[#This Row],[转出金额]]) | W99: =IFERROR(VLOOKUP(V99,年度数据总览!$B$34:$C$51,2,FALSE),"")
W100: =IFERROR(VLOOKUP(V100,年度数据总览!$B$34:$C$51,2,FALSE),"")
W101: =IFERROR(VLOOKUP(V101,年度数据总览!$B$34:$C$51,2,FALSE),"")
W102: =IFERROR(VLOOKUP(V102,年度数据总览!$B$34:$C$51,2,FALSE),"")
W103: =IFERROR(VLOOKUP(V103,年度数据总览!$B$34:$C$51,2,FALSE),"")
W104: =IFERROR(VLOOKUP(V104,年度数据总览!$B$34:$C$51,2,FALSE),"")
W105: =IFERROR(VLOOKUP(V105,年度数据总览!$B$34:$C$51,2,FALSE),"")
G106: 收入大类 | H106: 金额 | I106: 收入细项 | J106: 金额2 | L106: 支出大类 | M106: 金额 | N106: 支出细项 | O106: 金额 | W106: =IFERROR(VLOOKUP(V106,年度数据总览!$B$34:$C$51,2,FALSE),"")
G107: =IF(AND(年度数据总览!H33<>0),年度数据总览!H33,"") -> 固定收入 | H107: =IF(SUMIF($H$30:$H$75,G107,$K$30:$K$75)=0,"",SUMIF($H$30:$H$75,G107,$K$30:$K$75)) | I107: =IF(AND(年度数据总览!J33<>0),年度数据总览!J33,"") -> 副业 | J107: =IF(SUMIF($I$30:$I$75,I107,$K$30:$K$75)=0,"",SUMIF($I$30:$I$75,I107,$K$30:$K$75)) | L107: =IF(AND(年度数据总览!N33<>0),年度数据总览!N33,"") -> 食 | M107: =IF(SUMIF($R$30:$R$250,L107,$U$30:$U$250)=0,"",SUMIF($R$30:$R$250,L107,$U$30:$U$250)) | N107: =IF(AND(年度数据总览!P33<>0),年度数据总览!P33,"") -> 买菜 | O107: =IF(SUMIF($S$30:$S$250,N107,$U$30:$U$250)=0,"",SUMIF($S$30:$S$250,N107,$U$30:$U$250)) | W107: =IFERROR(VLOOKUP(V107,年度数据总览!$B$34:$C$51,2,FALSE),"")
G108: =IF(AND(年度数据总览!H34<>0),年度数据总览!H34,"") -> 其它收入 | H108: =IF(SUMIF($H$30:$H$75,G108,$K$30:$K$75)=0,"",SUMIF($H$30:$H$75,G108,$K$30:$K$75)) | I108: =IF(AND(年度数据总览!J34<>0),年度数据总览!J34,"") -> 工作薪资 | J108: =IF(SUMIF($I$30:$I$75,I108,$K$30:$K$75)=0,"",SUMIF($I$30:$I$75,I108,$K$30:$K$75)) | L108: =IF(AND(年度数据总览!N34<>0),年度数据总览!N34,"") -> 衣 | M108: =IF(SUMIF($R$30:$R$250,L108,$U$30:$U$250)=0,"",SUMIF($R$30:$R$250,L108,$U$30:$U$250)) | N108: =IF(AND(年度数据总览!P34<>0),年度数据总览!P34,"") -> 外食 | O108: =IF(SUMIF($S$30:$S$250,N108,$U$30:$U$250)=0,"",SUMIF($S$30:$S$250,N108,$U$30:$U$250)) | W108: =IFERROR(VLOOKUP(V108,年度数据总览!$B$34:$C$51,2,FALSE),"")
G109: =IF(AND(年度数据总览!H35<>0),年度数据总览!H35,"") -> 借款归还 | H109: =IF(SUMIF($H$30:$H$75,G109,$K$30:$K$75)=0,"",SUMIF($H$30:$H$75,G109,$K$30:$K$75)) | I109: =IF(AND(年度数据总览!J35<>0),年度数据总览!J35,"") -> 红包 | J109: =IF(SUMIF($I$30:$I$75,I109,$K$30:$K$75)=0,"",SUMIF($I$30:$I$75,I109,$K$30:$K$75)) | L109: =IF(AND(年度数据总览!N35<>0),年度数据总览!N35,"") -> 住 | M109: =IF(SUMIF($R$30:$R$250,L109,$U$30:$U$250)=0,"",SUMIF($R$30:$R$250,L109,$U$30:$U$250)) | N109: =IF(AND(年度数据总览!P35<>0),年度数据总览!P35,"") -> 零食饮品 | O109: =IF(SUMIF($S$30:$S$250,N109,$U$30:$U$250)=0,"",SUMIF($S$30:$S$250,N109,$U$30:$U$250)) | W109: =IFERROR(VLOOKUP(V109,年度数据总览!$B$34:$C$51,2,FALSE),"")
G110: =IF(AND(年度数据总览!H36<>0),年度数据总览!H36,"") | H110: =IF(SUMIF($H$30:$H$75,G110,$K$30:$K$75)=0,"",SUMIF($H$30:$H$75,G110,$K$30:$K$75)) | I110: =IF(AND(年度数据总览!J36<>0),年度数据总览!J36,"") -> 退费 | J110: =IF(SUMIF($I$30:$I$75,I110,$K$30:$K$75)=0,"",SUMIF($I$30:$I$75,I110,$K$30:$K$75)) | L110: =IF(AND(年度数据总览!N36<>0),年度数据总览!N36,"") -> 行 | M110: =IF(SUMIF($R$30:$R$250,L110,$U$30:$U$250)=0,"",SUMIF($R$30:$R$250,L110,$U$30:$U$250)) | N110: =IF(AND(年度数据总览!P36<>0),年度数据总览!P36,"") -> 服饰鞋包 | O110: =IF(SUMIF($S$30:$S$250,N110,$U$30:$U$250)=0,"",SUMIF($S$30:$S$250,N110,$U$30:$U$250)) | W110: =IFERROR(VLOOKUP(V110,年度数据总览!$B$34:$C$51,2,FALSE),"")
G111: =IF(AND(年度数据总览!H37<>0),年度数据总览!H37,"") | H111: =IF(SUMIF($H$30:$H$75,G111,$K$30:$K$75)=0,"",SUMIF($H$30:$H$75,G111,$K$30:$K$75)) | I111: =IF(AND(年度数据总览!J37<>0),年度数据总览!J37,"") -> 报销 | J111: =IF(SUMIF($I$30:$I$75,I111,$K$30:$K$75)=0,"",SUMIF($I$30:$I$75,I111,$K$30:$K$75)) | L111: =IF(AND(年度数据总览!N37<>0),年度数据总览!N37,"") -> 娱与学 | M111: =IF(SUMIF($R$30:$R$250,L111,$U$30:$U$250)=0,"",SUMIF($R$30:$R$250,L111,$U$30:$U$250)) | N111: =IF(AND(年度数据总览!P37<>0),年度数据总览!P37,"") -> 个护美容 | O111: =IF(SUMIF($S$30:$S$250,N111,$U$30:$U$250)=0,"",SUMIF($S$30:$S$250,N111,$U$30:$U$250)) | W111: =IFERROR(VLOOKUP(V111,年度数据总览!$B$34:$C$51,2,FALSE),"")
G112: =IF(AND(年度数据总览!H38<>0),年度数据总览!H38,"") | H112: =IF(SUMIF($H$30:$H$75,G112,$K$30:$K$75)=0,"",SUMIF($H$30:$H$75,G112,$K$30:$K$75)) | I112: =IF(AND(年度数据总览!J38<>0),年度数据总览!J38,"") | J112: =IF(SUMIF($I$30:$I$75,I112,$K$30:$K$75)=0,"",SUMIF($I$30:$I$75,I112,$K$30:$K$75)) | L112: =IF(AND(年度数据总览!N38<>0),年度数据总览!N38,"") -> 情感社交 | M112: =IF(SUMIF($R$30:$R$250,L112,$U$30:$U$250)=0,"",SUMIF($R$30:$R$250,L112,$U$30:$U$250)) | N112: =IF(AND(年度数据总览!P38<>0),年度数据总览!P38,"") -> 房租/房贷 | O112: =IF(SUMIF($S$30:$S$250,N112,$U$30:$U$250)=0,"",SUMIF($S$30:$S$250,N112,$U$30:$U$250)) | W112: =IFERROR(VLOOKUP(V112,年度数据总览!$B$34:$C$51,2,FALSE),"")
G113: =IF(AND(年度数据总览!H39<>0),年度数据总览!H39,"") | H113: =IF(SUMIF($H$30:$H$75,G113,$K$30:$K$75)=0,"",SUMIF($H$30:$H$75,G113,$K$30:$K$75)) | I113: =IF(AND(年度数据总览!J39<>0),年度数据总览!J39,"") | J113: =IF(SUMIF($I$30:$I$75,I113,$K$30:$K$75)=0,"",SUMIF($I$30:$I$75,I113,$K$30:$K$75)) | L113: =IF(AND(年度数据总览!N39<>0),年度数据总览!N39,"") -> 医疗 | M113: =IF(SUMIF($R$30:$R$250,L113,$U$30:$U$250)=0,"",SUMIF($R$30:$R$250,L113,$U$30:$U$250)) | N113: =IF(AND(年度数据总览!P39<>0),年度数据总览!P39,"") -> 水电燃气 | O113: =IF(SUMIF($S$30:$S$250,N113,$U$30:$U$250)=0,"",SUMIF($S$30:$S$250,N113,$U$30:$U$250)) | W113: =IFERROR(VLOOKUP(V113,年度数据总览!$B$34:$C$51,2,FALSE),"")
G114: =IF(AND(年度数据总览!H40<>0),年度数据总览!H40,"") | H114: =IF(SUMIF($H$30:$H$75,G114,$K$30:$K$75)=0,"",SUMIF($H$30:$H$75,G114,$K$30:$K$75)) | I114: =IF(AND(年度数据总览!J40<>0),年度数据总览!J40,"") | J114: =IF(SUMIF($I$30:$I$75,I114,$K$30:$K$75)=0,"",SUMIF($I$30:$I$75,I114,$K$30:$K$75)) | L114: =IF(AND(年度数据总览!N40<>0),年度数据总览!N40,"") -> 金融往来 | M114: =IF(SUMIF($R$30:$R$250,L114,$U$30:$U$250)=0,"",SUMIF($R$30:$R$250,L114,$U$30:$U$250)) | N114: =IF(AND(年度数据总览!P40<>0),年度数据总览!P40,"") -> 网络通讯 | O114: =IF(SUMIF($S$30:$S$250,N114,$U$30:$U$250)=0,"",SUMIF($S$30:$S$250,N114,$U$30:$U$250)) | W114: =IFERROR(VLOOKUP(V114,年度数据总览!$B$34:$C$51,2,FALSE),"")
G115: =IF(AND(年度数据总览!H41<>0),年度数据总览!H41,"") | H115: =IF(SUMIF($H$30:$H$75,G115,$K$30:$K$75)=0,"",SUMIF($H$30:$H$75,G115,$K$30:$K$75)) | I115: =IF(AND(年度数据总览!J41<>0),年度数据总览!J41,"") | J115: =IF(SUMIF($I$30:$I$75,I115,$K$30:$K$75)=0,"",SUMIF($I$30:$I$75,I115,$K$30:$K$75)) | L115: =IF(AND(年度数据总览!N41<>0),年度数据总览!N41,"") -> 其他杂项 | M115: =IF(SUMIF($R$30:$R$250,L115,$U$30:$U$250)=0,"",SUMIF($R$30:$R$250,L115,$U$30:$U$250)) | N115: =IF(AND(年度数据总览!P41<>0),年度数据总览!P41,"") -> 家居日用 | O115: =IF(SUMIF($S$30:$S$250,N115,$U$30:$U$250)=0,"",SUMIF($S$30:$S$250,N115,$U$30:$U$250)) | W115: =IFERROR(VLOOKUP(V115,年度数据总览!$B$34:$C$51,2,FALSE),"")
G116: =IF(AND(年度数据总览!H42<>0),年度数据总览!H42,"") | H116: =IF(SUMIF($H$30:$H$75,G116,$K$30:$K$75)=0,"",SUMIF($H$30:$H$75,G116,$K$30:$K$75)) | I116: =IF(AND(年度数据总览!J42<>0),年度数据总览!J42,"") | J116: =IF(SUMIF($I$30:$I$75,I116,$K$30:$K$75)=0,"",SUMIF($I$30:$I$75,I116,$K$30:$K$75)) | L116: =IF(AND(年度数据总览!N42<>0),年度数据总览!N42,"") | M116: =IF(SUMIF($R$30:$R$250,L116,$U$30:$U$250)=0,"",SUMIF($R$30:$R$250,L116,$U$30:$U$250)) | N116: =IF(AND(年度数据总览!P42<>0),年度数据总览!P42,"") -> 住宿 | O116: =IF(SUMIF($S$30:$S$250,N116,$U$30:$U$250)=0,"",SUMIF($S$30:$S$250,N116,$U$30:$U$250)) | W116: =IFERROR(VLOOKUP(V116,年度数据总览!$B$34:$C$51,2,FALSE),"")
G117: =IF(AND(年度数据总览!H43<>0),年度数据总览!H43,"") | H117: =IF(SUMIF($H$30:$H$75,G117,$K$30:$K$75)=0,"",SUMIF($H$30:$H$75,G117,$K$30:$K$75)) | I117: =IF(AND(年度数据总览!J43<>0),年度数据总览!J43,"") | J117: =IF(SUMIF($I$30:$I$75,I117,$K$30:$K$75)=0,"",SUMIF($I$30:$I$75,I117,$K$30:$K$75)) | L117: =IF(AND(年度数据总览!N43<>0),年度数据总览!N43,"") | M117: =IF(SUMIF($R$30:$R$250,L117,$U$30:$U$250)=0,"",SUMIF($R$30:$R$250,L117,$U$30:$U$250)) | N117: =IF(AND(年度数据总览!P43<>0),年度数据总览!P43,"") -> 公共交通 | O117: =IF(SUMIF($S$30:$S$250,N117,$U$30:$U$250)=0,"",SUMIF($S$30:$S$250,N117,$U$30:$U$250)) | W117: =IFERROR(VLOOKUP(V117,年度数据总览!$B$34:$C$51,2,FALSE),"")
G118: =IF(AND(年度数据总览!H44<>0),年度数据总览!H44,"") | H118: =IF(SUMIF($H$30:$H$75,G118,$K$30:$K$75)=0,"",SUMIF($H$30:$H$75,G118,$K$30:$K$75)) | I118: =IF(AND(年度数据总览!J44<>0),年度数据总览!J44,"") | J118: =IF(SUMIF($I$30:$I$75,I118,$K$30:$K$75)=0,"",SUMIF($I$30:$I$75,I118,$K$30:$K$75)) | L118: =IF(AND(年度数据总览!N44<>0),年度数据总览!N44,"") | M118: =IF(SUMIF($R$30:$R$250,L118,$U$30:$U$250)=0,"",SUMIF($R$30:$R$250,L118,$U$30:$U$250)) | N118: =IF(AND(年度数据总览!P44<>0),年度数据总览!P44,"") -> 打车/租车 | O118: =IF(SUMIF($S$30:$S$250,N118,$U$30:$U$250)=0,"",SUMIF($S$30:$S$250,N118,$U$30:$U$250)) | W118: =IFERROR(VLOOKUP(V118,年度数据总览!$B$34:$C$51,2,FALSE),"")
... G128: =IF(AND(年度数据总览!H54<>0),年度数据总览!H54,"") | H128: =IF(SUMIF($H$30:$H$75,G128,$K$30:$K$75)=0,"",SUMIF($H$30:$H$75,G128,$K$30:$K$75)) | I128: =IF(AND(年度数据总览!J54<>0),年度数据总览!J54,"") | J128: =IF(SUMIF($I$30:$I$75,I128,$K$30:$K$75)=0,"",SUMIF($I$30:$I$75,I128,$K$30:$K$75)) | L128: =IF(AND(年度数据总览!N54<>0),年度数据总览!N54,"") | M128: =IF(SUMIF($R$30:$R$250,L128,$U$30:$U$250)=0,"",SUMIF($R$30:$R$250,L128,$U$30:$U$250)) | N128: =IF(AND(年度数据总览!P54<>0),年度数据总览!P54,"") -> 公益 | O128: =IF(SUMIF($S$30:$S$250,N128,$U$30:$U$250)=0,"",SUMIF($S$30:$S$250,N128,$U$30:$U$250)) | W128: =IFERROR(VLOOKUP(V128,年度数据总览!$B$34:$C$51,2,FALSE),"")
L129: =IF(AND(年度数据总览!N55<>0),年度数据总览!N55,"") | M129: =IF(SUMIF($R$30:$R$250,L129,$U$30:$U$250)=0,"",SUMIF($R$30:$R$250,L129,$U$30:$U$250)) | N129: =IF(AND(年度数据总览!P55<>0),年度数据总览!P55,"") -> 看病/买药 | O129: =IF(SUMIF($S$30:$S$250,N129,$U$30:$U$250)=0,"",SUMIF($S$30:$S$250,N129,$U$30:$U$250)) | W129: =IFERROR(VLOOKUP(V129,年度数据总览!$B$34:$C$51,2,FALSE),"")
L130: =IF(AND(年度数据总览!N56<>0),年度数据总览!N56,"") | M130: =IF(SUMIF($R$30:$R$250,L130,$U$30:$U$250)=0,"",SUMIF($R$30:$R$250,L130,$U$30:$U$250)) | N130: =IF(AND(年度数据总览!P56<>0),年度数据总览!P56,"") -> 体检 | O130: =IF(SUMIF($S$30:$S$250,N130,$U$30:$U$250)=0,"",SUMIF($S$30:$S$250,N130,$U$30:$U$250)) | W130: =IFERROR(VLOOKUP(V130,年度数据总览!$B$34:$C$51,2,FALSE),"")
L131: =IF(AND(年度数据总览!N57<>0),年度数据总览!N57,"") | M131: =IF(SUMIF($R$30:$R$250,L131,$U$30:$U$250)=0,"",SUMIF($R$30:$R$250,L131,$U$30:$U$250)) | N131: =IF(AND(年度数据总览!P57<>0),年度数据总览!P57,"") -> 还贷/还债 | O131: =IF(SUMIF($S$30:$S$250,N131,$U$30:$U$250)=0,"",SUMIF($S$30:$S$250,N131,$U$30:$U$250)) | W131: =IFERROR(VLOOKUP(V131,年度数据总览!$B$34:$C$51,2,FALSE),"")
L132: =IF(AND(年度数据总览!N58<>0),年度数据总览!N58,"") | M132: =IF(SUMIF($R$30:$R$250,L132,$U$30:$U$250)=0,"",SUMIF($R$30:$R$250,L132,$U$30:$U$250)) | N132: =IF(AND(年度数据总览!P58<>0),年度数据总览!P58,"") -> 借款给他人 | O132: =IF(SUMIF($S$30:$S$250,N132,$U$30:$U$250)=0,"",SUMIF($S$30:$S$250,N132,$U$30:$U$250)) | W132: =IFERROR(VLOOKUP(V132,年度数据总览!$B$34:$C$51,2,FALSE),"")
L133: =IF(AND(年度数据总览!N59<>0),年度数据总览!N59,"") | M133: =IF(SUMIF($R$30:$R$250,L133,$U$30:$U$250)=0,"",SUMIF($R$30:$R$250,L133,$U$30:$U$250)) | N133: =IF(AND(年度数据总览!P59<>0),年度数据总览!P59,"") -> 手续费 | O133: =IF(SUMIF($S$30:$S$250,N133,$U$30:$U$250)=0,"",SUMIF($S$30:$S$250,N133,$U$30:$U$250)) | W133: =IFERROR(VLOOKUP(V133,年度数据总览!$B$34:$C$51,2,FALSE),"")
L134: =IF(AND(年度数据总览!N60<>0),年度数据总览!N60,"") | M134: =IF(SUMIF($R$30:$R$250,L134,$U$30:$U$250)=0,"",SUMIF($R$30:$R$250,L134,$U$30:$U$250)) | N134: =IF(AND(年度数据总览!P60<>0),年度数据总览!P60,"") -> 罚款 | O134: =IF(SUMIF($S$30:$S$250,N134,$U$30:$U$250)=0,"",SUMIF($S$30:$S$250,N134,$U$30:$U$250)) | W134: =IFERROR(VLOOKUP(V134,年度数据总览!$B$34:$C$51,2,FALSE),"")
L135: =IF(AND(年度数据总览!N61<>0),年度数据总览!N61,"") | M135: =IF(SUMIF($R$30:$R$250,L135,$U$30:$U$250)=0,"",SUMIF($R$30:$R$250,L135,$U$30:$U$250)) | N135: =IF(AND(年度数据总览!P61<>0),年度数据总览!P61,"") -> 其他 | O135: =IF(SUMIF($S$30:$S$250,N135,$U$30:$U$250)=0,"",SUMIF($S$30:$S$250,N135,$U$30:$U$250)) | W135: =IFERROR(VLOOKUP(V135,年度数据总览!$B$34:$C$51,2,FALSE),"")
L136: =IF(AND(年度数据总览!N62<>0),年度数据总览!N62,"") | M136: =IF(SUMIF($R$30:$R$250,L136,$U$30:$U$250)=0,"",SUMIF($R$30:$R$250,L136,$U$30:$U$250)) | N136: =IF(AND(年度数据总览!P62<>0),年度数据总览!P62,"") | O136: =IF(SUMIF($S$30:$S$250,N136,$U$30:$U$250)=0,"",SUMIF($S$30:$S$250,N136,$U$30:$U$250)) | W136: =IFERROR(VLOOKUP(V136,年度数据总览!$B$34:$C$51,2,FALSE),"")
L137: =IF(AND(年度数据总览!N63<>0),年度数据总览!N63,"") | M137: =IF(SUMIF($R$30:$R$250,L137,$U$30:$U$250)=0,"",SUMIF($R$30:$R$250,L137,$U$30:$U$250)) | N137: =IF(AND(年度数据总览!P63<>0),年度数据总览!P63,"") | O137: =IF(SUMIF($S$30:$S$250,N137,$U$30:$U$250)=0,"",SUMIF($S$30:$S$250,N137,$U$30:$U$250)) | W137: =IFERROR(VLOOKUP(V137,年度数据总览!$B$34:$C$51,2,FALSE),"")
L138: =IF(AND(年度数据总览!N64<>0),年度数据总览!N64,"") | M138: =IF(SUMIF($R$30:$R$250,L138,$U$30:$U$250)=0,"",SUMIF($R$30:$R$250,L138,$U$30:$U$250)) | N138: =IF(AND(年度数据总览!P64<>0),年度数据总览!P64,"") | O138: =IF(SUMIF($S$30:$S$250,N138,$U$30:$U$250)=0,"",SUMIF($S$30:$S$250,N138,$U$30:$U$250)) | W138: =IFERROR(VLOOKUP(V138,年度数据总览!$B$34:$C$51,2,FALSE),"")
L139: =IF(AND(年度数据总览!N65<>0),年度数据总览!N65,"") | M139: =IF(SUMIF($R$30:$R$250,L139,$U$30:$U$250)=0,"",SUMIF($R$30:$R$250,L139,$U$30:$U$250)) | N139: =IF(AND(年度数据总览!P65<>0),年度数据总览!P65,"") | O139: =IF(SUMIF($S$30:$S$250,N139,$U$30:$U$250)=0,"",SUMIF($S$30:$S$250,N139,$U$30:$U$250)) | W139: =IFERROR(VLOOKUP(V139,年度数据总览!$B$34:$C$51,2,FALSE),"")
L140: =IF(AND(年度数据总览!N66<>0),年度数据总览!N66,"") | M140: =IF(SUMIF($R$30:$R$250,L140,$U$30:$U$250)=0,"",SUMIF($R$30:$R$250,L140,$U$30:$U$250)) | N140: =IF(AND(年度数据总览!P66<>0),年度数据总览!P66,"") | O140: =IF(SUMIF($S$30:$S$250,N140,$U$30:$U$250)=0,"",SUMIF($S$30:$S$250,N140,$U$30:$U$250)) | W140: =IFERROR(VLOOKUP(V140,年度数据总览!$B$34:$C$51,2,FALSE),"")
... L153: =IF(AND(年度数据总览!N79<>0),年度数据总览!N79,"") | M153: =IF(SUMIF($R$30:$R$250,L153,$U$30:$U$250)=0,"",SUMIF($R$30:$R$250,L153,$U$30:$U$250)) | N153: =IF(AND(年度数据总览!P79<>0),年度数据总览!P79,"") | O153: =IF(SUMIF($S$30:$S$250,N153,$U$30:$U$250)=0,"",SUMIF($S$30:$S$250,N153,$U$30:$U$250)) | W153: =IFERROR(VLOOKUP(V153,年度数据总览!$B$34:$C$51,2,FALSE),"")
W154: =IFERROR(VLOOKUP(V154,年度数据总览!$B$34:$C$51,2,FALSE),"")
W155: =IFERROR(VLOOKUP(V155,年度数据总览!$B$34:$C$51,2,FALSE),"")
W156: =IFERROR(VLOOKUP(V156,年度数据总览!$B$34:$C$51,2,FALSE),"")
W157: =IFERROR(VLOOKUP(V157,年度数据总览!$B$34:$C$51,2,FALSE),"")
W158: =IFERROR(VLOOKUP(V158,年度数据总览!$B$34:$C$51,2,FALSE),"")
W159: =IFERROR(VLOOKUP(V159,年度数据总览!$B$34:$C$51,2,FALSE),"")
W160: =IFERROR(VLOOKUP(V160,年度数据总览!$B$34:$C$51,2,FALSE),"")
W161: =IFERROR(VLOOKUP(V161,年度数据总览!$B$34:$C$51,2,FALSE),"")
W162: =IFERROR(VLOOKUP(V162,年度数据总览!$B$34:$C$51,2,FALSE),"")
W163: =IFERROR(VLOOKUP(V163,年度数据总览!$B$34:$C$51,2,FALSE),"")
W164: =IFERROR(VLOOKUP(V164,年度数据总览!$B$34:$C$51,2,FALSE),"")
W165: =IFERROR(VLOOKUP(V165,年度数据总览!$B$34:$C$51,2,FALSE),"")
... W212: =IFERROR(VLOOKUP(V212,年度数据总览!$B$34:$C$51,2,FALSE),"")

Sheet 6月
B2: =$B$5&"月账单" -> 6月账单
B5: 6 | G5: 本月总收入 | I5: 本月总支出 | K5: 本月结余 | M5: 月末余额
G6: =I25 -> 0 | I6: =S25 -> 0 | K6: =G6-I6 -> 0 | M6: =SUM(K6,'5月'!M6) -> 16000
B7: ="今日是"&TEXT(TODAY(),"yyyy年m月d日") -> 今日是2026年10月25日
B8: 距离 | C8: =TEXT(TODAY(),"yyyy年") -> 2026年
B9: 结束还有 | C9: =DATEDIF(TODAY(),DATE((YEAR(TODAY())),12,31),"d") -> 67 | G9: 最大一笔收入细项 | H9: ="最大一笔"&G10&"金额" -> 最大一笔待填入金额 | J9: 对应日期 | K9: 最大一笔日常支出细项 | M9: ="最大一笔"&K10&"金额" -> 最大一笔待填入金额 | O9: 对应日期 | Q9: 最大支出使用人 | S9: =S6&"支出总额" -> 支出总额
G10: =IFERROR(INDEX(表6_102323364[收入细项],MATCH(MAX(表6_102323364[金额]),表6_102323364[金额],0)),"待填入") -> 待填入 | H10: =IFERROR(MAX(表6_102323364[金额]),0) -> 0 | J10: =IFERROR(INDEX(表6_102323364[日期],MATCH(MAX(表6_102323364[金额]),表6_102323364[金额],0)),"待填入") -> 待填入 | K10: =IFERROR(INDEX(表6_3313461[支出细项],MATCH(MAX(表6_3313461[金额]),表6_3313461[金额],0)),"待填入") -> 待填入 | M10: =IFERROR(MAX(表6_3313461[金额]),0) -> 0 | O10: =IFERROR(INDEX(表6_3313461[日期],MATCH(MAX(表6_3313461[金额]),表6_3313461[金额],0)),"待填入") -> 待填入 | Q10: =IFERROR(INDEX(AD30:AD73,MATCH(MAX(AE30:AE73),AE30:AE73,0)),"待填入") -> 待填入 | S10: =IFERROR(MAX(AE30:AE73),0) -> 0
G25: 本月总收入 | I25: =SUM(表6_102323364[金额]) -> 0 | Q25: 本月总支出 | S25: =SUM(U30:U250) -> 0
AA26: 如需空白处新增内容，请在此行之上进行新增编辑，以免与其它数据产生冲突
I27: 1 | S27: 1
G28: 手动填写 | H28: 下拉筛选 | I28: 下拉筛选 | J28: 手动填写 | K28: 手动填写 | L28: 下拉筛选 | M28: 自动生成 | N28: 手动填写 | O28: 手动填写 | Q28: 手动填写 | R28: 下拉筛选 | S28: 下拉筛选 | T28: 手动填写 | U28: 手动填写 | V28: 下拉筛选 | W28: 自动生成 | X28: 手动填写 | Y28: 手动填写 | AA28: 收入大类筛选 | AD28: 支出使用人 | AG28: 支出大类 | AJ28: 支出细项
B29: 对账账户 | C29: 本月实时金额 | G29: 日期 | H29: 收入大类 | I29: 收入细项 | J29: 具体项目 | K29: 金额 | L29: 收入账户 | M29: 账户大类 | N29: 归属方 | O29: 备注 | Q29: 日期 | R29: 支出大类 | S29: 支出细项 | T29: 具体项目 | U29: 金额 | V29: 支出账户 | W29: 账户大类 | X29: 支出使用人 | Y29: 备注 | AA29: 收入大类 | AB29: 求和项:金额 | AD29: 支出使用人 | AE29: 求和项:金额 | AG29: 支出大类 | AH29: 求和项:金额 | AJ29: 支出细项 | AK29: 求和项:金额
B30: =IF(AND(年度数据总览!B34<>0),年度数据总览!B34,"") -> 余额宝 | C30: =IFERROR(IF('5月'!C30-SUMIF('6月'!$V$30:$V$216,'6月'!$B30,'6月'!$U$30:$U$216)+SUMIF('6月'!$L$30:$L$75,'6月'!$B30,'6月'!$K$30:$K$75)-SUMIF('6月'!$J$85:$J$99,'6月'!$B30,'6月'!$K$85:$K$99)+SUMIF('6月'!$L$85:$L$99,'6月'!$B30,'6月'!$N$85:$N$99)=0,0,'5月'!C30-SUMIF('6月'!$V$30:$V$216,'6月'!$B30,'6月'!$U$30:$U$216)+SUMIF('6月'!$L$30:$L$75,'6月'!$B30,'6月'!$K$30:$K$75)-SUMIF('6月'!$J$85:$J$99,'6月'!$B30,'6月'!$K$85:$K$99)+SUMIF('6月'!$L$85:$L$99,'6月'!$B30,'6月'!$N$85:$N$99)),0) -> 701 | M30: =IFERROR(VLOOKUP(L30,年度数据总览!$B$34:$C$51,2,FALSE),"") | W30: =IFERROR(VLOOKUP(V30,年度数据总览!$B$34:$C$51,2,FALSE),"") | AA30: (空白) | AD30: (空白) | AG30: (空白) | AJ30: (空白)
B31: =IF(AND(年度数据总览!B35<>0),年度数据总览!B35,"") -> 微信 | C31: =IFERROR(IF('5月'!C31-SUMIF('6月'!$V$30:$V$216,'6月'!$B31,'6月'!$U$30:$U$216)+SUMIF('6月'!$L$30:$L$75,'6月'!$B31,'6月'!$K$30:$K$75)-SUMIF('6月'!$J$85:$J$99,'6月'!$B31,'6月'!$K$85:$K$99)+SUMIF('6月'!$L$85:$L$99,'6月'!$B31,'6月'!$N$85:$N$99)=0,0,'5月'!C31-SUMIF('6月'!$V$30:$V$216,'6月'!$B31,'6月'!$U$30:$U$216)+SUMIF('6月'!$L$30:$L$75,'6月'!$B31,'6月'!$K$30:$K$75)-SUMIF('6月'!$J$85:$J$99,'6月'!$B31,'6月'!$K$85:$K$99)+SUMIF('6月'!$L$85:$L$99,'6月'!$B31,'6月'!$N$85:$N$99)),0) -> 2300 | M31: =IFERROR(VLOOKUP(L31,年度数据总览!$B$34:$C$51,2,FALSE),"") | W31: =IFERROR(VLOOKUP(V31,年度数据总览!$B$34:$C$51,2,FALSE),"") | AA31: 总计 | AG31: 总计 | AJ31: 总计
B32: =IF(AND(年度数据总览!B36<>0),年度数据总览!B36,"") -> 现金 | C32: =IFERROR(IF('5月'!C32-SUMIF('6月'!$V$30:$V$216,'6月'!$B32,'6月'!$U$30:$U$216)+SUMIF('6月'!$L$30:$L$75,'6月'!$B32,'6月'!$K$30:$K$75)-SUMIF('6月'!$J$85:$J$99,'6月'!$B32,'6月'!$K$85:$K$99)+SUMIF('6月'!$L$85:$L$99,'6月'!$B32,'6月'!$N$85:$N$99)=0,0,'5月'!C32-SUMIF('6月'!$V$30:$V$216,'6月'!$B32,'6月'!$U$30:$U$216)+SUMIF('6月'!$L$30:$L$75,'6月'!$B32,'6月'!$K$30:$K$75)-SUMIF('6月'!$J$85:$J$99,'6月'!$B32,'6月'!$K$85:$K$99)+SUMIF('6月'!$L$85:$L$99,'6月'!$B32,'6月'!$N$85:$N$99)),0) -> 3000 | M32: =IFERROR(VLOOKUP(L32,年度数据总览!$B$34:$C$51,2,FALSE),"") | W32: =IFERROR(VLOOKUP(V32,年度数据总览!$B$34:$C$51,2,FALSE),"")
B33: =IF(AND(年度数据总览!B37<>0),年度数据总览!B37,"") -> XX未还债务 | C33: =IFERROR(IF('5月'!C33-SUMIF('6月'!$V$30:$V$216,'6月'!$B33,'6月'!$U$30:$U$216)+SUMIF('6月'!$L$30:$L$75,'6月'!$B33,'6月'!$K$30:$K$75)-SUMIF('6月'!$J$85:$J$99,'6月'!$B33,'6月'!$K$85:$K$99)+SUMIF('6月'!$L$85:$L$99,'6月'!$B33,'6月'!$N$85:$N$99)=0,0,'5月'!C33-SUMIF('6月'!$V$30:$V$216,'6月'!$B33,'6月'!$U$30:$U$216)+SUMIF('6月'!$L$30:$L$75,'6月'!$B33,'6月'!$K$30:$K$75)-SUMIF('6月'!$J$85:$J$99,'6月'!$B33,'6月'!$K$85:$K$99)+SUMIF('6月'!$L$85:$L$99,'6月'!$B33,'6月'!$N$85:$N$99)),0) -> 3000 | M33: =IFERROR(VLOOKUP(L33,年度数据总览!$B$34:$C$51,2,FALSE),"") | W33: =IFERROR(VLOOKUP(V33,年度数据总览!$B$34:$C$51,2,FALSE),"")
B34: =IF(AND(年度数据总览!B38<>0),年度数据总览!B38,"") -> 中国银行 | C34: =IFERROR(IF('5月'!C34-SUMIF('6月'!$V$30:$V$216,'6月'!$B34,'6月'!$U$30:$U$216)+SUMIF('6月'!$L$30:$L$75,'6月'!$B34,'6月'!$K$30:$K$75)-SUMIF('6月'!$J$85:$J$99,'6月'!$B34,'6月'!$K$85:$K$99)+SUMIF('6月'!$L$85:$L$99,'6月'!$B34,'6月'!$N$85:$N$99)=0,0,'5月'!C34-SUMIF('6月'!$V$30:$V$216,'6月'!$B34,'6月'!$U$30:$U$216)+SUMIF('6月'!$L$30:$L$75,'6月'!$B34,'6月'!$K$30:$K$75)-SUMIF('6月'!$J$85:$J$99,'6月'!$B34,'6月'!$K$85:$K$99)+SUMIF('6月'!$L$85:$L$99,'6月'!$B34,'6月'!$N$85:$N$99)),0) -> 7000 | M34: =IFERROR(VLOOKUP(L34,年度数据总览!$B$34:$C$51,2,FALSE),"") | W34: =IFERROR(VLOOKUP(V34,年度数据总览!$B$34:$C$51,2,FALSE),"")
B35: =IF(AND(年度数据总览!B39<>0),年度数据总览!B39,"") -> 花呗负债 | C35: =IFERROR(IF('5月'!C35-SUMIF('6月'!$V$30:$V$216,'6月'!$B35,'6月'!$U$30:$U$216)+SUMIF('6月'!$L$30:$L$75,'6月'!$B35,'6月'!$K$30:$K$75)-SUMIF('6月'!$J$85:$J$99,'6月'!$B35,'6月'!$K$85:$K$99)+SUMIF('6月'!$L$85:$L$99,'6月'!$B35,'6月'!$N$85:$N$99)=0,0,'5月'!C35-SUMIF('6月'!$V$30:$V$216,'6月'!$B35,'6月'!$U$30:$U$216)+SUMIF('6月'!$L$30:$L$75,'6月'!$B35,'6月'!$K$30:$K$75)-SUMIF('6月'!$J$85:$J$99,'6月'!$B35,'6月'!$K$85:$K$99)+SUMIF('6月'!$L$85:$L$99,'6月'!$B35,'6月'!$N$85:$N$99)),0) -> -1 | M35: =IFERROR(VLOOKUP(L35,年度数据总览!$B$34:$C$51,2,FALSE),"") | W35: =IFERROR(VLOOKUP(V35,年度数据总览!$B$34:$C$51,2,FALSE),"")
B36: =IF(AND(年度数据总览!B40<>0),年度数据总览!B40,"") | C36: =IFERROR(IF('5月'!C36-SUMIF('6月'!$V$30:$V$216,'6月'!$B36,'6月'!$U$30:$U$216)+SUMIF('6月'!$L$30:$L$75,'6月'!$B36,'6月'!$K$30:$K$75)-SUMIF('6月'!$J$85:$J$99,'6月'!$B36,'6月'!$K$85:$K$99)+SUMIF('6月'!$L$85:$L$99,'6月'!$B36,'6月'!$N$85:$N$99)=0,0,'5月'!C36-SUMIF('6月'!$V$30:$V$216,'6月'!$B36,'6月'!$U$30:$U$216)+SUMIF('6月'!$L$30:$L$75,'6月'!$B36,'6月'!$K$30:$K$75)-SUMIF('6月'!$J$85:$J$99,'6月'!$B36,'6月'!$K$85:$K$99)+SUMIF('6月'!$L$85:$L$99,'6月'!$B36,'6月'!$N$85:$N$99)),0) -> 0 | M36: =IFERROR(VLOOKUP(L36,年度数据总览!$B$34:$C$51,2,FALSE),"") | W36: =IFERROR(VLOOKUP(V36,年度数据总览!$B$34:$C$51,2,FALSE),"")
B37: =IF(AND(年度数据总览!B41<>0),年度数据总览!B41,"") | C37: =IFERROR(IF('5月'!C37-SUMIF('6月'!$V$30:$V$216,'6月'!$B37,'6月'!$U$30:$U$216)+SUMIF('6月'!$L$30:$L$75,'6月'!$B37,'6月'!$K$30:$K$75)-SUMIF('6月'!$J$85:$J$99,'6月'!$B37,'6月'!$K$85:$K$99)+SUMIF('6月'!$L$85:$L$99,'6月'!$B37,'6月'!$N$85:$N$99)=0,0,'5月'!C37-SUMIF('6月'!$V$30:$V$216,'6月'!$B37,'6月'!$U$30:$U$216)+SUMIF('6月'!$L$30:$L$75,'6月'!$B37,'6月'!$K$30:$K$75)-SUMIF('6月'!$J$85:$J$99,'6月'!$B37,'6月'!$K$85:$K$99)+SUMIF('6月'!$L$85:$L$99,'6月'!$B37,'6月'!$N$85:$N$99)),0) -> 0 | M37: =IFERROR(VLOOKUP(L37,年度数据总览!$B$34:$C$51,2,FALSE),"") | W37: =IFERROR(VLOOKUP(V37,年度数据总览!$B$34:$C$51,2,FALSE),"")
B38: =IF(AND(年度数据总览!B42<>0),年度数据总览!B42,"") | C38: =IFERROR(IF('5月'!C38-SUMIF('6月'!$V$30:$V$216,'6月'!$B38,'6月'!$U$30:$U$216)+SUMIF('6月'!$L$30:$L$75,'6月'!$B38,'6月'!$K$30:$K$75)-SUMIF('6月'!$J$85:$J$99,'6月'!$B38,'6月'!$K$85:$K$99)+SUMIF('6月'!$L$85:$L$99,'6月'!$B38,'6月'!$N$85:$N$99)=0,0,'5月'!C38-SUMIF('6月'!$V$30:$V$216,'6月'!$B38,'6月'!$U$30:$U$216)+SUMIF('6月'!$L$30:$L$75,'6月'!$B38,'6月'!$K$30:$K$75)-SUMIF('6月'!$J$85:$J$99,'6月'!$B38,'6月'!$K$85:$K$99)+SUMIF('6月'!$L$85:$L$99,'6月'!$B38,'6月'!$N$85:$N$99)),0) -> 0 | M38: =IFERROR(VLOOKUP(L38,年度数据总览!$B$34:$C$51,2,FALSE),"") | W38: =IFERROR(VLOOKUP(V38,年度数据总览!$B$34:$C$51,2,FALSE),"")
B39: =IF(AND(年度数据总览!B43<>0),年度数据总览!B43,"") | C39: =IFERROR(IF('5月'!C39-SUMIF('6月'!$V$30:$V$216,'6月'!$B39,'6月'!$U$30:$U$216)+SUMIF('6月'!$L$30:$L$75,'6月'!$B39,'6月'!$K$30:$K$75)-SUMIF('6月'!$J$85:$J$99,'6月'!$B39,'6月'!$K$85:$K$99)+SUMIF('6月'!$L$85:$L$99,'6月'!$B39,'6月'!$N$85:$N$99)=0,0,'5月'!C39-SUMIF('6月'!$V$30:$V$216,'6月'!$B39,'6月'!$U$30:$U$216)+SUMIF('6月'!$L$30:$L$75,'6月'!$B39,'6月'!$K$30:$K$75)-SUMIF('6月'!$J$85:$J$99,'6月'!$B39,'6月'!$K$85:$K$99)+SUMIF('6月'!$L$85:$L$99,'6月'!$B39,'6月'!$N$85:$N$99)),0) -> 0 | M39: =IFERROR(VLOOKUP(L39,年度数据总览!$B$34:$C$51,2,FALSE),"") | W39: =IFERROR(VLOOKUP(V39,年度数据总览!$B$34:$C$51,2,FALSE),"")
B40: =IF(AND(年度数据总览!B44<>0),年度数据总览!B44,"") | C40: =IFERROR(IF('5月'!C40-SUMIF('6月'!$V$30:$V$216,'6月'!$B40,'6月'!$U$30:$U$216)+SUMIF('6月'!$L$30:$L$75,'6月'!$B40,'6月'!$K$30:$K$75)-SUMIF('6月'!$J$85:$J$99,'6月'!$B40,'6月'!$K$85:$K$99)+SUMIF('6月'!$L$85:$L$99,'6月'!$B40,'6月'!$N$85:$N$99)=0,0,'5月'!C40-SUMIF('6月'!$V$30:$V$216,'6月'!$B40,'6月'!$U$30:$U$216)+SUMIF('6月'!$L$30:$L$75,'6月'!$B40,'6月'!$K$30:$K$75)-SUMIF('6月'!$J$85:$J$99,'6月'!$B40,'6月'!$K$85:$K$99)+SUMIF('6月'!$L$85:$L$99,'6月'!$B40,'6月'!$N$85:$N$99)),0) -> 0 | M40: =IFERROR(VLOOKUP(L40,年度数据总览!$B$34:$C$51,2,FALSE),"") | W40: =IFERROR(VLOOKUP(V40,年度数据总览!$B$34:$C$51,2,FALSE),"")
B41: =IF(AND(年度数据总览!B45<>0),年度数据总览!B45,"") | C41: =IFERROR(IF('5月'!C41-SUMIF('6月'!$V$30:$V$216,'6月'!$B41,'6月'!$U$30:$U$216)+SUMIF('6月'!$L$30:$L$75,'6月'!$B41,'6月'!$K$30:$K$75)-SUMIF('6月'!$J$85:$J$99,'6月'!$B41,'6月'!$K$85:$K$99)+SUMIF('6月'!$L$85:$L$99,'6月'!$B41,'6月'!$N$85:$N$99)=0,0,'5月'!C41-SUMIF('6月'!$V$30:$V$216,'6月'!$B41,'6月'!$U$30:$U$216)+SUMIF('6月'!$L$30:$L$75,'6月'!$B41,'6月'!$K$30:$K$75)-SUMIF('6月'!$J$85:$J$99,'6月'!$B41,'6月'!$K$85:$K$99)+SUMIF('6月'!$L$85:$L$99,'6月'!$B41,'6月'!$N$85:$N$99)),0) -> 0 | M41: =IFERROR(VLOOKUP(L41,年度数据总览!$B$34:$C$51,2,FALSE),"") | W41: =IFERROR(VLOOKUP(V41,年度数据总览!$B$34:$C$51,2,FALSE),"")
